Workbook
Name PI: #REF!
Name UCFPI: #REF!

Sheet Cumulative Budget
A2: (Unhide Columns R-AH for Cost Share Budget) | O2: Cost Share Budget
G3: College | H3: Cred Split | I3: TITLE: | J3: =+'PI Budget'!F4:R5 -> #VALUE! | U3: Cred Split | V3: IDC Spilt | W3: TITLE:
A4: PI NAME: | B4: =+'PI Budget'!B5:E5 -> 0 | O4: PI NAME:
A5: CO-PI #1 NAME: | B5: =+'PI Budget'!B6:E6 -> 0 | I5: SPONSOR: | O5: CO-PI #1 NAME: | W5: SPONSOR:
A6: CO-PI #2 NAME: | B6: =+'PI Budget'!B7:E7 -> 0 | I6: POP: | J6: =+'PI Budget'!#REF! -> #REF! | K6: to | L6: =+'PI Budget'!R7 -> 0
A7: CO-PI #3 NAME: | B7: =+'PI Budget'!B8:E8 -> 0
A8: CO-PI #4 NAME: | B8: =+'PI Budget'!B9:E9 -> 0 | I8: MAX BUDGET: | K8: YEARS:
A9: CO-PI #5 NAME: | B9: =+'PI Budget'!B10:E10 -> 0 | I9: LIMITATIONS: | O9: CO-PI #2 NAME: | W9: POP:
A11: SPONSOR BUDGET | O11: SPONSOR BUDGET
A14: Personnel | B14: Effort % | C14: Months | D14: Fall | E14: Spr | F14: Sum | G14: Year 1 | H14: Year 2 | I14: Year 3 | J14: Year 4 | K14: Year 5 | L14: Total | O14: Personnel | P14: Effort % | Q14: Months | R14: Fall | S14: Spr | T14: Sum | U14: Year 1 | V14: Year 2 | W14: Year 3 | X14: Year 4 | Y14: Year 5 | Z14: Total | AB14: Salary | AC14: Contract | AD14: Monthly
A15: =+B4 -> 0 | B15: =+'PI Budget'!B16+'College 2'!B15+'College 3'!B15+'College 4'!B15+'College 5'!B15 -> 0 | C15: =+'PI Budget'!C16+'College 2'!C15+'College 3'!C15+'College 4'!C15+'College 5'!C15 -> 0 | D15: =+'PI Budget'!D16+'College 2'!D15+'College 3'!D15+'College 4'!D15+'College 5'!D15 -> 0 | E15: =+'PI Budget'!E16+'College 2'!E15+'College 3'!E15+'College 4'!E15+'College 5'!E15 -> 0 | F15: =+'PI Budget'!F16+'College 2'!F15+'College 3'!F15+'College 4'!F15+'College 5'!F15 -> 0 | G15: =+'PI Budget'!G16+'College 2'!G15+'College 3'!G15+'College 4'!G15+'College 5'!G15 -> 0 | H15: =+'PI Budget'!I16+'College 2'!H15+'College 3'!H15+'College 4'!H15+'College 5'!H15 -> 0 | I15: =+'PI Budget'!K16+'College 2'!I15+'College 3'!I15+'College 4'!I15+'College 5'!I15 -> 0 | J15: =+'PI Budget'!M16+'College 2'!J15+'College 3'!J15+'College 4'!J15+'College 5'!J15 -> 0 | K15: =+'PI Budget'!O16+'College 2'!K15+'College 3'!K15+'College 4'!K15+'College 5'!K15 -> 0 | L15: =SUM(G15:K15) -> 0 | O15: =+P4 -> 0 | P15: =+Q15/AC15 -> 0 | Q15: =+T15+S15+R15 -> 0 | R15: 0 | U15: =+Q15*AD15 -> 0 | V15: =+U15*1.03 -> 0 | W15: =+V15*1.03 -> 0 | X15: =+W15*1.03 -> 0 | Y15: =+X15*1.03 -> 0 | Z15: =SUM(U15:Y15) -> 0 | AB15: 10000 | AC15: 9 | AD15: =+AB15/AC15 -> 1111.1111
A16: =+B5 -> 0 | B16: =+'PI Budget'!B17+'College 2'!B16+'College 3'!B16+'College 4'!B16+'College 5'!B16 -> 0 | C16: =+'PI Budget'!C17+'College 2'!C16+'College 3'!C16+'College 4'!C16+'College 5'!C16 -> 0 | D16: =+'PI Budget'!D17+'College 2'!D16+'College 3'!D16+'College 4'!D16+'College 5'!D16 -> 0 | E16: =+'PI Budget'!E17+'College 2'!E16+'College 3'!E16+'College 4'!E16+'College 5'!E16 -> 0 | F16: =+'PI Budget'!F17+'College 2'!F16+'College 3'!F16+'College 4'!F16+'College 5'!F16 -> 0 | G16: =+'PI Budget'!G17+'College 2'!G16+'College 3'!G16+'College 4'!G16+'College 5'!G16 -> 0 | H16: =+'PI Budget'!I17+'College 2'!H16+'College 3'!H16+'College 4'!H16+'College 5'!H16 -> 0 | I16: =+'PI Budget'!K17+'College 2'!I16+'College 3'!I16+'College 4'!I16+'College 5'!I16 -> 0 | J16: =+'PI Budget'!M17+'College 2'!J16+'College 3'!J16+'College 4'!J16+'College 5'!J16 -> 0 | K16: =+'PI Budget'!O17+'College 2'!K16+'College 3'!K16+'College 4'!K16+'College 5'!K16 -> 0 | L16: =SUM(G16:K16) -> 0 | O16: =+P5 -> 0 | P16: =+Q16/AC16 -> 0 | Q16: =+T16+S16+R16 -> 0 | U16: =+Q16*AD16 -> 0 | V16: =+U16*1.03 -> 0 | W16: =+V16*1.03 -> 0 | X16: =+W16*1.03 -> 0 | Y16: =+X16*1.03 -> 0 | Z16: =SUM(U16:Y16) -> 0 | AB16: 0 | AC16: 9 | AD16: =+AB16/AC16 -> 0
A17: =+B6 -> 0 | B17: =+'PI Budget'!B18+'College 2'!B17+'College 3'!B17+'College 4'!B17+'College 5'!B17 -> 0 | C17: =+'PI Budget'!C18+'College 2'!C17+'College 3'!C17+'College 4'!C17+'College 5'!C17 -> 0 | D17: =+'PI Budget'!D18+'College 2'!D17+'College 3'!D17+'College 4'!D17+'College 5'!D17 -> 0 | E17: =+'PI Budget'!E18+'College 2'!E17+'College 3'!E17+'College 4'!E17+'College 5'!E17 -> 0 | F17: =+'PI Budget'!F18+'College 2'!F17+'College 3'!F17+'College 4'!F17+'College 5'!F17 -> 0 | G17: =+'PI Budget'!G18+'College 2'!G17+'College 3'!G17+'College 4'!G17+'College 5'!G17 -> 0 | H17: =+'PI Budget'!I18+'College 2'!H17+'College 3'!H17+'College 4'!H17+'College 5'!H17 -> 0 | I17: =+'PI Budget'!K18+'College 2'!I17+'College 3'!I17+'College 4'!I17+'College 5'!I17 -> 0 | J17: =+'PI Budget'!M18+'College 2'!J17+'College 3'!J17+'College 4'!J17+'College 5'!J17 -> 0 | K17: =+'PI Budget'!O18+'College 2'!K17+'College 3'!K17+'College 4'!K17+'College 5'!K17 -> 0 | L17: =SUM(G17:K17) -> 0 | O17: =+P9 -> 0 | P17: =+Q17/AC17 -> 0 | Q17: =+T17+S17+R17 -> 0 | U17: =+Q17*AD17 -> 0 | V17: =+U17*1.03 -> 0 | W17: =+V17*1.03 -> 0 | X17: =+W17*1.03 -> 0 | Y17: =+X17*1.03 -> 0 | Z17: =SUM(U17:Y17) -> 0 | AB17: 0 | AC17: 9 | AD17: =+AB17/AC17 -> 0
A18: =+B7 -> 0 | B18: =+'PI Budget'!B19+'College 2'!B18+'College 3'!B18+'College 4'!B18+'College 5'!B18 -> 0 | C18: =+'PI Budget'!C19+'College 2'!C18+'College 3'!C18+'College 4'!C18+'College 5'!C18 -> 0 | D18: =+'PI Budget'!D19+'College 2'!D18+'College 3'!D18+'College 4'!D18+'College 5'!D18 -> 0 | E18: =+'PI Budget'!E19+'College 2'!E18+'College 3'!E18+'College 4'!E18+'College 5'!E18 -> 0 | F18: =+'PI Budget'!F19+'College 2'!F18+'College 3'!F18+'College 4'!F18+'College 5'!F18 -> 0 | G18: =+'PI Budget'!G19+'College 2'!G18+'College 3'!G18+'College 4'!G18+'College 5'!G18 -> 0 | H18: =+'PI Budget'!I19+'College 2'!H18+'College 3'!H18+'College 4'!H18+'College 5'!H18 -> 0 | I18: =+'PI Budget'!K19+'College 2'!I18+'College 3'!I18+'College 4'!I18+'College 5'!I18 -> 0 | J18: =+'PI Budget'!M19+'College 2'!J18+'College 3'!J18+'College 4'!J18+'College 5'!J18 -> 0 | K18: =+'PI Budget'!O19+'College 2'!K18+'College 3'!K18+'College 4'!K18+'College 5'!K18 -> 0 | L18: =SUM(G18:K18) -> 0 | P18: =+Q18/AC18 -> 0 | Q18: =+T18+S18+R18 -> 0 | U18: =+Q18*AD18 -> 0 | V18: =+U18*1.03 -> 0 | W18: =+V18*1.03 -> 0 | X18: =+W18*1.03 -> 0 | Y18: =+X18*1.03 -> 0 | Z18: =SUM(U18:Y18) -> 0 | AB18: 0 | AC18: 9 | AD18: =+AB18/AC18 -> 0
A19: =+B8 -> 0 | B19: =+'PI Budget'!B20+'College 2'!B19+'College 3'!B19+'College 4'!B19+'College 5'!B19 -> 0 | C19: =+'PI Budget'!C20+'College 2'!C19+'College 3'!C19+'College 4'!C19+'College 5'!C19 -> 0 | D19: =+'PI Budget'!D20+'College 2'!D19+'College 3'!D19+'College 4'!D19+'College 5'!D19 -> 0 | E19: =+'PI Budget'!E20+'College 2'!E19+'College 3'!E19+'College 4'!E19+'College 5'!E19 -> 0 | F19: =+'PI Budget'!F20+'College 2'!F19+'College 3'!F19+'College 4'!F19+'College 5'!F19 -> 0 | G19: =+'PI Budget'!G20+'College 2'!G19+'College 3'!G19+'College 4'!G19+'College 5'!G19 -> 0 | H19: =+'PI Budget'!I20+'College 2'!H19+'College 3'!H19+'College 4'!H19+'College 5'!H19 -> 0 | I19: =+'PI Budget'!K20+'College 2'!I19+'College 3'!I19+'College 4'!I19+'College 5'!I19 -> 0 | J19: =+'PI Budget'!M20+'College 2'!J19+'College 3'!J19+'College 4'!J19+'College 5'!J19 -> 0 | K19: =+'PI Budget'!O20+'College 2'!K19+'College 3'!K19+'College 4'!K19+'College 5'!K19 -> 0 | L19: =SUM(G19:K19) -> 0 | P19: =+Q19/AC19 -> 0 | Q19: =+T19+S19+R19 -> 0 | U19: =+Q19*AD19 -> 0 | V19: =+U19*1.03 -> 0 | W19: =+V19*1.03 -> 0 | X19: =+W19*1.03 -> 0 | Y19: =+X19*1.03 -> 0 | Z19: =SUM(U19:Y19) -> 0 | AB19: 0 | AC19: 9 | AD19: =+AB19/AC19 -> 0
A20: =+B9 -> 0 | B20: =+'PI Budget'!B21+'College 2'!B20+'College 3'!B20+'College 4'!B20+'College 5'!B20 -> 0 | C20: =+'PI Budget'!C21+'College 2'!C20+'College 3'!C20+'College 4'!C20+'College 5'!C20 -> 0 | D20: =+'PI Budget'!D21+'College 2'!D20+'College 3'!D20+'College 4'!D20+'College 5'!D20 -> 0 | E20: =+'PI Budget'!E21+'College 2'!E20+'College 3'!E20+'College 4'!E20+'College 5'!E20 -> 0 | F20: =+'PI Budget'!F21+'College 2'!F20+'College 3'!F20+'College 4'!F20+'College 5'!F20 -> 0 | G20: =+'PI Budget'!G21+'College 2'!G20+'College 3'!G20+'College 4'!G20+'College 5'!G20 -> 0 | H20: =+'PI Budget'!I21+'College 2'!H20+'College 3'!H20+'College 4'!H20+'College 5'!H20 -> 0 | I20: =+'PI Budget'!K21+'College 2'!I20+'College 3'!I20+'College 4'!I20+'College 5'!I20 -> 0 | J20: =+'PI Budget'!M21+'College 2'!J20+'College 3'!J20+'College 4'!J20+'College 5'!J20 -> 0 | K20: =+'PI Budget'!O21+'College 2'!K20+'College 3'!K20+'College 4'!K20+'College 5'!K20 -> 0 | L20: =SUM(G20:K20) -> 0 | P20: =+Q20/AC20 -> 0 | Q20: =+T20+S20+R20 -> 0 | U20: =+Q20*AD20 -> 0 | V20: =+U20*1.03 -> 0 | W20: =+V20*1.03 -> 0 | X20: =+W20*1.03 -> 0 | Y20: =+X20*1.03 -> 0 | Z20: =SUM(U20:Y20) -> 0 | AB20: 0 | AC20: 9 | AD20: =+AB20/AC20 -> 0
A21: =+'PI Budget'!A23 -> A&P | B21: =+'PI Budget'!B23+'College 2'!B21+'College 3'!B21+'College 4'!B21+'College 5'!B21 -> 0 | C21: =+'PI Budget'!C23+'College 2'!C21+'College 3'!C21+'College 4'!C21+'College 5'!C21 -> 0 | G21: =+'PI Budget'!G23+'College 2'!G21+'College 3'!G21+'College 4'!G21+'College 5'!G21 -> 0 | H21: =+'PI Budget'!I23+'College 2'!H21+'College 3'!H21+'College 4'!H21+'College 5'!H21 -> 0 | I21: =+'PI Budget'!K23+'College 2'!I21+'College 3'!I21+'College 4'!I21+'College 5'!I21 -> 0 | J21: =+'PI Budget'!M23+'College 2'!J21+'College 3'!J21+'College 4'!J21+'College 5'!J21 -> 0 | K21: =+'PI Budget'!O23+'College 2'!K21+'College 3'!K21+'College 4'!K21+'College 5'!K21 -> 0 | L21: =SUM(G21:K21) -> 0
A22: =+'PI Budget'!A24 -> A&P | B22: =+'PI Budget'!B24+'College 2'!B22+'College 3'!B22+'College 4'!B22+'College 5'!B22 -> 0 | C22: =+'PI Budget'!C24+'College 2'!C22+'College 3'!C22+'College 4'!C22+'College 5'!C22 -> 0 | G22: =+'PI Budget'!G24+'College 2'!G22+'College 3'!G22+'College 4'!G22+'College 5'!G22 -> 0 | H22: =+'PI Budget'!I24+'College 2'!H22+'College 3'!H22+'College 4'!H22+'College 5'!H22 -> 0 | I22: =+'PI Budget'!K24+'College 2'!I22+'College 3'!I22+'College 4'!I22+'College 5'!I22 -> 0 | J22: =+'PI Budget'!M24+'College 2'!J22+'College 3'!J22+'College 4'!J22+'College 5'!J22 -> 0 | K22: =+'PI Budget'!O24+'College 2'!K22+'College 3'!K22+'College 4'!K22+'College 5'!K22 -> 0 | L22: =SUM(G22:K22) -> 0
A23: =+'PI Budget'!A25 -> A&P | B23: =+'PI Budget'!B25+'College 2'!B23+'College 3'!B23+'College 4'!B23+'College 5'!B23 -> 0 | C23: =+'PI Budget'!C25+'College 2'!C23+'College 3'!C23+'College 4'!C23+'College 5'!C23 -> 0 | G23: =+'PI Budget'!G25+'College 2'!G23+'College 3'!G23+'College 4'!G23+'College 5'!G23 -> 0 | H23: =+'PI Budget'!I25+'College 2'!H23+'College 3'!H23+'College 4'!H23+'College 5'!H23 -> 0 | I23: =+'PI Budget'!K25+'College 2'!I23+'College 3'!I23+'College 4'!I23+'College 5'!I23 -> 0 | J23: =+'PI Budget'!M25+'College 2'!J23+'College 3'!J23+'College 4'!J23+'College 5'!J23 -> 0 | K23: =+'PI Budget'!O25+'College 2'!K23+'College 3'!K23+'College 4'!K23+'College 5'!K23 -> 0 | L23: =SUM(G23:K23) -> 0 | O23: A&P | P23: =+Q23/AC23 -> 0 | Q23: =+R23+S23+T23 -> 0 | U23: 0 | V23: =+U23*1.03 -> 0 | W23: =+V23*1.03 -> 0 | X23: =+W23*1.03 -> 0 | Y23: =+X23*1.03 -> 0 | Z23: =SUM(U23:Y23) -> 0 | AB23: 0 | AC23: 12 | AD23: =+AB23/AC23 -> 0
A24: =+'PI Budget'!A26 -> USPS | B24: =+'PI Budget'!B26+'College 2'!B24+'College 3'!B24+'College 4'!B24+'College 5'!B24 -> 0 | C24: =+'PI Budget'!C26+'College 2'!C24+'College 3'!C24+'College 4'!C24+'College 5'!C24 -> 0 | G24: =+'PI Budget'!G26+'College 2'!G24+'College 3'!G24+'College 4'!G24+'College 5'!G24 -> 0 | H24: =+'PI Budget'!I26+'College 2'!H24+'College 3'!H24+'College 4'!H24+'College 5'!H24 -> 0 | I24: =+'PI Budget'!K26+'College 2'!I24+'College 3'!I24+'College 4'!I24+'College 5'!I24 -> 0 | J24: =+'PI Budget'!M26+'College 2'!J24+'College 3'!J24+'College 4'!J24+'College 5'!J24 -> 0 | K24: =+'PI Budget'!O26+'College 2'!K24+'College 3'!K24+'College 4'!K24+'College 5'!K24 -> 0 | L24: =SUM(G24:K24) -> 0 | O24: USPS | P24: =+Q24/AC24 -> 0 | Q24: =+R24+S24+T24 -> 0 | U24: 0 | V24: =+U24*1.03 -> 0 | W24: =+V24*1.03 -> 0 | X24: =+W24*1.03 -> 0 | Y24: =+X24*1.03 -> 0 | Z24: =SUM(U24:Y24) -> 0 | AB24: 0 | AC24: 12 | AD24: =+AB24/AC24 -> 0
A25: =+'PI Budget'!A27 -> Post Doc | B25: =+'PI Budget'!B27+'College 2'!B25+'College 3'!B25+'College 4'!B25+'College 5'!B25 -> 0 | C25: =+'PI Budget'!C27+'College 2'!C25+'College 3'!C25+'College 4'!C25+'College 5'!C25 -> 0 | G25: =+'PI Budget'!G27+'College 2'!G25+'College 3'!G25+'College 4'!G25+'College 5'!G25 -> 0 | H25: =+'PI Budget'!I27+'College 2'!H25+'College 3'!H25+'College 4'!H25+'College 5'!H25 -> 0 | I25: =+'PI Budget'!K27+'College 2'!I25+'College 3'!I25+'College 4'!I25+'College 5'!I25 -> 0 | J25: =+'PI Budget'!M27+'College 2'!J25+'College 3'!J25+'College 4'!J25+'College 5'!J25 -> 0 | K25: =+'PI Budget'!O27+'College 2'!K25+'College 3'!K25+'College 4'!K25+'College 5'!K25 -> 0 | L25: =SUM(G25:K25) -> 0 | O25: Post Doc | P25: =+Q25/AC25 -> 0 | Q25: =+R25+S25+T25 -> 0 | U25: 0 | V25: =+U25*1.03 -> 0 | W25: =+V25*1.03 -> 0 | X25: =+W25*1.03 -> 0 | Y25: =+X25*1.03 -> 0 | Z25: =SUM(U25:Y25) -> 0 | AB25: 0 | AC25: 12 | AD25: =+AB25/AC25 -> 0
A26: =+'PI Budget'!A28 -> OPS | B26: =+'PI Budget'!B28+'College 2'!B26+'College 3'!B26+'College 4'!B26+'College 5'!B26 -> 0 | C26: =+'PI Budget'!C28+'College 2'!C26+'College 3'!C26+'College 4'!C26+'College 5'!C26 -> 0 | G26: =+'PI Budget'!G28+'College 2'!G26+'College 3'!G26+'College 4'!G26+'College 5'!G26 -> 0 | H26: =+'PI Budget'!I28+'College 2'!H26+'College 3'!H26+'College 4'!H26+'College 5'!H26 -> 0 | I26: =+'PI Budget'!K28+'College 2'!I26+'College 3'!I26+'College 4'!I26+'College 5'!I26 -> 0 | J26: =+'PI Budget'!M28+'College 2'!J26+'College 3'!J26+'College 4'!J26+'College 5'!J26 -> 0 | K26: =+'PI Budget'!O28+'College 2'!K26+'College 3'!K26+'College 4'!K26+'College 5'!K26 -> 0 | L26: =SUM(G26:K26) -> 0
A27: =+'PI Budget'!A29 -> OPS | B27: =+'PI Budget'!B29+'College 2'!B27+'College 3'!B27+'College 4'!B27+'College 5'!B27 -> 0 | C27: =+'PI Budget'!C29+'College 2'!C27+'College 3'!C27+'College 4'!C27+'College 5'!C27 -> 0 | G27: =+'PI Budget'!G29+'College 2'!G27+'College 3'!G27+'College 4'!G27+'College 5'!G27 -> 0 | H27: =+'PI Budget'!I29+'College 2'!H27+'College 3'!H27+'College 4'!H27+'College 5'!H27 -> 0 | I27: =+'PI Budget'!K29+'College 2'!I27+'College 3'!I27+'College 4'!I27+'College 5'!I27 -> 0 | J27: =+'PI Budget'!M29+'College 2'!J27+'College 3'!J27+'College 4'!J27+'College 5'!J27 -> 0 | K27: =+'PI Budget'!O29+'College 2'!K27+'College 3'!K27+'College 4'!K27+'College 5'!K27 -> 0 | L27: =SUM(G27:K27) -> 0
A28: =+'PI Budget'!A30 -> OPS | B28: =+'PI Budget'!B30+'College 2'!B28+'College 3'!B28+'College 4'!B28+'College 5'!B28 -> 0 | C28: =+'PI Budget'!C30+'College 2'!C28+'College 3'!C28+'College 4'!C28+'College 5'!C28 -> 0 | G28: =+'PI Budget'!G30+'College 2'!G28+'College 3'!G28+'College 4'!G28+'College 5'!G28 -> 0 | H28: =+'PI Budget'!I30+'College 2'!H28+'College 3'!H28+'College 4'!H28+'College 5'!H28 -> 0 | I28: =+'PI Budget'!K30+'College 2'!I28+'College 3'!I28+'College 4'!I28+'College 5'!I28 -> 0 | J28: =+'PI Budget'!M30+'College 2'!J28+'College 3'!J28+'College 4'!J28+'College 5'!J28 -> 0 | K28: =+'PI Budget'!O30+'College 2'!K28+'College 3'!K28+'College 4'!K28+'College 5'!K28 -> 0 | L28: =SUM(G28:K28) -> 0
A29: =+'PI Budget'!A31 -> OPS | B29: =+'PI Budget'!B31+'College 2'!B29+'College 3'!B29+'College 4'!B29+'College 5'!B29 -> 0 | C29: =+'PI Budget'!C31+'College 2'!C29+'College 3'!C29+'College 4'!C29+'College 5'!C29 -> 0 | G29: =+'PI Budget'!G31+'College 2'!G29+'College 3'!G29+'College 4'!G29+'College 5'!G29 -> 0 | H29: =+'PI Budget'!I31+'College 2'!H29+'College 3'!H29+'College 4'!H29+'College 5'!H29 -> 0 | I29: =+'PI Budget'!K31+'College 2'!I29+'College 3'!I29+'College 4'!I29+'College 5'!I29 -> 0 | J29: =+'PI Budget'!M31+'College 2'!J29+'College 3'!J29+'College 4'!J29+'College 5'!J29 -> 0 | K29: =+'PI Budget'!O31+'College 2'!K29+'College 3'!K29+'College 4'!K29+'College 5'!K29 -> 0 | L29: =SUM(G29:K29) -> 0
A30: =+'PI Budget'!A32 -> OPS | B30: =+'PI Budget'!B32+'College 2'!B30+'College 3'!B30+'College 4'!B30+'College 5'!B30 -> 0 | C30: =+'PI Budget'!C32+'College 2'!C30+'College 3'!C30+'College 4'!C30+'College 5'!C30 -> 0 | G30: =+'PI Budget'!G32+'College 2'!G30+'College 3'!G30+'College 4'!G30+'College 5'!G30 -> 0 | H30: =+'PI Budget'!I32+'College 2'!H30+'College 3'!H30+'College 4'!H30+'College 5'!H30 -> 0 | I30: =+'PI Budget'!K32+'College 2'!I30+'College 3'!I30+'College 4'!I30+'College 5'!I30 -> 0 | J30: =+'PI Budget'!M32+'College 2'!J30+'College 3'!J30+'College 4'!J30+'College 5'!J30 -> 0 | K30: =+'PI Budget'!O32+'College 2'!K30+'College 3'!K30+'College 4'!K30+'College 5'!K30 -> 0 | L30: =SUM(G30:K30) -> 0
A31: =+'PI Budget'!A33 -> OPS | B31: =+'PI Budget'!B33+'College 2'!B31+'College 3'!B31+'College 4'!B31+'College 5'!B31 -> 0 | C31: =+'PI Budget'!C33+'College 2'!C31+'College 3'!C31+'College 4'!C31+'College 5'!C31 -> 0 | G31: =+'PI Budget'!G33+'College 2'!G31+'College 3'!G31+'College 4'!G31+'College 5'!G31 -> 0 | H31: =+'PI Budget'!I33+'College 2'!H31+'College 3'!H31+'College 4'!H31+'College 5'!H31 -> 0 | I31: =+'PI Budget'!K33+'College 2'!I31+'College 3'!I31+'College 4'!I31+'College 5'!I31 -> 0 | J31: =+'PI Budget'!M33+'College 2'!J31+'College 3'!J31+'College 4'!J31+'College 5'!J31 -> 0 | K31: =+'PI Budget'!O33+'College 2'!K31+'College 3'!K31+'College 4'!K31+'College 5'!K31 -> 0 | L31: =SUM(G31:K31) -> 0 | O31: OPS | P31: =+Q31/AC31 -> 0 | Q31: =+R31+S31+T31 -> 0 | U31: 0 | V31: =+U31*1.03 -> 0 | W31: =+V31*1.03 -> 0 | X31: =+W31*1.03 -> 0 | Y31: =+X31*1.03 -> 0 | Z31: =SUM(U31:Y31) -> 0 | AB31: 0 | AC31: 12 | AD31: =+AB31/AC31 -> 0
A32: =+'PI Budget'!A34 -> Undergraduate Students | B32: =+'PI Budget'!B34+'College 2'!B32+'College 3'!B32+'College 4'!B32+'College 5'!B32 -> 0 | C32: =+'PI Budget'!C34+'College 2'!C32+'College 3'!C32+'College 4'!C32+'College 5'!C32 -> 0 | G32: =+'PI Budget'!G34+'College 2'!G32+'College 3'!G32+'College 4'!G32+'College 5'!G32 -> 0 | H32: =+'PI Budget'!I34+'College 2'!H32+'College 3'!H32+'College 4'!H32+'College 5'!H32 -> 0 | I32: =+'PI Budget'!K34+'College 2'!I32+'College 3'!I32+'College 4'!I32+'College 5'!I32 -> 0 | J32: =+'PI Budget'!M34+'College 2'!J32+'College 3'!J32+'College 4'!J32+'College 5'!J32 -> 0 | K32: =+'PI Budget'!O34+'College 2'!K32+'College 3'!K32+'College 4'!K32+'College 5'!K32 -> 0 | L32: =SUM(G32:K32) -> 0 | O32: Undergraduate Students | P32: =+Q32/AC32 -> 0 | Q32: =+R32+S32+T32 -> 0 | U32: 0 | V32: =+U32*1.03 -> 0 | W32: =+V32*1.03 -> 0 | X32: =+W32*1.03 -> 0 | Y32: =+X32*1.03 -> 0 | Z32: =SUM(U32:Y32) -> 0 | AB32: =10.05*1044 -> 10492.2 | AC32: 12 | AD32: =+AB32/AC32 -> 874.35
A33: =+'PI Budget'!A36 -> Grad Research Asst | B33: =+'PI Budget'!B36+'College 2'!B33+'College 3'!B33+'College 4'!B33+'College 5'!B33 -> 0 | C33: =+'PI Budget'!C36+'College 2'!C33+'College 3'!C33+'College 4'!C33+'College 5'!C33 -> 0 | G33: =+'PI Budget'!G36+'College 2'!G33+'College 3'!G33+'College 4'!G33+'College 5'!G33 -> 0 | H33: =+'PI Budget'!I36+'College 2'!H33+'College 3'!H33+'College 4'!H33+'College 5'!H33 -> 0 | I33: =+'PI Budget'!K36+'College 2'!I33+'College 3'!I33+'College 4'!I33+'College 5'!I33 -> 0 | J33: =+'PI Budget'!M36+'College 2'!J33+'College 3'!J33+'College 4'!J33+'College 5'!J33 -> 0 | K33: =+'PI Budget'!O36+'College 2'!K33+'College 3'!K33+'College 4'!K33+'College 5'!K33 -> 0 | L33: =SUM(G33:K33) -> 0 | O33: Graduate Students | P33: =+Q33/AC33 -> 0 | Q33: =+R33+S33+T33 -> 0 | U33: 0 | V33: =+U33*1.03 -> 0 | W33: =+V33*1.03 -> 0 | X33: =+W33*1.03 -> 0 | Y33: =+X33*1.03 -> 0 | Z33: =SUM(U33:Y33) -> 0 | AB33: 18500 | AC33: 12 | AD33: =+AB33/AC33 -> 1541.6667
A34: Subtotal Salaries | G34: =SUM(G15:G33) -> 0 | H34: =SUM(H15:H33) -> 0 | I34: =SUM(I15:I33) -> 0 | J34: =SUM(J15:J33) -> 0 | K34: =SUM(K15:K33) -> 0 | L34: =SUM(G34:K34) -> 0 | O34: Subtotal Salaries | U34: =SUM(U15:U33) -> 0 | V34: =SUM(V15:V33) -> 0 | W34: =SUM(W15:W33) -> 0 | X34: =SUM(X15:X33) -> 0 | Y34: =SUM(Y15:Y33) -> 0 | Z34: =SUM(U34:Y34) -> 0
A36: Fringe Benefits | O36: Fringe Benefits
A37: Faculty | C37: 0.31 | G37: =+'PI Budget'!G40+'College 2'!G37+'College 3'!G37+'College 4'!G37+'College 5'!G37 -> 0 | H37: =+'PI Budget'!I40+'College 2'!H37+'College 3'!H37+'College 4'!H37+'College 5'!H37 -> 0 | I37: =+'PI Budget'!K40+'College 2'!I37+'College 3'!I37+'College 4'!I37+'College 5'!I37 -> 0 | J37: =+'PI Budget'!M40+'College 2'!J37+'College 3'!J37+'College 4'!J37+'College 5'!J37 -> 0 | K37: =+'PI Budget'!O40+'College 2'!K37+'College 3'!K37+'College 4'!K37+'College 5'!K37 -> 0 | L37: =SUM(G37:K37) -> 0 | O37: Faculty | Q37: 0.28 | U37: =SUM(U15:U20)*$C$37 -> 0 | V37: =SUM(V15:V20)*$C$37 -> 0 | W37: =SUM(W15:W20)*$C$37 -> 0 | X37: =SUM(X15:X20)*$C$37 -> 0 | Y37: =SUM(Y15:Y20)*$C$37 -> 0 | Z37: =SUM(U37:Y37) -> 0
A38: A&P | C38: 0.39 | G38: =+'PI Budget'!G41+'College 2'!G38+'College 3'!G38+'College 4'!G38+'College 5'!G38 -> 0 | H38: =+'PI Budget'!I41+'College 2'!H38+'College 3'!H38+'College 4'!H38+'College 5'!H38 -> 0 | I38: =+'PI Budget'!K41+'College 2'!I38+'College 3'!I38+'College 4'!I38+'College 5'!I38 -> 0 | J38: =+'PI Budget'!M41+'College 2'!J38+'College 3'!J38+'College 4'!J38+'College 5'!J38 -> 0 | K38: =+'PI Budget'!O41+'College 2'!K38+'College 3'!K38+'College 4'!K38+'College 5'!K38 -> 0 | L38: =SUM(G38:K38) -> 0 | O38: A&P | Q38: 0.37 | U38: =(U23)*$C$38 -> 0 | V38: =(V23)*$C$38 -> 0 | W38: =(W23)*$C$38 -> 0 | X38: =(X23)*$C$38 -> 0 | Y38: =(Y23)*$C$38 -> 0 | Z38: =SUM(U38:Y38) -> 0
A39: USPS | C39: 0.52 | G39: =+'PI Budget'!G42+'College 2'!G39+'College 3'!G39+'College 4'!G39+'College 5'!G39 -> 0 | H39: =+'PI Budget'!I42+'College 2'!H39+'College 3'!H39+'College 4'!H39+'College 5'!H39 -> 0 | I39: =+'PI Budget'!K42+'College 2'!I39+'College 3'!I39+'College 4'!I39+'College 5'!I39 -> 0 | J39: =+'PI Budget'!M42+'College 2'!J39+'College 3'!J39+'College 4'!J39+'College 5'!J39 -> 0 | K39: =+'PI Budget'!O42+'College 2'!K39+'College 3'!K39+'College 4'!K39+'College 5'!K39 -> 0 | L39: =SUM(G39:K39) -> 0 | O39: USPS | Q39: 0.5 | U39: =(U24)*$C$39 -> 0 | V39: =(V24)*$C$39 -> 0 | W39: =(W24)*$C$39 -> 0 | X39: =(X24)*$C$39 -> 0 | Y39: =(Y24)*$C$39 -> 0 | Z39: =SUM(U39:Y39) -> 0
A40: Post Doc | C40: 0.23 | G40: =+'PI Budget'!G43+'College 2'!G40+'College 3'!G40+'College 4'!G40+'College 5'!G40 -> 0 | H40: =+'PI Budget'!I43+'College 2'!H40+'College 3'!H40+'College 4'!H40+'College 5'!H40 -> 0 | I40: =+'PI Budget'!K43+'College 2'!I40+'College 3'!I40+'College 4'!I40+'College 5'!I40 -> 0 | J40: =+'PI Budget'!M43+'College 2'!J40+'College 3'!J40+'College 4'!J40+'College 5'!J40 -> 0 | K40: =+'PI Budget'!O43+'College 2'!K40+'College 3'!K40+'College 4'!K40+'College 5'!K40 -> 0 | L40: =SUM(G40:K40) -> 0 | O40: Post Doc | Q40: 0.22 | U40: =+U25*$C$40 -> 0 | V40: =+V25*$C$40 -> 0 | W40: =+W25*$C$40 -> 0 | X40: =+X25*$C$40 -> 0 | Y40: =+Y25*$C$40 -> 0 | Z40: =SUM(U40:Y40) -> 0
A41: OPS | C41: 0.14 | G41: =+'PI Budget'!G44+'College 2'!G41+'College 3'!G41+'College 4'!G41+'College 5'!G41 -> 0 | H41: =+'PI Budget'!I44+'College 2'!H41+'College 3'!H41+'College 4'!H41+'College 5'!H41 -> 0 | I41: =+'PI Budget'!K44+'College 2'!I41+'College 3'!I41+'College 4'!I41+'College 5'!I41 -> 0 | J41: =+'PI Budget'!M44+'College 2'!J41+'College 3'!J41+'College 4'!J41+'College 5'!J41 -> 0 | K41: =+'PI Budget'!O44+'College 2'!K41+'College 3'!K41+'College 4'!K41+'College 5'!K41 -> 0 | L41: =SUM(G41:K41) -> 0 | O41: OPS | Q41: 0.12 | U41: =+U31*$C$41 -> 0 | V41: =+V31*$C$41 -> 0 | W41: =+W31*$C$41 -> 0 | X41: =+X31*$C$41 -> 0 | Y41: =+Y31*$C$41 -> 0 | Z41: =SUM(U41:Y41) -> 0
A42: Undergrad/Grad Students | C42: 0.02 | G42: =+'PI Budget'!G45+'College 2'!G42+'College 3'!G42+'College 4'!G42+'College 5'!G42 -> 0 | H42: =+'PI Budget'!I45+'College 2'!H42+'College 3'!H42+'College 4'!H42+'College 5'!H42 -> 0 | I42: =+'PI Budget'!K45+'College 2'!I42+'College 3'!I42+'College 4'!I42+'College 5'!I42 -> 0 | J42: =+'PI Budget'!M45+'College 2'!J42+'College 3'!J42+'College 4'!J42+'College 5'!J42 -> 0 | K42: =+'PI Budget'!O45+'College 2'!K42+'College 3'!K42+'College 4'!K42+'College 5'!K42 -> 0 | L42: =SUM(G42:K42) -> 0 | O42: Undergrad/Grad Students | Q42: 0.02 | U42: =SUM(U32:U33)*$C$42 -> 0 | V42: =SUM(V32:V33)*$C$42 -> 0 | W42: =SUM(W32:W33)*$C$42 -> 0 | X42: =SUM(X32:X33)*$C$42 -> 0 | Y42: =SUM(Y32:Y33)*$C$42 -> 0 | Z42: =SUM(U42:Y42) -> 0
A43: Subtotal Fringe Benefits | G43: =SUM(G37:G42) -> 0 | H43: =SUM(H37:H42) -> 0 | I43: =SUM(I37:I42) -> 0 | J43: =SUM(J37:J42) -> 0 | K43: =SUM(K37:K42) -> 0 | L43: =SUM(G43:K43) -> 0 | O43: Subtotal Fringe Benefits | U43: =SUM(U37:U42) -> 0 | V43: =SUM(V37:V42) -> 0 | W43: =SUM(W37:W42) -> 0 | X43: =SUM(X37:X42) -> 0 | Y43: =SUM(Y37:Y42) -> 0 | Z43: =SUM(U43:Y43) -> 0
A45: Travel | O45: Travel | AB45: # Travelers | AC45: Days | AD45: # Trips
A46: =+'PI Budget'!A51 -> Conference Travel | G46: =+'PI Budget'!G51+'College 2'!G46+'College 3'!G46+'College 4'!G46+'College 5'!G46 -> 0 | H46: =+'PI Budget'!I51+'College 2'!H46+'College 3'!H46+'College 4'!H46+'College 5'!H46 -> 0 | I46: =+'PI Budget'!K51+'College 2'!I46+'College 3'!I46+'College 4'!I46+'College 5'!I46 -> 0 | J46: =+'PI Budget'!M51+'College 2'!J46+'College 3'!J46+'College 4'!J46+'College 5'!J46 -> 0 | K46: =+'PI Budget'!O51+'College 2'!K46+'College 3'!K46+'College 4'!K46+'College 5'!K46 -> 0 | L46: =SUM(G46:K46) -> 0 | O46: Conference Travel | U46: =+PersonnelTravelTuitionWorksheet!Z73+PersonnelTravelTuitionWorksheet!Z60+PersonnelTravelTuitionWorksheet!Z47 -> 0 | V46: =+U46*1.05 -> 0 | W46: =+V46*1.05 -> 0 | X46: =+W46*1.05 -> 0 | Y46: =+X46*1.05 -> 0 | Z46: =SUM(U46:Y46) -> 0
A47: =+'PI Budget'!A52 -> Project Travel | G47: =+'PI Budget'!G52+'College 2'!G47+'College 3'!G47+'College 4'!G47+'College 5'!G47 -> 0 | H47: =+'PI Budget'!I52+'College 2'!H47+'College 3'!H47+'College 4'!H47+'College 5'!H47 -> 0 | I47: =+'PI Budget'!K52+'College 2'!I47+'College 3'!I47+'College 4'!I47+'College 5'!I47 -> 0 | J47: =+'PI Budget'!M52+'College 2'!J47+'College 3'!J47+'College 4'!J47+'College 5'!J47 -> 0 | K47: =+'PI Budget'!O52+'College 2'!K47+'College 3'!K47+'College 4'!K47+'College 5'!K47 -> 0 | L47: =SUM(G47:K47) -> 0 | O47: Local Travel | U47: 0 | V47: =+U47*1.05 -> 0 | W47: =+V47*1.05 -> 0 | X47: =+W47*1.05 -> 0 | Y47: =+X47*1.05 -> 0 | Z47: =SUM(U47:Y47) -> 0
A48: Subtotal Travel | G48: =SUM(G46:G47) -> 0 | H48: =SUM(H46:H47) -> 0 | I48: =SUM(I46:I47) -> 0 | J48: =SUM(J46:J47) -> 0 | K48: =SUM(K46:K47) -> 0 | L48: =SUM(G48:K48) -> 0 | O48: Subtotal Travel | U48: =SUM(U46:U47) -> 0 | V48: =SUM(V46:V47) -> 0 | W48: =SUM(W46:W47) -> 0 | X48: =SUM(X46:X47) -> 0 | Y48: =SUM(Y46:Y47) -> 0 | Z48: =SUM(U48:Y48) -> 0
A50: Supplies | O50: Supplies
A51: =+'PI Budget'!A56 -> Supplies | G51: =+'PI Budget'!G56+'College 2'!G51+'College 3'!G51+'College 4'!G51+'College 5'!G51 -> 0 | H51: =+'PI Budget'!I56+'College 2'!H51+'College 3'!H51+'College 4'!H51+'College 5'!H51 -> 0 | I51: =+'PI Budget'!K56+'College 2'!I51+'College 3'!I51+'College 4'!I51+'College 5'!I51 -> 0 | J51: =+'PI Budget'!M56+'College 2'!J51+'College 3'!J51+'College 4'!J51+'College 5'!J51 -> 0 | K51: =+'PI Budget'!O56+'College 2'!K51+'College 3'!K51+'College 4'!K51+'College 5'!K51 -> 0 | L51: =SUM(G51:K51) -> 0 | O51: TBD | U51: 0 | V51: 0 | W51: 0 | X51: 0 | Y51: 0 | Z51: =SUM(U51:Y51) -> 0
A52: =+'PI Budget'!A57 -> TBD | G52: =+'PI Budget'!G57+'College 2'!G52+'College 3'!G52+'College 4'!G52+'College 5'!G52 -> 0 | H52: =+'PI Budget'!I57+'College 2'!H52+'College 3'!H52+'College 4'!H52+'College 5'!H52 -> 0 | I52: =+'PI Budget'!K57+'College 2'!I52+'College 3'!I52+'College 4'!I52+'College 5'!I52 -> 0 | J52: =+'PI Budget'!M57+'College 2'!J52+'College 3'!J52+'College 4'!J52+'College 5'!J52 -> 0 | K52: =+'PI Budget'!O57+'College 2'!K52+'College 3'!K52+'College 4'!K52+'College 5'!K52 -> 0 | L52: =SUM(G52:K52) -> 0 | O52: TBD | U52: 0 | V52: 0 | W52: 0 | X52: 0 | Y52: 0 | Z52: =SUM(U52:Y52) -> 0
A53: =+'PI Budget'!#REF! -> #REF! | G53: =+'PI Budget'!#REF!+'College 2'!G54+'College 3'!G54+'College 4'!G54+'College 5'!G54 -> #REF! | H53: =+'PI Budget'!#REF!+'College 2'!H54+'College 3'!H54+'College 4'!H54+'College 5'!H54 -> #REF! | I53: =+'PI Budget'!#REF!+'College 2'!I54+'College 3'!I54+'College 4'!I54+'College 5'!I54 -> #REF! | J53: =+'PI Budget'!#REF!+'College 2'!J54+'College 3'!J54+'College 4'!J54+'College 5'!J54 -> #REF! | K53: =+'PI Budget'!#REF!+'College 2'!K54+'College 3'!K54+'College 4'!K54+'College 5'!K54 -> #REF! | L53: =SUM(G53:K53) -> #REF!
A54: =+'PI Budget'!#REF! -> #REF! | G54: =+'PI Budget'!#REF!+'College 2'!G54+'College 3'!G54+'College 4'!G54+'College 5'!G54 -> #REF! | H54: =+'PI Budget'!#REF!+'College 2'!H54+'College 3'!H54+'College 4'!H54+'College 5'!H54 -> #REF! | I54: =+'PI Budget'!#REF!+'College 2'!I54+'College 3'!I54+'College 4'!I54+'College 5'!I54 -> #REF! | J54: =+'PI Budget'!#REF!+'College 2'!J54+'College 3'!J54+'College 4'!J54+'College 5'!J54 -> #REF! | K54: =+'PI Budget'!#REF!+'College 2'!K54+'College 3'!K54+'College 4'!K54+'College 5'!K54 -> #REF! | L54: =SUM(G54:K54) -> #REF! | O54: TBD | U54: 0 | V54: 0 | W54: 0 | X54: 0 | Y54: 0 | Z54: =SUM(U54:Y54) -> 0
A55: Subtotal Supplies | G55: =SUM(G51:G54) -> #REF! | H55: =SUM(H51:H54) -> #REF! | I55: =SUM(I51:I54) -> #REF! | J55: =SUM(J51:J54) -> #REF! | K55: =SUM(K51:K54) -> #REF! | L55: =SUM(G55:K55) -> #REF! | O55: Subtotal Supplies | U55: =SUM(U51:U54) -> 0 | V55: =SUM(V51:V54) -> 0 | W55: =SUM(W51:W54) -> 0 | X55: =SUM(X51:X54) -> 0 | Y55: =SUM(Y51:Y54) -> 0 | Z55: =SUM(U55:Y55) -> 0
A57: Contractual | O57: Contractual
A58: =+'PI Budget'!#REF! -> #REF! | G58: =+'PI Budget'!#REF!+'College 2'!G58+'College 3'!G58+'College 4'!G58+'College 5'!G58 -> #REF! | H58: =+'PI Budget'!#REF!+'College 2'!H58+'College 3'!H58+'College 4'!H58+'College 5'!H58 -> #REF! | I58: =+'PI Budget'!#REF!+'College 2'!I58+'College 3'!I58+'College 4'!I58+'College 5'!I58 -> #REF! | J58: =+'PI Budget'!#REF!+'College 2'!J58+'College 3'!J58+'College 4'!J58+'College 5'!J58 -> #REF! | K58: =+'PI Budget'!#REF!+'College 2'!K58+'College 3'!K58+'College 4'!K58+'College 5'!K58 -> #REF! | L58: =SUM(G58:K58) -> #REF! | O58: TBD Contract | U58: 0 | V58: 0 | W58: 0 | X58: 0 | Y58: 0 | Z58: =SUM(U58:Y58) -> 0
A59: =+'PI Budget'!#REF! -> #REF! | G59: =+'PI Budget'!#REF!+'College 2'!G59+'College 3'!G59+'College 4'!G59+'College 5'!G59 -> #REF! | H59: =+'PI Budget'!#REF!+'College 2'!H59+'College 3'!H59+'College 4'!H59+'College 5'!H59 -> #REF! | I59: =+'PI Budget'!#REF!+'College 2'!I59+'College 3'!I59+'College 4'!I59+'College 5'!I59 -> #REF! | J59: =+'PI Budget'!#REF!+'College 2'!J59+'College 3'!J59+'College 4'!J59+'College 5'!J59 -> #REF! | K59: =+'PI Budget'!#REF!+'College 2'!K59+'College 3'!K59+'College 4'!K59+'College 5'!K59 -> #REF! | L59: =SUM(G59:K59) -> #REF! | O59: TBD Contract | U59: 0 | V59: 0 | W59: 0 | X59: 0 | Y59: 0 | Z59: =SUM(U59:Y59) -> 0
A60: =+'PI Budget'!A62 -> TBD Contract | G60: =+'PI Budget'!G62+'College 2'!G60+'College 3'!G60+'College 4'!G60+'College 5'!G60 -> 0 | H60: =+'PI Budget'!I62+'College 2'!H60+'College 3'!H60+'College 4'!H60+'College 5'!H60 -> 0 | I60: =+'PI Budget'!K62+'College 2'!I60+'College 3'!I60+'College 4'!I60+'College 5'!I60 -> 0 | J60: =+'PI Budget'!M62+'College 2'!J60+'College 3'!J60+'College 4'!J60+'College 5'!J60 -> 0 | K60: =+'PI Budget'!O62+'College 2'!K60+'College 3'!K60+'College 4'!K60+'College 5'!K60 -> 0 | L60: =SUM(G60:K60) -> 0 | O60: TBD Contract | U60: 0 | V60: 0 | W60: 0 | X60: 0 | Y60: 0 | Z60: =SUM(U60:Y60) -> 0
A61: =+'PI Budget'!A63 -> TBD Contract | G61: =+'PI Budget'!G63+'College 2'!G61+'College 3'!G61+'College 4'!G61+'College 5'!G61 -> 0 | H61: =+'PI Budget'!I63+'College 2'!H61+'College 3'!H61+'College 4'!H61+'College 5'!H61 -> 0 | I61: =+'PI Budget'!K63+'College 2'!I61+'College 3'!I61+'College 4'!I61+'College 5'!I61 -> 0 | J61: =+'PI Budget'!M63+'College 2'!J61+'College 3'!J61+'College 4'!J61+'College 5'!J61 -> 0 | K61: =+'PI Budget'!O63+'College 2'!K61+'College 3'!K61+'College 4'!K61+'College 5'!K61 -> 0 | L61: =SUM(G61:K61) -> 0 | O61: TBD Contract | U61: 0 | V61: 0 | W61: 0 | X61: 0 | Y61: 0 | Z61: =SUM(U61:Y61) -> 0
A62: Subtotal Contractual | G62: =SUM(G58:G61) -> #REF! | H62: =SUM(H58:H61) -> #REF! | I62: =SUM(I58:I61) -> #REF! | J62: =SUM(J58:J61) -> #REF! | K62: =SUM(K58:K61) -> #REF! | L62: =SUM(G62:K62) -> #REF! | O62: Subtotal Contractual | U62: =SUM(U58:U61) -> 0 | V62: =SUM(V58:V61) -> 0 | W62: =SUM(W58:W61) -> 0 | X62: =SUM(X58:X61) -> 0 | Y62: =SUM(Y58:Y61) -> 0 | Z62: =SUM(U62:Y62) -> 0
A63: Contractual Base for IDC | G63: =+'PI Budget'!G65+'College 2'!G63+'College 3'!G63+'College 4'!G63+'College 5'!G63 -> 0 | H63: =+'PI Budget'!I65+'College 2'!H63+'College 3'!H63+'College 4'!H63+'College 5'!H63 -> 0 | I63: =+'PI Budget'!K65+'College 2'!I63+'College 3'!I63+'College 4'!I63+'College 5'!I63 -> 0 | J63: =+'PI Budget'!M65+'College 2'!J63+'College 3'!J63+'College 4'!J63+'College 5'!J63 -> 0 | K63: =+'PI Budget'!O65+'College 2'!K63+'College 3'!K63+'College 4'!K63+'College 5'!K63 -> 0 | L63: =SUM(G63:K63) -> 0 | O63: Contractual Base for IDC | U63: 0 | V63: 0 | W63: 0 | X63: 0 | Y63: 0 | Z63: =SUM(U63:Y63) -> 0
A65: Equipment | O65: Equipment
A66: =+'PI Budget'!A68 -> TBD Equipment | G66: =+'PI Budget'!G68+'College 2'!G66+'College 3'!G66+'College 4'!G66+'College 5'!G66 -> 0 | H66: =+'PI Budget'!I68+'College 2'!H66+'College 3'!H66+'College 4'!H66+'College 5'!H66 -> 0 | I66: =+'PI Budget'!K68+'College 2'!I66+'College 3'!I66+'College 4'!I66+'College 5'!I66 -> 0 | J66: =+'PI Budget'!M68+'College 2'!J66+'College 3'!J66+'College 4'!J66+'College 5'!J66 -> 0 | K66: =+'PI Budget'!O68+'College 2'!K66+'College 3'!K66+'College 4'!K66+'College 5'!K66 -> 0 | L66: =SUM(G66:K66) -> 0 | O66: TDB Equipment | U66: 0 | V66: 0 | W66: 0 | X66: 0 | Y66: 0 | Z66: =SUM(U66:Y66) -> 0
A67: =+'PI Budget'!A69 -> TBD Equipment | G67: =+'PI Budget'!G69+'College 2'!G67+'College 3'!G67+'College 4'!G67+'College 5'!G67 -> 0 | H67: =+'PI Budget'!I69+'College 2'!H67+'College 3'!H67+'College 4'!H67+'College 5'!H67 -> 0 | I67: =+'PI Budget'!K69+'College 2'!I67+'College 3'!I67+'College 4'!I67+'College 5'!I67 -> 0 | J67: =+'PI Budget'!M69+'College 2'!J67+'College 3'!J67+'College 4'!J67+'College 5'!J67 -> 0 | K67: =+'PI Budget'!O69+'College 2'!K67+'College 3'!K67+'College 4'!K67+'College 5'!K67 -> 0 | L67: =SUM(G67:K67) -> 0 | O67: TBD Equipment | U67: 0 | V67: 0 | W67: 0 | X67: 0 | Y67: 0 | Z67: =SUM(U67:Y67) -> 0
A68: =+'PI Budget'!A70 -> TBD Equipment | G68: =+'PI Budget'!G70+'College 2'!G68+'College 3'!G68+'College 4'!G68+'College 5'!G68 -> 0 | H68: =+'PI Budget'!I70+'College 2'!H68+'College 3'!H68+'College 4'!H68+'College 5'!H68 -> 0 | I68: =+'PI Budget'!K70+'College 2'!I68+'College 3'!I68+'College 4'!I68+'College 5'!I68 -> 0 | J68: =+'PI Budget'!M70+'College 2'!J68+'College 3'!J68+'College 4'!J68+'College 5'!J68 -> 0 | K68: =+'PI Budget'!O70+'College 2'!K68+'College 3'!K68+'College 4'!K68+'College 5'!K68 -> 0 | L68: =SUM(G68:K68) -> 0 | O68: TBD Equipment | U68: 0 | V68: 0 | W68: 0 | X68: 0 | Y68: 0 | Z68: =SUM(U68:Y68) -> 0
A69: Subtotal Equipment | G69: =SUM(G66:G68) -> 0 | H69: =SUM(H66:H68) -> 0 | I69: =SUM(I66:I68) -> 0 | J69: =SUM(J66:J68) -> 0 | K69: =SUM(K66:K68) -> 0 | L69: =SUM(G69:K69) -> 0 | O69: Subtotal Equipment | U69: =SUM(U66:U68) -> 0 | V69: =SUM(V66:V68) -> 0 | W69: =SUM(W66:W68) -> 0 | X69: =SUM(X66:X68) -> 0 | Y69: =SUM(Y66:Y68) -> 0 | Z69: =SUM(U69:Y69) -> 0
A71: Other | O71: Other
A72: =+'PI Budget'!A74 -> TBD | G72: =+'PI Budget'!G74+'College 2'!G72+'College 3'!G72+'College 4'!G72+'College 5'!G72 -> 0 | H72: =+'PI Budget'!I74+'College 2'!H72+'College 3'!H72+'College 4'!H72+'College 5'!H72 -> 0 | I72: =+'PI Budget'!K74+'College 2'!I72+'College 3'!I72+'College 4'!I72+'College 5'!I72 -> 0 | J72: =+'PI Budget'!M74+'College 2'!J72+'College 3'!J72+'College 4'!J72+'College 5'!J72 -> 0 | K72: =+'PI Budget'!O74+'College 2'!K72+'College 3'!K72+'College 4'!K72+'College 5'!K72 -> 0 | L72: =SUM(G72:K72) -> 0 | O72: TBD | U72: 0 | V72: 0 | W72: 0 | X72: 0 | Y72: 0 | Z72: =SUM(U72:Y72) -> 0
A73: =+'PI Budget'!A75 -> TBD | G73: =+'PI Budget'!G75+'College 2'!G73+'College 3'!G73+'College 4'!G73+'College 5'!G73 -> 0 | H73: =+'PI Budget'!I75+'College 2'!H73+'College 3'!H73+'College 4'!H73+'College 5'!H73 -> 0 | I73: =+'PI Budget'!K75+'College 2'!I73+'College 3'!I73+'College 4'!I73+'College 5'!I73 -> 0 | J73: =+'PI Budget'!M75+'College 2'!J73+'College 3'!J73+'College 4'!J73+'College 5'!J73 -> 0 | K73: =+'PI Budget'!O75+'College 2'!K73+'College 3'!K73+'College 4'!K73+'College 5'!K73 -> 0 | L73: =SUM(G73:K73) -> 0 | O73: TBD | U73: 0 | V73: 0 | W73: 0 | X73: 0 | Y73: 0 | Z73: =SUM(U73:Y73) -> 0
A74: =+'PI Budget'!A76 -> TBD | G74: =+'PI Budget'!G76+'College 2'!G74+'College 3'!G74+'College 4'!G74+'College 5'!G74 -> 0 | H74: =+'PI Budget'!I76+'College 2'!H74+'College 3'!H74+'College 4'!H74+'College 5'!H74 -> 0 | I74: =+'PI Budget'!K76+'College 2'!I74+'College 3'!I74+'College 4'!I74+'College 5'!I74 -> 0 | J74: =+'PI Budget'!M76+'College 2'!J74+'College 3'!J74+'College 4'!J74+'College 5'!J74 -> 0 | K74: =+'PI Budget'!O76+'College 2'!K74+'College 3'!K74+'College 4'!K74+'College 5'!K74 -> 0 | L74: =SUM(G74:K74) -> 0 | O74: TBD | U74: 0 | V74: 0 | W74: 0 | X74: 0 | Y74: 0 | Z74: =SUM(U74:Y74) -> 0
A75: =+'PI Budget'!A77 -> TBD | G75: =+'PI Budget'!G77+'College 2'!G75+'College 3'!G75+'College 4'!G75+'College 5'!G75 -> 0 | H75: =+'PI Budget'!I77+'College 2'!H75+'College 3'!H75+'College 4'!H75+'College 5'!H75 -> 0 | I75: =+'PI Budget'!K77+'College 2'!I75+'College 3'!I75+'College 4'!I75+'College 5'!I75 -> 0 | J75: =+'PI Budget'!M77+'College 2'!J75+'College 3'!J75+'College 4'!J75+'College 5'!J75 -> 0 | K75: =+'PI Budget'!O77+'College 2'!K75+'College 3'!K75+'College 4'!K75+'College 5'!K75 -> 0 | L75: =SUM(G75:K75) -> 0 | O75: TBD | U75: 0 | V75: 0 | W75: 0 | X75: 0 | Y75: 0 | Z75: =SUM(U75:Y75) -> 0
A76: =+'PI Budget'!A78 -> TBD | G76: =+'PI Budget'!G78+'College 2'!G76+'College 3'!G76+'College 4'!G76+'College 5'!G76 -> 0 | H76: =+'PI Budget'!I78+'College 2'!H76+'College 3'!H76+'College 4'!H76+'College 5'!H76 -> 0 | I76: =+'PI Budget'!K78+'College 2'!I76+'College 3'!I76+'College 4'!I76+'College 5'!I76 -> 0 | J76: =+'PI Budget'!M78+'College 2'!J76+'College 3'!J76+'College 4'!J76+'College 5'!J76 -> 0 | K76: =+'PI Budget'!O78+'College 2'!K76+'College 3'!K76+'College 4'!K76+'College 5'!K76 -> 0 | L76: =SUM(G76:K76) -> 0 | O76: TBD | U76: 0 | V76: 0 | W76: 0 | X76: 0 | Y76: 0 | Z76: =SUM(U76:Y76) -> 0
A77: TBD IDC Excluded | G77: =+'PI Budget'!G80+'College 2'!G77+'College 3'!G77+'College 4'!G77+'College 5'!G77 -> 0 | H77: =+'PI Budget'!I80+'College 2'!H77+'College 3'!H77+'College 4'!H77+'College 5'!H77 -> 0 | I77: =+'PI Budget'!K80+'College 2'!I77+'College 3'!I77+'College 4'!I77+'College 5'!I77 -> 0 | J77: =+'PI Budget'!M80+'College 2'!J77+'College 3'!J77+'College 4'!J77+'College 5'!J77 -> 0 | K77: =+'PI Budget'!O80+'College 2'!K77+'College 3'!K77+'College 4'!K77+'College 5'!K77 -> 0 | L77: =SUM(G77:K77) -> 0 | O77: TBD | U77: 0 | Z77: =SUM(U77:Y77) -> 0
A78: Tuition grad student(s) (5% Escalation) | D78: Enter # >>>>>> | F78: =+'PI Budget'!F81+'College 2'!F78+'College 3'!F78+'College 4'!F78+'College 5'!F78 -> 0 | G78: =+'PI Budget'!G81+'College 2'!G78+'College 3'!G78+'College 4'!G78+'College 5'!G78 -> 0 | H78: =+'PI Budget'!I81+'College 2'!H78+'College 3'!H78+'College 4'!H78+'College 5'!H78 -> 0 | I78: =+'PI Budget'!K81+'College 2'!I78+'College 3'!I78+'College 4'!I78+'College 5'!I78 -> 0 | J78: =+'PI Budget'!M81+'College 2'!J78+'College 3'!J78+'College 4'!J78+'College 5'!J78 -> 0 | K78: =+'PI Budget'!O81+'College 2'!K78+'College 3'!K78+'College 4'!K78+'College 5'!K78 -> 0 | L78: =SUM(G78:K78) -> 0 | O78: Tuition grad student(s) | R78: Enter # >>>>>> | T78: 0 | U78: =8870*T78 -> 0 | V78: =+U78*1.05 -> 0 | W78: =+V78*1.05 -> 0 | X78: =+W78*1.05 -> 0 | Y78: =+X78*1.05 -> 0 | Z78: =SUM(U78:Y78) -> 0
A79: Subtotal Other | G79: =SUM(G72:G78) -> 0 | H79: =SUM(H72:H78) -> 0 | I79: =SUM(I72:I78) -> 0 | J79: =SUM(J72:J78) -> 0 | K79: =SUM(K72:K78) -> 0 | L79: =SUM(G79:K79) -> 0 | O79: Subtotal Other | U79: =SUM(U72:U78) -> 0 | V79: =SUM(V72:V78) -> 0 | W79: =SUM(W72:W78) -> 0 | X79: =SUM(X72:X78) -> 0 | Y79: =SUM(Y72:Y78) -> 0 | Z79: =SUM(U79:Y79) -> 0
A81: Participant Support Costs | O81: Participant Support Costs
A82: =+'PI Budget'!A85 -> Stipends | G82: =+'PI Budget'!G85+'College 2'!G82+'College 3'!G82+'College 4'!G82+'College 5'!G82 -> 0 | H82: =+'PI Budget'!I85+'College 2'!H82+'College 3'!H82+'College 4'!H82+'College 5'!H82 -> 0 | I82: =+'PI Budget'!K85+'College 2'!I82+'College 3'!I82+'College 4'!I82+'College 5'!I82 -> 0 | J82: =+'PI Budget'!M85+'College 2'!J82+'College 3'!J82+'College 4'!J82+'College 5'!J82 -> 0 | K82: =+'PI Budget'!O85+'College 2'!K82+'College 3'!K82+'College 4'!K82+'College 5'!K82 -> 0 | L82: =SUM(G82:K82) -> 0 | O82: TBD | U82: 0 | V82: 0 | W82: 0 | X82: 0 | Y82: 0 | Z82: =SUM(U82:Y82) -> 0
A83: =+'PI Budget'!A87 -> TBD | G83: =+'PI Budget'!G87+'College 2'!G83+'College 3'!G83+'College 4'!G83+'College 5'!G83 -> 0 | H83: =+'PI Budget'!I87+'College 2'!H83+'College 3'!H83+'College 4'!H83+'College 5'!H83 -> 0 | I83: =+'PI Budget'!K87+'College 2'!I83+'College 3'!I83+'College 4'!I83+'College 5'!I83 -> 0 | J83: =+'PI Budget'!M87+'College 2'!J83+'College 3'!J83+'College 4'!J83+'College 5'!J83 -> 0 | K83: =+'PI Budget'!O87+'College 2'!K83+'College 3'!K83+'College 4'!K83+'College 5'!K83 -> 0 | L83: =SUM(G83:K83) -> 0 | O83: TBD | U83: 0 | V83: 0 | W83: 0 | X83: 0 | Y83: 0 | Z83: =SUM(U83:Y83) -> 0
A84: =+'PI Budget'!A88 -> TBD | G84: =+'PI Budget'!G88+'College 2'!G84+'College 3'!G84+'College 4'!G84+'College 5'!G84 -> 0 | H84: =+'PI Budget'!I88+'College 2'!H84+'College 3'!H84+'College 4'!H84+'College 5'!H84 -> 0 | I84: =+'PI Budget'!K88+'College 2'!I84+'College 3'!I84+'College 4'!I84+'College 5'!I84 -> 0 | J84: =+'PI Budget'!M88+'College 2'!J84+'College 3'!J84+'College 4'!J84+'College 5'!J84 -> 0 | K84: =+'PI Budget'!O88+'College 2'!K84+'College 3'!K84+'College 4'!K84+'College 5'!K84 -> 0 | L84: =SUM(G84:K84) -> 0 | O84: TBD | U84: 0 | V84: 0 | W84: 0 | X84: 0 | Y84: 0 | Z84: =SUM(U84:Y84) -> 0
A85: Subtotal Participant Support Costs | G85: =SUM(G82:G84) -> 0 | H85: =SUM(H82:H84) -> 0 | I85: =SUM(I82:I84) -> 0 | J85: =SUM(J82:J84) -> 0 | K85: =SUM(K82:K84) -> 0 | L85: =+K85+J85+I85+H85+G85 -> 0 | O85: Subtotal Participant Support Costs | U85: =SUM(U82:U84) -> 0 | V85: =SUM(V82:V84) -> 0 | W85: =SUM(W82:W84) -> 0 | X85: =SUM(X82:X84) -> 0 | Y85: =SUM(Y82:Y84) -> 0 | Z85: =+Y85+X85+W85+V85+U85 -> 0
A87: Direct Costs | G87: =+G85+G79+G69+G62+G55+G48+G43+G34 -> #REF! | H87: =+H85+H79+H69+H62+H55+H48+H43+H34 -> #REF! | I87: =+I85+I79+I69+I62+I55+I48+I43+I34 -> #REF! | J87: =+J85+J79+J69+J62+J55+J48+J43+J34 -> #REF! | K87: =+K85+K79+K69+K62+K55+K48+K43+K34 -> #REF! | L87: =SUM(G87:K87) -> #REF! | O87: Direct Costs | U87: =+U85+U79+U69+U62+U55+U48+U43+U34 -> 0 | V87: =+V85+V79+V69+V62+V55+V48+V43+V34 -> 0 | W87: =+W85+W79+W69+W62+W55+W48+W43+W34 -> 0 | X87: =+X85+X79+X69+X62+X55+X48+X43+X34 -> 0 | Y87: =+Y85+Y79+Y69+Y62+Y55+Y48+Y43+Y34 -> 0 | Z87: =SUM(U87:Y87) -> 0
A88: Modified Total Direct Costs | G88: =+G87-G85-G78-G62-G69+G63-G77 -> #REF! | H88: =+H87-H85-H78-H62-H69+H63-H77 -> #REF! | I88: =+I87-I85-I78-I62-I69+I63-I77 -> #REF! | J88: =+J87-J85-J78-J62-J69+J63-J77 -> #REF! | K88: =+K87-K85-K78-K62-K69+K63-K77 -> #REF! | L88: =SUM(G88:K88) -> #REF! | O88: Modified Total Direct Costs | U88: =+U87-U85-U78-U62-U69+U63-U77 -> 0 | V88: =+V87-V85-V78-V62-V69+V63-V77 -> 0 | W88: =+W87-W85-W78-W62-W69+W63-W77 -> 0 | X88: =+X87-X85-X78-X62-X69+X63-X77 -> 0 | Y88: =+Y87-Y85-Y78-Y62-Y69+Y63-Y77 -> 0 | Z88: =SUM(U88:Y88) -> 0
A89: F & A Costs | C89: =+'PI Budget'!C95 -> 0.535 | G89: =+ROUND(G88*$C$89,0) -> #REF! | H89: =+ROUND(H88*$C$89,0) -> #REF! | I89: =+ROUND(I88*$C$89,0) -> #REF! | J89: =+ROUND(J88*$C$89,0) -> #REF! | K89: =+ROUND(K88*$C$89,0) -> #REF! | L89: =SUM(G89:K89) -> #REF! | O89: F & A Costs | Q89: 0.49 | U89: =+U88*$C$89 -> 0 | V89: =+V88*$C$89 -> 0 | W89: =+W88*$C$89 -> 0 | X89: =+X88*$C$89 -> 0 | Y89: =+Y88*$C$89 -> 0 | Z89: =SUM(U89:Y89) -> 0
A90: Total PI Project Cost | G90: =+G89+G87 -> #REF! | H90: =+H89+H87 -> #REF! | I90: =+I89+I87 -> #REF! | J90: =+J89+J87 -> #REF! | K90: =+K89+K87 -> #REF! | L90: =SUM(G90:K90) -> #REF! | O90: Total PI Project Cost | U90: =+U89+U87 -> 0 | V90: =+V89+V87 -> 0 | W90: =+W89+W87 -> 0 | X90: =+X89+X87 -> 0 | Y90: =+Y89+Y87 -> 0 | Z90: =SUM(U90:Y90) -> 0
A96: % Participant Support/Total Budget | G96: =+G85/G90 -> #REF! | H96: =+H85/H90 -> #REF! | I96: =+I85/I90 -> #REF! | J96: =+J85/J90 -> #REF! | K96: =+K85/K90 -> #REF! | L96: =+L85/L90 -> #REF! | O96: % Participant Support/Total Budget | U96: =+U85/U90 -> #DIV/0! | V96: =+V85/V90 -> #DIV/0! | W96: =+W85/W90 -> #DIV/0! | X96: =+X85/X90 -> #DIV/0! | Y96: =+Y85/Y90 -> #DIV/0! | Z96: =+Z85/Z90 -> #DIV/0!
A98: Required Cost Share | B98: Enter %>> | G98: =+G90*$C$98 -> #REF! | H98: =+H90*$C$98 -> #REF! | I98: =+I90*$C$98 -> #REF! | J98: =+J90*$C$98 -> #REF! | K98: =+K90*$C$98 -> #REF! | L98: =+L90*$C$98 -> #REF! | O98: Required Cost Share | P98: Enter %>> | U98: =+U90*$C$98 -> 0 | V98: =+V90*$C$98 -> 0 | W98: =+W90*$C$98 -> 0 | X98: =+X90*$C$98 -> 0 | Y98: =+Y90*$C$98 -> 0 | Z98: =+Z90*$C$98 -> 0
A100: Estimated Cost Share | G100: =+U90 -> 0 | H100: =+V90 -> 0 | I100: =+W90 -> 0 | J100: =+X90 -> 0 | K100: =+Y90 -> 0 | L100: =+Z90 -> 0 | O100: Estimated Cost Share | U100: =+U90 -> 0 | V100: =+V90 -> 0 | W100: =+W90 -> 0 | X100: =+X90 -> 0 | Y100: =+Y90 -> 0 | Z100: =+Z90 -> 0
A102: Over/Under | G102: =+G100-G98 -> #REF! | H102: =+H100-H98 -> #REF! | I102: =+I100-I98 -> #REF! | J102: =+J100-J98 -> #REF! | K102: =+K100-K98 -> #REF! | L102: =+L100-L90 -> #REF! | O102: Over/Under | U102: =+U100-U98 -> 0 | V102: =+V100-V98 -> 0 | W102: =+W100-W98 -> 0 | X102: =+X100-X98 -> 0 | Y102: =+Y100-Y98 -> 0 | Z102: =+Z100-Z98 -> 0
A106: Budget Reconciliation Worksheet
A108: ITEM | G108: Year 1 | H108: Year 2 | I108: Year 3 | J108: Year 4 | K108: Year 5 | L108: Total
A109: Personnel | G109: =+'PI Budget'!G16+'PI Budget'!G17+'PI Budget'!G18+'PI Budget'!G19+'PI Budget'!G20+'PI Budget'!G21+'PI Budget'!G23+'PI Budget'!G24+'PI Budget'!G25+'PI Budget'!G26+'PI Budget'!G27+'PI Budget'!G34+'PI Budget'!G36 -> 0 | H109: =+'PI Budget'!I16+'PI Budget'!I17+'PI Budget'!I18+'PI Budget'!I19+'PI Budget'!I20+'PI Budget'!I21+'PI Budget'!I23+'PI Budget'!I24+'PI Budget'!I25+'PI Budget'!I26+'PI Budget'!I27+'PI Budget'!I34+'PI Budget'!I36 -> 0 | I109: =+'PI Budget'!K16+'PI Budget'!K17+'PI Budget'!K18+'PI Budget'!K19+'PI Budget'!K20+'PI Budget'!K21+'PI Budget'!K23+'PI Budget'!K24+'PI Budget'!K25+'PI Budget'!K26+'PI Budget'!K27+'PI Budget'!K34+'PI Budget'!K36 -> 0 | J109: =+'PI Budget'!M16+'PI Budget'!M17+'PI Budget'!M18+'PI Budget'!M19+'PI Budget'!M20+'PI Budget'!M21+'PI Budget'!M23+'PI Budget'!M24+'PI Budget'!M25+'PI Budget'!M26+'PI Budget'!M27+'PI Budget'!M34+'PI Budget'!M36 -> 0 | K109: =+'PI Budget'!O16+'PI Budget'!O17+'PI Budget'!O18+'PI Budget'!O19+'PI Budget'!O20+'PI Budget'!O21+'PI Budget'!O23+'PI Budget'!O24+'PI Budget'!O25+'PI Budget'!O26+'PI Budget'!O27+'PI Budget'!O34+'PI Budget'!O36 -> 0 | L109: =SUM(G109:K109) -> 0
A110: Other Personnel Services | G110: =+'PI Budget'!G28+'PI Budget'!G29+'PI Budget'!G30+'PI Budget'!G31+'PI Budget'!G32+'PI Budget'!G33 -> 0 | H110: =+'PI Budget'!I28+'PI Budget'!I29+'PI Budget'!I30+'PI Budget'!I31+'PI Budget'!I32+'PI Budget'!I33 -> 0 | I110: =+'PI Budget'!K28+'PI Budget'!K29+'PI Budget'!K30+'PI Budget'!K31+'PI Budget'!K32+'PI Budget'!K33 -> 0 | J110: =+'PI Budget'!M28+'PI Budget'!M29+'PI Budget'!M30+'PI Budget'!M31+'PI Budget'!M32+'PI Budget'!M33 -> 0 | K110: =+'PI Budget'!O28+'PI Budget'!O29+'PI Budget'!O30+'PI Budget'!O31+'PI Budget'!O32+'PI Budget'!O33 -> 0 | L110: =SUM(G110:K110) -> 0
A111: Fringe | G111: =+'PI Budget'!G46 -> 0 | H111: =+'PI Budget'!I46 -> 0 | I111: =+'PI Budget'!K46 -> 0 | J111: =+'PI Budget'!M46 -> 0 | K111: =+'PI Budget'!O46 -> 0 | L111: =SUM(G111:K111) -> 0
A112: Consulting | G112: =+'PI Budget'!G78 -> 0 | H112: =+'PI Budget'!I78 -> 0 | I112: =+'PI Budget'!K78 -> 0 | J112: =+'PI Budget'!M78 -> 0 | K112: =+'PI Budget'!O78 -> 0 | L112: =SUM(G112:K112) -> 0
A113: Equipment | G113: =+'PI Budget'!G71 -> 0 | H113: =+'PI Budget'!I71 -> 0 | I113: =+'PI Budget'!K71 -> 0 | J113: =+'PI Budget'!M71 -> 0 | K113: =+'PI Budget'!O71 -> 0 | L113: =SUM(G113:K113) -> 0
A114: Stipends | G114: =+'PI Budget'!G89 -> 0 | H114: =+'PI Budget'!I89 -> 0 | I114: =+'PI Budget'!K89 -> 0 | J114: =+'PI Budget'!M89 -> 0 | K114: =+'PI Budget'!O89 -> 0 | L114: =SUM(G114:K114) -> 0
A115: Subcontracts with F&A | G115: =+'PI Budget'!G65 -> 0 | H115: =+'PI Budget'!I65 -> 0 | I115: =+'PI Budget'!K65 -> 0 | J115: =+'PI Budget'!M65 -> 0 | K115: =+'PI Budget'!O65 -> 0 | L115: =SUM(G115:K115) -> 0
A116: Subcontracts without F&A | G116: =+'PI Budget'!G64-'PI Budget'!G65 -> 0 | H116: =+'PI Budget'!I64-'PI Budget'!I65 -> 0 | I116: =+'PI Budget'!K64-'PI Budget'!K65 -> 0 | J116: =+'PI Budget'!M64-'PI Budget'!M65 -> 0 | K116: =+'PI Budget'!O64-'PI Budget'!O65 -> 0 | L116: =SUM(G116:K116) -> 0
A117: Travel | G117: =+'PI Budget'!G53 -> 0 | H117: =+'PI Budget'!I53 -> 0 | I117: =+'PI Budget'!K53 -> 0 | J117: =+'PI Budget'!M53 -> 0 | K117: =+'PI Budget'!O53 -> 0 | L117: =SUM(G117:K117) -> 0
A118: Tuition | G118: =+'PI Budget'!G81 -> 0 | H118: =+'PI Budget'!I81 -> 0 | I118: =+'PI Budget'!K81 -> 0 | J118: =+'PI Budget'!M81 -> 0 | K118: =+'PI Budget'!O81 -> 0 | L118: =SUM(G118:K118) -> 0
A119: Other Direct Expenses with F&A | G119: =+'PI Budget'!G59+'PI Budget'!G74+'PI Budget'!G75+'PI Budget'!G76+'PI Budget'!G77 -> 0 | H119: =+'PI Budget'!I59+'PI Budget'!I74+'PI Budget'!I75+'PI Budget'!I76+'PI Budget'!I77 -> 0 | I119: =+'PI Budget'!K59+'PI Budget'!K74+'PI Budget'!K75+'PI Budget'!K76+'PI Budget'!K77 -> 0 | J119: =+'PI Budget'!M59+'PI Budget'!M74+'PI Budget'!M75+'PI Budget'!M76+'PI Budget'!M77 -> 0 | K119: =+'PI Budget'!O59+'PI Budget'!O74+'PI Budget'!O75+'PI Budget'!O76+'PI Budget'!O77 -> 0 | L119: =SUM(G119:K119) -> 0
A120: Other Diret Expenses without F&A | G120: =+'PI Budget'!G80 -> 0 | H120: =+'PI Budget'!I80 -> 0 | I120: =+'PI Budget'!K80 -> 0 | J120: =+'PI Budget'!M80 -> 0 | K120: =+'PI Budget'!O80 -> 0 | L120: =SUM(G120:K120) -> 0
A121: Facilities and Administration | G121: =+'PI Budget'!G95 -> 0 | H121: =+'PI Budget'!I95 -> 0 | I121: =+'PI Budget'!K95 -> 0 | J121: =+'PI Budget'!M95 -> 0 | K121: =+'PI Budget'!O95 -> 0 | L121: =SUM(G121:K121) -> 0
A122: Patient Care | G122: N/A | H122: N/A | I122: N/A | J122: N/A | K122: N/A | L122: =SUM(G122:K122) -> 0
A123: Total: | G123: =SUM(G109:G122) -> 0 | H123: =SUM(H109:H122) -> 0 | I123: =SUM(I109:I122) -> 0 | J123: =SUM(J109:J122) -> 0 | K123: =SUM(K109:K122) -> 0 | L123: =SUM(L109:L122) -> 0

Sheet PI Budget
A2: (Unhide Columns G-Q for associated fringe benefits for each year)
A4: FUNDING PROPOSAL ID: | F4: GRANT ID NUMBER:
A5: PI NAME: | F5: TITLE:
A6: CO-PI #1 NAME: | F6: SPONSOR:
A7: CO-PI #2 NAME: | F7: POP:
A8: CO-PI #3 NAME: | F8: MAX BUDGET:
A9: CO-PI #4 NAME: | F9: YEARS:
A10: CO-PI #5 NAME: | F10: LIMITATIONS:
A12: PI BUDGET
S14: 12-Mo. Salary | T14: 12-Mo. Effort
A15: Personnel | B15: Effort % | C15: Months | D15: Fall | E15: Spr | F15: Sum | G15: Year 1 | H15: Fringe Benefit | I15: Year 2 | J15: Fringe Benefit | K15: Year 3 | L15: Fringe Benefit | M15: Year 4 | N15: Fringe Benefit | O15: Year 5 | P15: Fringe Benefit | Q15: Total | V15: Salary | W15: Contract | X15: Monthly
A16: =+B5 -> 0 | B16: =+C16/W16 -> 0 | C16: =D16+E16+F16 -> 0 | F16: 0 | G16: =(ROUND(C16*X16,0)) -> 0 | H16: =+ROUND(G16*$C$40,0) -> 0 | I16: =+ROUND(G16*1.03,0) -> 0 | J16: =+ROUND(H16*1.03,0) -> 0 | K16: =+ROUND(I16*1.03,0) -> 0 | L16: =+ROUND(J16*1.03,0) -> 0 | M16: =+ROUND(K16*1.03,0) -> 0 | N16: =+ROUND(L16*1.03,0) -> 0 | O16: =+ROUND(M16*1.03,0) -> 0 | P16: =+ROUND(O16*$C$40,0) -> 0 | Q16: =+G16+I16+K16+M16+O16 -> 0 | S16: =+X16*12 -> 0 | T16: =+C16/12 -> 0 | V16: 0 | W16: 9 | X16: =+V16/W16 -> 0
A17: =+B6 -> 0 | B17: =+C17/W17 -> 0 | C17: =+F17+E17+D17 -> 0 | G17: =(ROUND(C17*X17,0)) -> 0 | H17: =+ROUND(G17*$C$40,0) -> 0 | I17: =+ROUND(G17*1.03,0) -> 0 | J17: =+ROUND(I17*$C$40,0) -> 0 | K17: =+ROUND(I17*1.03,0) -> 0 | L17: =+ROUND(K17*$C$40,0) -> 0 | M17: =+ROUND(K17*1.03,0) -> 0 | N17: =+ROUND(M17*$C$40,0) -> 0 | O17: =+ROUND(M17*1.03,0) -> 0 | P17: =+ROUND(O17*$C$40,0) -> 0 | Q17: =+G17+I17+K17+M17+O17 -> 0 | S17: =+X17*12 -> 0 | T17: =+C17/12 -> 0 | V17: 0 | W17: 9 | X17: =+ROUND(V17/W17,0) -> 0
A18: =+B7 -> 0 | B18: =+C18/W18 -> 0 | C18: =+F18+E18+D18 -> 0 | G18: =(ROUND(C18*X18,0)) -> 0 | H18: =+ROUND(G18*$C$40,0) -> 0 | I18: =+ROUND(G18*1.03,0) -> 0 | J18: =+ROUND(I18*$C$40,0) -> 0 | K18: =+ROUND(I18*1.03,0) -> 0 | L18: =+ROUND(K18*$C$40,0) -> 0 | M18: =+ROUND(K18*1.03,0) -> 0 | N18: =+ROUND(M18*$C$40,0) -> 0 | O18: =+ROUND(M18*1.03,0) -> 0 | P18: =+ROUND(O18*$C$40,0) -> 0 | Q18: =+G18+I18+K18+M18+O18 -> 0 | S18: =+X18*12 -> 0 | T18: =+C18/12 -> 0 | V18: 0 | W18: 9 | X18: =+ROUND(V18/W18,0) -> 0
A19: =+B8 -> 0 | B19: =+C19/W19 -> 0 | C19: =+F19+E19+D19 -> 0 | G19: =(ROUND(C19*X19,0)) -> 0 | H19: =+ROUND(G19*$C$40,0) -> 0 | I19: =+ROUND(G19*1.03,0) -> 0 | J19: =+ROUND(I19*$C$40,0) -> 0 | K19: =+ROUND(I19*1.03,0) -> 0 | L19: =+ROUND(K19*$C$40,0) -> 0 | M19: =+ROUND(K19*1.03,0) -> 0 | N19: =+ROUND(M19*$C$40,0) -> 0 | O19: =+ROUND(M19*1.03,0) -> 0 | P19: =+ROUND(O19*$C$40,0) -> 0 | Q19: =+G19+I19+K19+M19+O19 -> 0 | S19: =+X19*12 -> 0 | T19: =+C19/12 -> 0 | W19: 9 | X19: =+V19/W19 -> 0
A20: =+B9 -> 0 | B20: =+C20/W20 -> 0 | C20: =+F20+E20+D20 -> 0 | G20: =(ROUND(C20*X20,0)) -> 0 | H20: =+ROUND(G20*$C$40,0) -> 0 | I20: =+ROUND(G20*1.03,0) -> 0 | J20: =+ROUND(I20*$C$40,0) -> 0 | K20: =+ROUND(I20*1.03,0) -> 0 | L20: =+ROUND(K20*$C$40,0) -> 0 | M20: =+ROUND(K20*1.03,0) -> 0 | N20: =+ROUND(M20*$C$40,0) -> 0 | O20: =+ROUND(M20*1.03,0) -> 0 | P20: =+ROUND(O20*$C$40,0) -> 0 | Q20: =+G20+I20+K20+M20+O20 -> 0 | S20: =+X20*12 -> 0 | T20: =+C20/12 -> 0 | W20: 9 | X20: =+V20/W20 -> 0
A21: =+B10 -> 0 | B21: =+C21/W21 -> 0 | C21: =+F21+E21+D21 -> 0 | G21: =(ROUND(C21*X21,0)) -> 0 | H21: =+ROUND(G21*$C$40,0) -> 0 | I21: =+ROUND(G21*1.03,0) -> 0 | J21: =+ROUND(I21*$C$40,0) -> 0 | K21: =+ROUND(I21*1.03,0) -> 0 | L21: =+ROUND(K21*$C$40,0) -> 0 | M21: =+ROUND(K21*1.03,0) -> 0 | N21: =+ROUND(M21*$C$40,0) -> 0 | O21: =+ROUND(M21*1.03,0) -> 0 | P21: =+ROUND(O21*$C$40,0) -> 0 | Q21: =+G21+I21+K21+M21+O21 -> 0 | S21: =+X21*12 -> 0 | T21: =+C21/12 -> 0 | W21: 9 | X21: =+V21/W21 -> 0
B22: =+C22/W22 -> 0 | C22: =+F22+E22+D22 -> 0 | G22: =(ROUND(C22*X22,0)) -> 0 | H22: =+ROUND(G22*$C$40,0) -> 0 | I22: =+ROUND(G22*1.03,0) -> 0 | J22: =+ROUND(I22*$C$40,0) -> 0 | K22: =+ROUND(I22*1.03,0) -> 0 | L22: =+ROUND(K22*$C$40,0) -> 0 | M22: =+ROUND(K22*1.03,0) -> 0 | N22: =+ROUND(M22*$C$40,0) -> 0 | O22: =+ROUND(M22*1.03,0) -> 0 | P22: =+ROUND(O22*$C$40,0) -> 0 | Q22: =+G22+I22+K22+M22+O22 -> 0 | S22: =+X22*12 -> 0 | T22: =+C22/12 -> 0 | W22: 9 | X22: =+V22/W22 -> 0
A23: A&P | B23: =+C23/W23 -> 0 | C23: =+F23+E23+D23 -> 0 | G23: =(ROUND(V23/12*C23,0)) -> 0 | H23: =+ROUND(G23*$C$41,0) -> 0 | I23: =+ROUND(G23*1.03,0) -> 0 | J23: =+ROUND(I23*$C$41,0) -> 0 | K23: =+ROUND(I23*1.03,0) -> 0 | L23: =+ROUND(K23*$C$41,0) -> 0 | M23: =+ROUND(K23*1.03,0) -> 0 | N23: =+ROUND(M23*$C$41,0) -> 0 | O23: =+ROUND(M23*1.03,0) -> 0 | P23: =+ROUND(O23*$C$41,0) -> 0 | Q23: =+O23+M23+K23+I23+G23 -> 0 | S23: 0 | T23: 0 | W23: 12 | X23: =+V23/W23 -> 0
A24: A&P | B24: =+C24/W24 -> 0 | C24: =D24+E24+F24 -> 0 | G24: =(ROUND(V24/12*C24,0)) -> 0 | H24: =+ROUND(G24*$C$41,0) -> 0 | I24: =+ROUND(G24*1.03,0) -> 0 | J24: =+ROUND(I24*$C$41,0) -> 0 | K24: =+ROUND(I24*1.03,0) -> 0 | L24: =+ROUND(K24*$C$41,0) -> 0 | M24: =+ROUND(K24*1.03,0) -> 0 | N24: =+ROUND(M24*$C$41,0) -> 0 | O24: =+ROUND(M24*1.03,0) -> 0 | P24: =+ROUND(O24*$C$41,0) -> 0 | Q24: =+O24+M24+K24+I24+G24 -> 0 | S24: 0 | T24: 0 | W24: 12 | X24: =+V24/W24 -> 0
A25: A&P | B25: =+C25/W25 -> 0 | C25: =+D25+E25+F25 -> 0 | G25: =(ROUND(V25/12*C25,0)) -> 0 | H25: =+ROUND(G25*$C$41,0) -> 0 | I25: =+ROUND(G25*1.03,0) -> 0 | J25: =+ROUND(I25*$C$41,0) -> 0 | K25: =+ROUND(I25*1.03,0) -> 0 | L25: =+ROUND(K25*$C$41,0) -> 0 | M25: =+ROUND(K25*1.03,0) -> 0 | N25: =+ROUND(M25*$C$41,0) -> 0 | O25: =+ROUND(M25*1.03,0) -> 0 | P25: =+ROUND(O25*$C$41,0) -> 0 | Q25: =+O25+M25+K25+I25+G25 -> 0 | S25: 0 | T25: 0 | W25: 12 | X25: =+ROUND(V25/W25,0) -> 0
A26: USPS | B26: =+C26/W26 -> 0 | C26: =+D26+E26+F26 -> 0 | G26: =(ROUND(C26*X26,0)) -> 0 | H26: =+ROUND(G26*$C$42,0) -> 0 | I26: =+ROUND(G26*1.03,0) -> 0 | J26: =+ROUND(I26*$C$42,0) -> 0 | K26: =+ROUND(I26*1.03,0) -> 0 | L26: =+ROUND(K26*$C$42,0) -> 0 | M26: =+ROUND(K26*1.03,0) -> 0 | N26: =+ROUND(M26*$C$42,0) -> 0 | O26: =+ROUND(M26*1.03,0) -> 0 | P26: =+ROUND(O26*$C$42,0) -> 0 | Q26: =+O26+M26+K26+I26+G26 -> 0 | S26: 0 | T26: 0 | W26: 12 | X26: =+ROUND(V26/W26,0) -> 0
A27: Post Doc | B27: =+C27/W27 -> 0 | C27: =+D27+E27+F27 -> 0 | G27: =(ROUND(C27*X27,0)) -> 0 | H27: =+ROUND(G27*$C$43,0) -> 0 | I27: =+ROUND(G27*1.03,0) -> 0 | J27: =+ROUND(I27*$C$43,0) -> 0 | K27: =+ROUND(I27*1.03,0) -> 0 | L27: =+ROUND(K27*$C$43,0) -> 0 | M27: =+ROUND(K27*1.03,0) -> 0 | N27: =+ROUND(M27*$C$43,0) -> 0 | O27: =+ROUND(M27*1.03,0) -> 0 | P27: =+ROUND(O27*$C$43,0) -> 0 | Q27: =+O27+M27+K27+I27+G27 -> 0 | S27: 0 | T27: 0 | W27: 12 | X27: =V27/12 -> 0
A28: OPS | B28: =+C28/W28 -> 0 | C28: =D28+E28+F28 -> 0 | G28: =+C28/12*V28 -> 0 | H28: =+ROUND(G28*$C$44,0) -> 0 | I28: =+ROUND(G28*1.03,0) -> 0 | J28: =+ROUND(I28*$C$44,0) -> 0 | K28: =+ROUND(I28*1.03,0) -> 0 | L28: =+ROUND(K28*$C$44,0) -> 0 | M28: =+ROUND(K28*1.03,0) -> 0 | N28: =+ROUND(M28*$C$44,0) -> 0 | O28: =+ROUND(M28*1.03,0) -> 0 | P28: =+ROUND(O28*$C$44,0) -> 0 | Q28: =+O28+M28+K28+I28+G28 -> 0 | S28: 0 | T28: 0 | W28: 12 | X28: =+V28/W28 -> 0
A29: OPS | B29: =+C29/W29 -> 0 | C29: =D29+E29+F29 -> 0 | G29: =+C29/12*V29 -> 0 | H29: =+ROUND(G29*$C$44,0) -> 0 | I29: =+ROUND(G29*1.03,0) -> 0 | J29: =+ROUND(I29*$C$44,0) -> 0 | K29: =+ROUND(I29*1.03,0) -> 0 | L29: =+ROUND(K29*$C$44,0) -> 0 | M29: =+ROUND(K29*1.03,0) -> 0 | N29: =+ROUND(M29*$C$44,0) -> 0 | O29: =+ROUND(M29*1.03,0) -> 0 | P29: =+ROUND(O29*$C$44,0) -> 0 | Q29: =+O29+M29+K29+I29+G29 -> 0 | S29: 0 | T29: 0 | W29: 12 | X29: =+V29/W29 -> 0
A30: OPS | B30: =+C30/W30 -> 0 | C30: =D30+E30+F30 -> 0 | G30: =+C30/12*V30 -> 0 | H30: =+ROUND(G30*$C$44,0) -> 0 | I30: =+ROUND(G30*1.03,0) -> 0 | J30: =+ROUND(I30*$C$44,0) -> 0 | K30: =+ROUND(I30*1.03,0) -> 0 | L30: =+ROUND(K30*$C$44,0) -> 0 | M30: =+ROUND(K30*1.03,0) -> 0 | N30: =+ROUND(M30*$C$44,0) -> 0 | O30: =+ROUND(M30*1.03,0) -> 0 | P30: =+ROUND(O30*$C$44,0) -> 0 | Q30: =+O30+M30+K30+I30+G30 -> 0 | S30: 0 | T30: 0 | W30: 12 | X30: =+V30/W30 -> 0
A31: OPS | B31: =+C31/W31 -> 0 | C31: =D31+E31+F31 -> 0 | G31: =+C31/12*V31 -> 0 | H31: =+ROUND(G31*$C$44,0) -> 0 | I31: =+ROUND(G31*1.03,0) -> 0 | J31: =+ROUND(I31*$C$44,0) -> 0 | K31: =+ROUND(I31*1.03,0) -> 0 | L31: =+ROUND(K31*$C$44,0) -> 0 | M31: =+ROUND(K31*1.03,0) -> 0 | N31: =+ROUND(M31*$C$44,0) -> 0 | O31: =+ROUND(M31*1.03,0) -> 0 | P31: =+ROUND(O31*$C$44,0) -> 0 | Q31: =+O31+M31+K31+I31+G31 -> 0 | S31: 0 | T31: 0 | W31: 12 | X31: =+V31/W31 -> 0
A32: OPS | B32: =+C32/W32 -> 0 | C32: =D32+E32+F32 -> 0 | G32: =+C32/12*V32 -> 0 | H32: =+ROUND(G32*$C$44,0) -> 0 | I32: =+ROUND(G32*1.03,0) -> 0 | J32: =+ROUND(I32*$C$44,0) -> 0 | K32: =+ROUND(I32*1.03,0) -> 0 | L32: =+ROUND(K32*$C$44,0) -> 0 | M32: =+ROUND(K32*1.03,0) -> 0 | N32: =+ROUND(M32*$C$44,0) -> 0 | O32: =+ROUND(M32*1.03,0) -> 0 | P32: =+ROUND(O32*$C$44,0) -> 0 | Q32: =+O32+M32+K32+I32+G32 -> 0 | S32: 0 | T32: 0 | W32: 12 | X32: =+V32/W32 -> 0
A33: OPS | B33: =+C33/W33 -> 0 | C33: =D33+E33+F33 -> 0 | G33: =+C33/12*V33 -> 0 | H33: =+ROUND(G33*$C$44,0) -> 0 | I33: =+ROUND(G33*1.03,0) -> 0 | J33: =+ROUND(I33*$C$44,0) -> 0 | K33: =+ROUND(I33*1.03,0) -> 0 | L33: =+ROUND(K33*$C$44,0) -> 0 | M33: =+ROUND(K33*1.03,0) -> 0 | N33: =+ROUND(M33*$C$44,0) -> 0 | O33: =+ROUND(M33*1.03,0) -> 0 | P33: =+ROUND(O33*$C$44,0) -> 0 | Q33: =+O33+M33+K33+I33+G33 -> 0 | S33: 0 | T33: 0 | W33: 12 | X33: =+V33/W33 -> 0
A34: Undergraduate Students | B34: =+C34/W34 -> 0 | C34: =+D34+E34+F34 -> 0 | G34: =(ROUND(C34*X34,0)) -> 0 | H34: =+ROUND(G34*$C$45,0) -> 0 | I34: =+ROUND(G34*1.03,0) -> 0 | J34: =+ROUND(I34*$C$45,0) -> 0 | K34: =+ROUND(I34*1.03,0) -> 0 | L34: =+ROUND(K34*$C$45,0) -> 0 | M34: =+ROUND(K34*1.03,0) -> 0 | N34: =+ROUND(M34*$C$45,0) -> 0 | O34: =+ROUND(M34*1.03,0) -> 0 | P34: =+ROUND(O34*$C$45,0) -> 0 | Q34: =+O34+M34+K34+I34+G34 -> 0 | S34: 0 | T34: 0 | V34: 0 | W34: 12 | X34: =+ROUND(V34/W34,0) -> 0
A35: Grad Std OPS NO TUITION | B35: =+C35/W35 -> 0 | C35: =+D35+E35+F35 -> 0 | G35: =(ROUND(C35*X35,0)) -> 0 | H35: =+ROUND(G35*$C$45,0) -> 0 | I35: =+ROUND(G35*1.03,0) -> 0 | J35: =+ROUND(I35*$C$45,0) -> 0 | K35: =+ROUND(I35*1.03,0) -> 0 | L35: =+ROUND(K35*$C$45,0) -> 0 | M35: =+ROUND(K35*1.03,0) -> 0 | N35: =+ROUND(M35*$C$45,0) -> 0 | O35: =+ROUND(M35*1.03,0) -> 0 | P35: =+ROUND(O35*$C$45,0) -> 0 | Q35: =+O35+M35+K35+I35+G35 -> 0 | S35: 0 | T35: 0 | W35: 12 | X35: =+ROUND(V35/W35,0) -> 0
A36: Grad Research Asst | B36: =+C36/W36 -> 0 | C36: =+D36+E36+F36 -> 0 | G36: =(ROUND(C36*X36,0)) -> 0 | H36: =+ROUND(G36*$C$45,0) -> 0 | I36: =+ROUND(G36*1.03,0) -> 0 | J36: =+ROUND(I36*$C$45,0) -> 0 | K36: =+ROUND(I36*1.03,0) -> 0 | L36: =+ROUND(K36*$C$45,0) -> 0 | M36: =+ROUND(K36*1.03,0) -> 0 | N36: =+ROUND(M36*$C$45,0) -> 0 | O36: =+ROUND(M36*1.03,0) -> 0 | P36: =+ROUND(O36*$C$45,0) -> 0 | Q36: =+O36+M36+K36+I36+G36 -> 0 | S36: 0 | T36: 0 | W36: 12 | X36: =+ROUND(V36/W36,0) -> 0
A37: Subtotal Salaries | G37: =SUM(G16:G36) -> 0 | H37: =SUM(H16:H36) -> 0 | I37: =SUM(I16:I36) -> 0 | J37: =SUM(J16:J36) -> 0 | K37: =SUM(K16:K36) -> 0 | L37: =SUM(L16:L36) -> 0 | M37: =SUM(M16:M36) -> 0 | N37: =SUM(N16:N36) -> 0 | ... P37: =SUM(P16:P36) -> 0 | Q37: =+O37+M37+K37+I37+G37 -> 0
A39: Fringe Benefits
A40: Faculty | C40: 0.34 | G40: =ROUND(SUM(G16:G22)*$C$40,0) -> 0 | I40: =ROUND(SUM(I16:I22)*$C$40,0) -> 0 | K40: =ROUND(SUM(K16:K22)*$C$40,0) -> 0 | M40: =ROUND(SUM(M16:M22)*$C$40,0) -> 0 | O40: =ROUND(SUM(O16:O22)*$C$40,0) -> 0 | Q40: =SUM(G40:O40) -> 0
A41: Administrative & Professional (A&P) | C41: 0.47 | G41: =ROUND((G25+G24+G23)*$C$41,0) -> 0 | I41: =ROUND((I25+I24+I23)*$C$41,0) -> 0 | K41: =ROUND((K25+K24+K23)*$C$41,0) -> 0 | M41: =ROUND((M25+M24+M23)*$C$41,0) -> 0 | O41: =ROUND((O25+O24+O23)*$C$41,0) -> 0 | Q41: =SUM(G41:O41) -> 0
A42: University Support Personnel System (USPS) | C42: 0.47 | G42: =ROUND((G26)*$C$42,0) -> 0 | I42: =ROUND((I26)*$C$42,0) -> 0 | K42: =ROUND((K26)*$C$42,0) -> 0 | M42: =ROUND((M26)*$C$42,0) -> 0 | O42: =ROUND((O26)*$C$42,0) -> 0 | Q42: =SUM(G42:O42) -> 0
A43: Post-Doctoral Associates | C43: 0.23 | G43: =+ROUND(G27*$C$43,0) -> 0 | I43: =+ROUND(I27*$C$43,0) -> 0 | K43: =+ROUND(K27*$C$43,0) -> 0 | M43: =+ROUND(M27*$C$43,0) -> 0 | O43: =+ROUND(O27*$C$43,0) -> 0 | Q43: =SUM(G43:O43) -> 0
A44: OPS | C44: 0.11 | G44: =+ROUND(SUM(G28:G33)*$C$44,0) -> 0 | I44: =+ROUND(SUM(I28:I33)*$C$44,0) -> 0 | K44: =+ROUND(SUM(K28:K33)*$C$44,0) -> 0 | M44: =+ROUND(SUM(M28:M33)*$C$44,0) -> 0 | O44: =+ROUND(SUM(O28:O33)*$C$44,0) -> 0 | Q44: =SUM(G44:O44) -> 0
A45: Undergrad/Grad Students | C45: 0.02 | G45: =ROUND(SUM(G34:G36)*$C$45,0) -> 0 | I45: =ROUND(SUM(I34:I36)*$C$45,0) -> 0 | K45: =ROUND(SUM(K34:K36)*$C$45,0) -> 0 | M45: =ROUND(SUM(M34:M36)*$C$45,0) -> 0 | O45: =ROUND(SUM(O34:O36)*$C$45,0) -> 0 | Q45: =SUM(G45:O45) -> 0
A46: Subtotal Fringe Benefits | G46: =SUM(G40:G45) -> 0 | I46: =SUM(I40:I45) -> 0 | K46: =SUM(K40:K45) -> 0 | M46: =SUM(M40:M45) -> 0 | O46: =SUM(O40:O45) -> 0 | Q46: =SUM(G46:O46) -> 0
A48: PERSONNEL AND FRINGE BENEFITS (HRS) | G48: =+G46+G37 -> 0 | I48: =+I46+I37 -> 0 | K48: =+K46+K37 -> 0 | M48: =+M46+M37 -> 0 | O48: =+O46+O37 -> 0 | Q48: =+Q46+Q37 -> 0
A50: Travel | V50: # Travelers | W50: Days | X50: # Trips
A51: Conference Travel | G51: =+PersonnelTravelTuitionWorksheet!I47+PersonnelTravelTuitionWorksheet!I60 -> 0 | I51: =+ROUND(G51*1.05,0) -> 0 | K51: =+ROUND(I51*1.05,0) -> 0 | M51: =+ROUND(K51*1.05,0) -> 0 | O51: =+ROUND(M51*1.05,0) -> 0 | Q51: =SUM(G51:O51) -> 0 | U51: Conference
A52: Project Travel | G52: =+PersonnelTravelTuitionWorksheet!I73 -> 0 | I52: =+ROUND(G52*1.05,0) -> 0 | K52: =+ROUND(I52*1.05,0) -> 0 | M52: =+ROUND(K52*1.05,0) -> 0 | O52: =+ROUND(M52*1.05,0) -> 0 | Q52: =SUM(G52:O52) -> 0 | U52: Conference
A53: Subtotal Travel | G53: =SUM(G51:G52) -> 0 | I53: =SUM(I51:I52) -> 0 | K53: =SUM(K51:K52) -> 0 | M53: =SUM(M51:M52) -> 0 | O53: =SUM(O51:O52) -> 0 | Q53: =SUM(G53:O53) -> 0 | U53: Project
A55: Supplies
A56: Supplies | G56: 0 | I56: 0 | K56: 0 | M56: 0 | O56: 0 | Q56: =SUM(G56:O56) -> 0
A57: TBD | G57: 0 | I57: 0 | K57: 0 | M57: 0 | O57: 0 | Q57: =SUM(G57:O57) -> 0
A58: TBD | G58: 0 | I58: 0 | K58: 0 | M58: 0 | O58: 0 | Q58: =SUM(G58:O58) -> 0
A59: Subtotal Supplies | G59: =SUM(G56:G58) -> 0 | I59: =SUM(I56:I58) -> 0 | K59: =SUM(K56:K58) -> 0 | M59: =SUM(M56:M58) -> 0 | O59: =SUM(O56:O58) -> 0 | Q59: =SUM(G59:O59) -> 0
A61: Contractual
A62: TBD Contract | G62: 0 | I62: 0 | K62: 0 | M62: 0 | O62: 0 | Q62: =SUM(G62:O62) -> 0
A63: TBD Contract | G63: 0 | I63: 0 | K63: 0 | M63: 0 | O63: 0 | Q63: =SUM(G63:O63) -> 0
A64: Subtotal Contractual | G64: =SUM(G62:G63) -> 0 | I64: =SUM(I62:I63) -> 0 | K64: =SUM(K62:K63) -> 0 | M64: =SUM(M62:M63) -> 0 | O64: =SUM(O62:O63) -> 0 | Q64: =SUM(G64:O64) -> 0
A65: Contractual Base for IDC | B65: fill in | G65: 0 | I65: 0 | K65: 0 | M65: 0 | O65: 0 | Q65: =SUM(G65:O65) -> 0
A67: Equipment
A68: TBD Equipment | G68: 0 | I68: 0 | K68: 0 | M68: 0 | O68: 0 | Q68: =SUM(G68:O68) -> 0
A69: TBD Equipment | G69: 0 | I69: 0 | K69: 0 | M69: 0 | O69: 0 | Q69: =SUM(G69:O69) -> 0
A70: TBD Equipment | G70: 0 | I70: 0 | K70: 0 | M70: 0 | O70: 0 | Q70: =SUM(G70:O70) -> 0
A71: Subtotal Equipment | G71: =SUM(G68:G70) -> 0 | I71: =SUM(I68:I70) -> 0 | K71: =SUM(K68:K70) -> 0 | M71: =SUM(M68:M70) -> 0 | O71: =SUM(O68:O70) -> 0 | Q71: =SUM(G71:O71) -> 0
A73: Other
A74: TBD | G74: 0 | I74: 0 | K74: 0 | M74: 0 | O74: 0 | Q74: =SUM(G74:O74) -> 0
A75: TBD | G75: 0 | I75: 0 | K75: 0 | M75: 0 | O75: 0 | Q75: =SUM(G75:O75) -> 0
A76: TBD | G76: 0 | I76: 0 | K76: 0 | M76: 0 | O76: 0 | Q76: =SUM(G76:O76) -> 0
A77: TBD | G77: 0 | I77: 0 | K77: 0 | M77: 0 | O77: 0 | Q77: =SUM(G77:O77) -> 0
A78: TBD | G78: 0 | I78: 0 | K78: 0 | M78: 0 | O78: 0 | Q78: =SUM(G78:O78) -> 0
A79: TBD Consulting | G79: 0 | I79: 0 | K79: 0 | M79: 0 | O79: 0 | Q79: =SUM(G79:O79) -> 0
A80: TBD IDC Excluded | G80: 0 | I80: 0 | K80: 0 | M80: 0 | O80: 0 | Q80: =SUM(G80:O80) -> 0
A81: Tuition grad student(s) (5% Escalation) | D81: Enter # >>>>>> | G81: =+F81*PersonnelTravelTuitionWorksheet!D29 -> 0 | I81: =+ROUND(G81*1.05,0) -> 0 | K81: =+ROUND(I81*1.05,0) -> 0 | M81: =+ROUND(K81*1.05,0) -> 0 | O81: =+ROUND(M81*1.05,0) -> 0 | Q81: =SUM(G81:O81) -> 0
A82: Subtotal Other | G82: =SUM(G74:G81) -> 0 | I82: =SUM(I74:I81) -> 0 | K82: =SUM(K74:K81) -> 0 | M82: =SUM(M74:M81) -> 0 | O82: =SUM(O74:O81) -> 0 | Q82: =SUM(G82:O82) -> 0
A84: Participant Support Costs
A85: Stipends | G85: 0 | I85: 0 | K85: 0 | M85: 0 | O85: 0 | Q85: =SUM(G85:O85) -> 0
A86: Fringe Benefits on Stipends if UCF Employee | D86: Rate: | E86: 0.02 | G86: =ROUND((G85)*$E$86,0) -> 0 | I86: =ROUND((I85)*$E$86,0) -> 0 | K86: =ROUND((K85)*$E$86,0) -> 0 | M86: =ROUND((M85)*$E$86,0) -> 0 | O86: =ROUND((O85)*$E$86,0) -> 0 | Q86: =SUM(G86:O86) -> 0
A87: TBD | G87: 0 | I87: 0 | K87: 0 | M87: 0 | O87: 0 | Q87: =SUM(G87:O87) -> 0
A88: TBD | G88: 0 | I88: 0 | K88: 0 | M88: 0 | O88: 0 | Q88: =SUM(G88:O88) -> 0
A89: Subtotal Participant Support Costs | G89: =SUM(G85:G88) -> 0 | I89: =SUM(I85:I88) -> 0 | K89: =SUM(K85:K88) -> 0 | M89: =SUM(M85:M88) -> 0 | O89: =SUM(O85:O88) -> 0 | Q89: =+O89+M89+K89+I89+G89 -> 0
A91: DIRECT COSTS (HRS) | G91: =+G89+G82+G71+G64+G59+G53 -> 0 | I91: =+I89+I82+I71+I64+I59+I53 -> 0 | K91: =+K89+K82+K71+K64+K59+K53 -> 0 | M91: =+M89+M82+M71+M64+M59+M53 -> 0 | O91: =+O89+O82+O71+O64+O59+O53 -> 0 | Q91: =SUM(G91:O91) -> 0
A93: Direct Costs | G93: =+G89+G82+G71+G64+G59+G53+G46+G37 -> 0 | I93: =+I89+I82+I71+I64+I59+I53+I46+I37 -> 0 | K93: =+K89+K82+K71+K64+K59+K53+K46+K37 -> 0 | M93: =+M89+M82+M71+M64+M59+M53+M46+M37 -> 0 | O93: =+O89+O82+O71+O64+O59+O53+O46+O37 -> 0 | Q93: =SUM(G93:O93) -> 0
A94: Modified Total Direct Costs | G94: =G70+G93-G89-G81-G64-G71+G65-G80 -> 0 | I94: =+I93-I89-I81-I64-I71+I65-I80 -> 0 | K94: =+K93-K89-K81-K64-K71+K65-K80 -> 0 | M94: =+M93-M89-M81-M64-M71+M65-M80 -> 0 | O94: =+O93-O89-O81-O64-O71+O65-O80 -> 0 | Q94: =SUM(G94:O94) -> 0
A95: F & A Costs | C95: 0.535 | G95: =+ROUND(G94*$C$95,0) -> 0 | I95: =+ROUND(I94*$C$95,0) -> 0 | K95: =+ROUND(K94*$C$95,0) -> 0 | M95: =+ROUND(M94*$C$95,0) -> 0 | O95: =+ROUND(O94*$C$95,0) -> 0 | Q95: =SUM(G95:O95) -> 0
A96: Total PI Project Cost | G96: =+G95+G93 -> 0 | I96: =+I95+I93 -> 0 | K96: =+K95+K93 -> 0 | M96: =+M95+M93 -> 0 | O96: =+O95+O93 -> 0 | Q96: =SUM(G96:O96) -> 0
A97: This document is a confidential communication to and solely for the use of the internal recipient and may not be circulated for external review. If you are not the intended recipient, you may not disclose or use the information in this document in any way. The information is not intended as an offer or solicitation. Per UCF policy UCF Policy 4-214, proposals can only be submitted by the UCF Office of Research.
A102: % Participant Support/Total Budget | G102: =+G89/G96 -> #DIV/0! | I102: =+I89/I96 -> #DIV/0! | K102: =+K89/K96 -> #DIV/0! | M102: =+M89/M96 -> #DIV/0! | O102: =+O89/O96 -> #DIV/0! | Q102: =+Q89/Q96 -> #DIV/0!
A104: Required Cost Share | B104: Enter %>> | G104: =+G96*$C$104 -> 0 | I104: =+I96*$C$104 -> 0 | K104: =+K96*$C$104 -> 0 | M104: =+M96*$C$104 -> 0 | O104: =+O96*$C$104 -> 0 | Q104: =+Q96*$C$104 -> 0
A106: Estimated Cost Share | G106: =+#REF! -> #REF! | I106: =+#REF! -> #REF! | K106: =+#REF! -> #REF! | M106: =+#REF! -> #REF! | O106: =+#REF! -> #REF! | Q106: =+#REF! -> #REF!
A108: Over/Under | G108: =+G106-G104 -> #REF! | I108: =+I106-I104 -> #REF! | K108: =+K106-K104 -> #REF! | M108: =+M106-M104 -> #REF! | O108: =+O106-O104 -> #REF! | Q108: =+Q106-Q96 -> #REF!
A112: Budget Reconciliation Worksheet | G112: CO-PI: | I112: =+B5 -> 0 | M112: =+#REF! -> #REF!
A114: ITEM | G114: Year 1 | I114: Year 2 | K114: Year 3 | M114: Year 4 | O114: Year 5 | Q114: Total
A115: Personnel | G115: =+'PI Budget'!G16+'PI Budget'!G17+'PI Budget'!G18+'PI Budget'!G19+'PI Budget'!G20+'PI Budget'!G21+'PI Budget'!G23+'PI Budget'!G24+'PI Budget'!G25+'PI Budget'!G26+'PI Budget'!G27+'PI Budget'!G34+'PI Budget'!G36 -> 0 | I115: =+'PI Budget'!I16+'PI Budget'!I17+'PI Budget'!I18+'PI Budget'!I19+'PI Budget'!I20+'PI Budget'!I21+'PI Budget'!I23+'PI Budget'!I24+'PI Budget'!I25+'PI Budget'!I26+'PI Budget'!I27+'PI Budget'!I34+'PI Budget'!I36 -> 0 | K115: =+'PI Budget'!K16+'PI Budget'!K17+'PI Budget'!K18+'PI Budget'!K19+'PI Budget'!K20+'PI Budget'!K21+'PI Budget'!K23+'PI Budget'!K24+'PI Budget'!K25+'PI Budget'!K26+'PI Budget'!K27+'PI Budget'!K34+'PI Budget'!K36 -> 0 | M115: =+'PI Budget'!M16+'PI Budget'!M17+'PI Budget'!M18+'PI Budget'!M19+'PI Budget'!M20+'PI Budget'!M21+'PI Budget'!M23+'PI Budget'!M24+'PI Budget'!M25+'PI Budget'!M26+'PI Budget'!M27+'PI Budget'!M34+'PI Budget'!M36 -> 0 | O115: =+'PI Budget'!O16+'PI Budget'!O17+'PI Budget'!O18+'PI Budget'!O19+'PI Budget'!O20+'PI Budget'!O21+'PI Budget'!O23+'PI Budget'!O24+'PI Budget'!O25+'PI Budget'!O26+'PI Budget'!O27+'PI Budget'!O34+'PI Budget'!O36 -> 0 | Q115: =SUM(G115:O115) -> 0
A116: Other Personnel Services | G116: =+'PI Budget'!G28+'PI Budget'!G29+'PI Budget'!G30+'PI Budget'!G31+'PI Budget'!G32+'PI Budget'!G33 -> 0 | I116: =+'PI Budget'!I28+'PI Budget'!I29+'PI Budget'!I30+'PI Budget'!I31+'PI Budget'!I32+'PI Budget'!I33 -> 0 | K116: =+'PI Budget'!K28+'PI Budget'!K29+'PI Budget'!K30+'PI Budget'!K31+'PI Budget'!K32+'PI Budget'!K33 -> 0 | M116: =+'PI Budget'!M28+'PI Budget'!M29+'PI Budget'!M30+'PI Budget'!M31+'PI Budget'!M32+'PI Budget'!M33 -> 0 | O116: =+'PI Budget'!O28+'PI Budget'!O29+'PI Budget'!O30+'PI Budget'!O31+'PI Budget'!O32+'PI Budget'!O33 -> 0 | Q116: =SUM(G116:O116) -> 0
A117: Fringe | G117: =+'PI Budget'!G46 -> 0 | I117: =+'PI Budget'!I46 -> 0 | K117: =+'PI Budget'!K46 -> 0 | M117: =+'PI Budget'!M46 -> 0 | O117: =+'PI Budget'!O46 -> 0 | Q117: =SUM(G117:O117) -> 0
A118: Consulting | G118: =+'PI Budget'!G78 -> 0 | I118: =+'PI Budget'!I78 -> 0 | K118: =+'PI Budget'!K78 -> 0 | M118: =+'PI Budget'!M78 -> 0 | O118: =+'PI Budget'!O78 -> 0 | Q118: =SUM(G118:O118) -> 0
A119: Equipment | G119: =+'PI Budget'!G71 -> 0 | I119: =+'PI Budget'!I71 -> 0 | K119: =+'PI Budget'!K71 -> 0 | M119: =+'PI Budget'!M71 -> 0 | O119: =+'PI Budget'!O71 -> 0 | Q119: =SUM(G119:O119) -> 0
A120: Stipends | G120: =+'PI Budget'!G89 -> 0 | I120: =+'PI Budget'!I89 -> 0 | K120: =+'PI Budget'!K89 -> 0 | M120: =+'PI Budget'!M89 -> 0 | O120: =+'PI Budget'!O89 -> 0 | Q120: =SUM(G120:O120) -> 0
A121: Subcontracts with F&A | G121: =+'PI Budget'!G65 -> 0 | I121: =+'PI Budget'!I65 -> 0 | K121: =+'PI Budget'!K65 -> 0 | M121: =+'PI Budget'!M65 -> 0 | O121: =+'PI Budget'!O65 -> 0 | Q121: =SUM(G121:O121) -> 0
A122: Subcontracts without F&A | G122: =+'PI Budget'!G64-'PI Budget'!G65 -> 0 | I122: =+'PI Budget'!I64-'PI Budget'!I65 -> 0 | K122: =+'PI Budget'!K64-'PI Budget'!K65 -> 0 | M122: =+'PI Budget'!M64-'PI Budget'!M65 -> 0 | O122: =+'PI Budget'!O64-'PI Budget'!O65 -> 0 | Q122: =SUM(G122:O122) -> 0
A123: Travel | G123: =+'PI Budget'!G53 -> 0 | I123: =+'PI Budget'!I53 -> 0 | K123: =+'PI Budget'!K53 -> 0 | M123: =+'PI Budget'!M53 -> 0 | O123: =+'PI Budget'!O53 -> 0 | Q123: =SUM(G123:O123) -> 0
A124: Tuition | G124: =+'PI Budget'!G81 -> 0 | I124: =+'PI Budget'!I81 -> 0 | K124: =+'PI Budget'!K81 -> 0 | M124: =+'PI Budget'!M81 -> 0 | O124: =+'PI Budget'!O81 -> 0 | Q124: =SUM(G124:O124) -> 0
A125: Other Direct Expenses with F&A | G125: =+'PI Budget'!G59+'PI Budget'!G74+'PI Budget'!G75+'PI Budget'!G76+'PI Budget'!G77 -> 0 | I125: =+'PI Budget'!I59+'PI Budget'!I74+'PI Budget'!I75+'PI Budget'!I76+'PI Budget'!I77 -> 0 | K125: =+'PI Budget'!K59+'PI Budget'!K74+'PI Budget'!K75+'PI Budget'!K76+'PI Budget'!K77 -> 0 | M125: =+'PI Budget'!M59+'PI Budget'!M74+'PI Budget'!M75+'PI Budget'!M76+'PI Budget'!M77 -> 0 | O125: =+'PI Budget'!O59+'PI Budget'!O74+'PI Budget'!O75+'PI Budget'!O76+'PI Budget'!O77 -> 0 | Q125: =SUM(G125:O125) -> 0
...

Sheet Proposal Calculator
B1: Proposal Calculator
B3: Proposal Due Date
B5: Item | D5: Date
B6: Document Certification | D6: =+D3-5 -> -5
B7: 5 Day O.R. Due Date | D7: =+D3-7 -> -7
B8: CCIE Due Date | D8: =+D3-12 -> -12
B9: Personnel Docs Due Date | D9: =+D3-14 -> -14
B10: Sub Docs Due Date | D10: =+D3-14 -> -14
B12: Items to request when notified by PI:
C13: Copy of Solicitation
C14: Contact information of Subrecipients
C15: Special considerations
C16: Co-PIs in other colleges (If NSF, do they have NSF IDs)
C17: NSF-Fastlane proposal SRO/AOR access edit & submit
C18: Delegate access to SciENcv
B20: Forms/Items required of Subrecipients:
C21: Letter of Commitment
C22: Statement of work
C23: Budget
C24: Budget justification
C25: Any other items required by sponsor (eg. Biosketch)
B27: Cost Share Considerations
C28: Dept. approval
B30: Preparation of Proposal Documents
C31: Budget, Budget Justification
C32: Separate budget for other colleges (& Credit Split Form)
C33: Huron record created
C34: File created in Shared folder
C35: CVs/Current and Pending documents
C36: PI Endorsement sent
B41: NIH Documents
C42: Bibliography (references)
C43: Biosketch(s)
C44: Data and Safety (if yes to all CTC questions/Optional if not)
C45: Equipment
C46: Facilities
C47: Inclusion Enrollment Report (if only exemption 4)
C48: Inclusion of Women, Minorities and Children
C49: Letters of Support
C50: Project Narrative
C51: Project Summary
C52: Protection Human Subjects
C53: Recruitment and Retention
... C56: Study Timeline (only exemption 4)
B58: NSF Documents
C59: Budget Justification
C60: COA
C61: Current & Pending
C62: CV(s)
C63: Facilities & Other Resources
C64: Project Narrative
C65: Project Summary

Sheet Guidance-Vendor, Dual Comp

Sheet College 2
A2: (Unhide Columns R-AH for Cost Share Budget) | S2: Cost Share Budget
G3: College | H3: Credit Split | I3: TITLE: | J3: =+'PI Budget'!F4:R5 -> #VALUE! | Y3: Cred Split | Z3: IDC Spilt | AA3: TITLE:
A4: PI NAME: | B4: =+'PI Budget'!B5:E5 -> 0 | G4: =+'PI Budget'!#REF! -> #REF! | H4: =+'PI Budget'!#REF! -> #REF! | S4: PI NAME:
A5: CO-PI #1 NAME: | B5: =+'PI Budget'!B6:E6 -> 0 | G5: =+'PI Budget'!#REF! -> #REF! | H5: =+'PI Budget'!#REF! -> #REF! | I5: SPONSOR: | J5: =+'PI Budget'!F6:R6 -> 0 | S5: CO-PI #1 NAME: | AA5: SPONSOR:
A6: CO-PI #2 NAME: | B6: =+'PI Budget'!B7:E7 -> 0 | G6: =+'PI Budget'!#REF! -> #REF! | H6: =+'PI Budget'!#REF! -> #REF! | I6: POP: | J6: =+'PI Budget'!#REF! -> #REF! | K6: to | L6: =+'PI Budget'!R7 -> 0
A7: CO-PI #3 NAME: | B7: =+'PI Budget'!B8:E8 -> 0 | G7: =+'PI Budget'!#REF! -> #REF! | H7: =+'PI Budget'!#REF! -> #REF!
A8: CO-PI #4 NAME: | B8: =+'PI Budget'!B9:E9 -> 0 | G8: =+'PI Budget'!#REF! -> #REF! | H8: =+'PI Budget'!#REF! -> #REF! | I8: MAX BUDGET: | J8: =+'PI Budget'!#REF! -> #REF! | K8: YEARS: | L8: =+'PI Budget'!R9 -> 0
A9: CO-PI #5 NAME: | B9: =+'PI Budget'!B10:E10 -> 0 | G9: =+'PI Budget'!#REF! -> #REF! | H9: =+'PI Budget'!#REF! -> #REF! | I9: LIMITATIONS: | J9: =+'PI Budget'!#REF! -> #REF! | S9: CO-PI #2 NAME: | AA9: POP:
A11: CO-PI BUDGET | C11: =+B5 -> 0 | H11: +G5 | S11: SPONSOR BUDGET
A14: Personnel | B14: Effort % | C14: Months | D14: Fall | E14: Spr | F14: Sum | G14: Year 1 | H14: Year 2 | I14: Year 3 | J14: Year 4 | K14: Year 5 | L14: Total | O14: Salary | P14: Contract | Q14: Monthly | S14: Personnel | T14: Effort % | U14: Months | V14: Fall | W14: Spr | X14: Sum | Y14: Year 1 | Z14: Year 2 | AA14: Year 3 | AB14: Year 4 | AC14: Year 5 | AD14: Total | AF14: Salary | AG14: Contract | AH14: Monthly
A15: =+B4 -> 0 | B15: =+C15/P15 -> 0 | C15: =+F15+E15+D15 -> 0 | G15: =(ROUND(C15*Q15,0)) -> 0 | H15: =+ROUND(G15*1.03,0) -> 0 | I15: =+ROUND(H15*1.03,0) -> 0 | J15: =+ROUND(I15*1.03,0) -> 0 | K15: =+ROUND(J15*1.03,0) -> 0 | L15: =SUM(G15:K15) -> 0 | O15: =+'PI Budget'!V16 -> 0 | P15: =+'PI Budget'!W16 -> 9 | Q15: =+ROUND(O15/P15,0) -> 0 | S15: =+T4 -> 0 | T15: =+U15/AG15 -> 0 | U15: =+X15+W15+V15 -> 0 | V15: 0 | Y15: =+U15*AH15 -> 0 | Z15: =+Y15*1.03 -> 0 | AA15: =+Z15*1.03 -> 0 | AB15: =+AA15*1.03 -> 0 | AC15: =+AB15*1.03 -> 0 | AD15: =SUM(Y15:AC15) -> 0 | AF15: 10000 | AG15: 9 | AH15: =+AF15/AG15 -> 1111.1111
A16: =+B5 -> 0 | B16: =+C16/P16 -> 0 | C16: =+F16+E16+D16 -> 0 | G16: =(ROUND(C16*Q16,0)) -> 0 | H16: =+ROUND(G16*1.03,0) -> 0 | I16: =+ROUND(H16*1.03,0) -> 0 | J16: =+ROUND(I16*1.03,0) -> 0 | K16: =+ROUND(J16*1.03,0) -> 0 | L16: =SUM(G16:K16) -> 0 | O16: =+'PI Budget'!V17 -> 0 | P16: =+'PI Budget'!W17 -> 9 | Q16: =+ROUND(O16/P16,0) -> 0 | S16: =+T5 -> 0 | T16: =+U16/AG16 -> 0 | U16: =+X16+W16+V16 -> 0 | Y16: =+U16*AH16 -> 0 | Z16: =+Y16*1.03 -> 0 | AA16: =+Z16*1.03 -> 0 | AB16: =+AA16*1.03 -> 0 | AC16: =+AB16*1.03 -> 0 | AD16: =SUM(Y16:AC16) -> 0 | AF16: 0 | AG16: 9 | AH16: =+AF16/AG16 -> 0
A17: =+B6 -> 0 | B17: =+C17/P17 -> 0 | C17: =+F17+E17+D17 -> 0 | G17: =(ROUND(C17*Q17,0)) -> 0 | H17: =+ROUND(G17*1.03,0) -> 0 | I17: =+ROUND(H17*1.03,0) -> 0 | J17: =+ROUND(I17*1.03,0) -> 0 | K17: =+ROUND(J17*1.03,0) -> 0 | L17: =SUM(G17:K17) -> 0 | O17: =+'PI Budget'!V18 -> 0 | P17: =+'PI Budget'!W18 -> 9 | Q17: =+ROUND(O17/P17,0) -> 0 | S17: =+T9 -> 0 | T17: =+U17/AG17 -> 0 | U17: =+X17+W17+V17 -> 0 | Y17: =+U17*AH17 -> 0 | Z17: =+Y17*1.03 -> 0 | AA17: =+Z17*1.03 -> 0 | AB17: =+AA17*1.03 -> 0 | AC17: =+AB17*1.03 -> 0 | AD17: =SUM(Y17:AC17) -> 0 | AF17: 0 | AG17: 9 | AH17: =+AF17/AG17 -> 0
A18: =+B7 -> 0 | B18: =+C18/P18 -> 0 | C18: =+F18+E18+D18 -> 0 | G18: =+C18*Q18 -> 0 | H18: =+G18*1.03 -> 0 | I18: =+H18*1.03 -> 0 | J18: =+I18*1.03 -> 0 | K18: =+J18*1.03 -> 0 | L18: =SUM(G18:K18) -> 0 | O18: =+'PI Budget'!V19 -> 0 | P18: =+'PI Budget'!W19 -> 9 | Q18: =+O18/P18 -> 0 | T18: =+U18/AG18 -> 0 | U18: =+X18+W18+V18 -> 0 | Y18: =+U18*AH18 -> 0 | Z18: =+Y18*1.03 -> 0 | AA18: =+Z18*1.03 -> 0 | AB18: =+AA18*1.03 -> 0 | AC18: =+AB18*1.03 -> 0 | AD18: =SUM(Y18:AC18) -> 0 | AF18: 0 | AG18: 9 | AH18: =+AF18/AG18 -> 0
A19: =+B8 -> 0 | B19: =+C19/P19 -> 0 | C19: =+F19+E19+D19 -> 0 | G19: =+C19*Q19 -> 0 | H19: =+G19*1.03 -> 0 | I19: =+H19*1.03 -> 0 | J19: =+I19*1.03 -> 0 | K19: =+J19*1.03 -> 0 | L19: =SUM(G19:K19) -> 0 | O19: =+'PI Budget'!V20 -> 0 | P19: =+'PI Budget'!W20 -> 9 | Q19: =+O19/P19 -> 0 | T19: =+U19/AG19 -> 0 | U19: =+X19+W19+V19 -> 0 | Y19: =+U19*AH19 -> 0 | Z19: =+Y19*1.03 -> 0 | AA19: =+Z19*1.03 -> 0 | AB19: =+AA19*1.03 -> 0 | AC19: =+AB19*1.03 -> 0 | AD19: =SUM(Y19:AC19) -> 0 | AF19: 0 | AG19: 9 | AH19: =+AF19/AG19 -> 0
A20: =+B9 -> 0 | B20: =+C20/P20 -> 0 | C20: =+F20+E20+D20 -> 0 | G20: =+C20*Q20 -> 0 | H20: =+G20*1.03 -> 0 | I20: =+H20*1.03 -> 0 | J20: =+I20*1.03 -> 0 | K20: =+J20*1.03 -> 0 | L20: =SUM(G20:K20) -> 0 | O20: =+'PI Budget'!V21 -> 0 | P20: =+'PI Budget'!W21 -> 9 | Q20: =+O20/P20 -> 0 | T20: =+U20/AG20 -> 0 | U20: =+X20+W20+V20 -> 0 | Y20: =+U20*AH20 -> 0 | Z20: =+Y20*1.03 -> 0 | AA20: =+Z20*1.03 -> 0 | AB20: =+AA20*1.03 -> 0 | AC20: =+AB20*1.03 -> 0 | AD20: =SUM(Y20:AC20) -> 0 | AF20: 0 | AG20: 9 | AH20: =+AF20/AG20 -> 0
A21: =+'PI Budget'!A23 -> A&P | B21: =+C21/P21 -> 0 | C21: 0 | G21: =+O21/12*C21 -> 0 | H21: =+G21*1.03 -> 0 | I21: =+H21*1.03 -> 0 | J21: =+I21*1.03 -> 0 | K21: =+J21*1.03 -> 0 | L21: =SUM(G21:K21) -> 0 | P21: 12 | Q21: =+O21/P21 -> 0
A22: =+'PI Budget'!A24 -> A&P | C22: 0 | G22: =+O22/12*C22 -> 0 | H22: =+G22*1.03 -> 0 | I22: =+H22*1.03 -> 0 | J22: =+I22*1.03 -> 0 | K22: =+J22*1.03 -> 0 | L22: =SUM(G22:K22) -> 0 | P22: 12 | Q22: =+O22/P22 -> 0
A23: =+'PI Budget'!A25 -> A&P | B23: =+C23/P23 -> 0 | C23: =+D23+E23+F23 -> 0 | G23: =(ROUND(C23*Q23,0)) -> 0 | H23: =+ROUND(G23*1.03,0) -> 0 | I23: =+ROUND(H23*1.03,0) -> 0 | J23: =+ROUND(I23*1.03,0) -> 0 | K23: =+ROUND(J23*1.03,0) -> 0 | L23: =SUM(G23:K23) -> 0 | P23: 12 | Q23: =+ROUND(O23/P23,0) -> 0 | S23: A&P | T23: =+U23/AG23 -> 0 | U23: =+V23+W23+X23 -> 0 | Y23: 0 | Z23: =+Y23*1.03 -> 0 | AA23: =+Z23*1.03 -> 0 | AB23: =+AA23*1.03 -> 0 | AC23: =+AB23*1.03 -> 0 | AD23: =SUM(Y23:AC23) -> 0 | AF23: 0 | AG23: 12 | AH23: =+AF23/AG23 -> 0
A24: =+'PI Budget'!A26 -> USPS | B24: =+C24/P24 -> 0 | C24: =+D24+E24+F24 -> 0 | G24: =(ROUND(C24*Q24,0)) -> 0 | H24: =+ROUND(G24*1.03,0) -> 0 | I24: =+ROUND(H24*1.03,0) -> 0 | J24: =+ROUND(I24*1.03,0) -> 0 | K24: =+ROUND(J24*1.03,0) -> 0 | L24: =SUM(G24:K24) -> 0 | P24: 12 | Q24: =+ROUND(O24/P24,0) -> 0 | S24: USPS | T24: =+U24/AG24 -> 0 | U24: =+V24+W24+X24 -> 0 | Y24: 0 | Z24: =+Y24*1.03 -> 0 | AA24: =+Z24*1.03 -> 0 | AB24: =+AA24*1.03 -> 0 | AC24: =+AB24*1.03 -> 0 | AD24: =SUM(Y24:AC24) -> 0 | AF24: 0 | AG24: 12 | AH24: =+AF24/AG24 -> 0
A25: =+'PI Budget'!A27 -> Post Doc | B25: =+C25/P25 -> 0 | C25: =+D25+E25+F25 -> 0 | G25: =(ROUND(C25*Q25,0)) -> 0 | H25: =+ROUND(G25*1.03,0) -> 0 | I25: =+ROUND(H25*1.03,0) -> 0 | J25: =+ROUND(I25*1.03,0) -> 0 | K25: =+ROUND(J25*1.03,0) -> 0 | L25: =SUM(G25:K25) -> 0 | P25: 12 | Q25: =+ROUND(O25/P25,0) -> 0 | S25: Post Doc | T25: =+U25/AG25 -> 0 | U25: =+V25+W25+X25 -> 0 | Y25: 0 | Z25: =+Y25*1.03 -> 0 | AA25: =+Z25*1.03 -> 0 | AB25: =+AA25*1.03 -> 0 | AC25: =+AB25*1.03 -> 0 | AD25: =SUM(Y25:AC25) -> 0 | AF25: 0 | AG25: 12 | AH25: =+AF25/AG25 -> 0
A26: =+'PI Budget'!A28 -> OPS | C26: 0 | G26: =+C26/12*O26 -> 0 | H26: =+ROUND(G26*1.03,0) -> 0 | I26: =+ROUND(H26*1.03,0) -> 0 | J26: =+ROUND(I26*1.03,0) -> 0 | K26: =+ROUND(J26*1.03,0) -> 0 | L26: =SUM(G26:K26) -> 0 | P26: 12
A27: =+'PI Budget'!A29 -> OPS | C27: 0 | G27: =+C27/12*O27 -> 0 | H27: =+ROUND(G27*1.03,0) -> 0 | I27: =+ROUND(H27*1.03,0) -> 0 | J27: =+ROUND(I27*1.03,0) -> 0 | K27: =+ROUND(J27*1.03,0) -> 0 | L27: =SUM(G27:K27) -> 0 | P27: 12
A28: =+'PI Budget'!A30 -> OPS | C28: 0 | G28: =+C28/12*O28 -> 0 | H28: =+G28*1.03 -> 0 | I28: =+H28*1.03 -> 0 | J28: =+I28*1.03 -> 0 | K28: =+J28*1.03 -> 0 | L28: =SUM(G28:K28) -> 0 | P28: 12
A29: =+'PI Budget'!A31 -> OPS | C29: 0 | G29: =+C29/12*O29 -> 0 | H29: =+G29*1.03 -> 0 | I29: =+H29*1.03/2 -> 0 | J29: =+I29*1.03 -> 0 | K29: =+J29*1.03 -> 0 | L29: =SUM(G29:K29) -> 0 | P29: 12
A30: =+'PI Budget'!A32 -> OPS | C30: 0 | G30: =+C30/12*O30 -> 0 | H30: =+G30*1.03 -> 0 | I30: =+H30*1.03/2 -> 0 | J30: =+I30*1.03 -> 0 | K30: =+J30*1.03 -> 0 | L30: =SUM(G30:K30) -> 0 | P30: 12
A31: =+'PI Budget'!A33 -> OPS | B31: =+C31/P31 -> 0 | C31: 0 | G31: =+C31/12*O31 -> 0 | H31: =+G31*1.03 -> 0 | I31: =+H31*1.03/2 -> 0 | J31: =+I31*1.03 -> 0 | K31: =+J31*1.03 -> 0 | L31: =SUM(G31:K31) -> 0 | P31: 12 | Q31: =+O31/P31 -> 0 | S31: OPS | T31: =+U31/AG31 -> 0 | U31: =+V31+W31+X31 -> 0 | Y31: 0 | Z31: =+Y31*1.03 -> 0 | AA31: =+Z31*1.03 -> 0 | AB31: =+AA31*1.03 -> 0 | AC31: =+AB31*1.03 -> 0 | AD31: =SUM(Y31:AC31) -> 0 | AF31: 0 | AG31: 12 | AH31: =+AF31/AG31 -> 0
A32: =+'PI Budget'!A34 -> Undergraduate Students | B32: =+C32/P32 -> 0 | C32: =+D32+E32+F32 -> 0 | G32: =(ROUND(C32*Q32,0)) -> 0 | H32: =+ROUND(G32*1.03,0) -> 0 | I32: =+ROUND(H32*1.03,0) -> 0 | J32: =+ROUND(I32*1.03,0) -> 0 | K32: =+ROUND(J32*1.03,0) -> 0 | L32: =SUM(G32:K32) -> 0 | P32: 12 | Q32: =+ROUND(O32/P32,0) -> 0 | S32: Undergraduate Students | T32: =+U32/AG32 -> 0 | U32: =+V32+W32+X32 -> 0 | Y32: 0 | Z32: =+Y32*1.03 -> 0 | AA32: =+Z32*1.03 -> 0 | AB32: =+AA32*1.03 -> 0 | AC32: =+AB32*1.03 -> 0 | AD32: =SUM(Y32:AC32) -> 0 | AF32: =10.05*1044 -> 10492.2 | AG32: 12 | AH32: =+AF32/AG32 -> 874.35
A33: =+'PI Budget'!A36 -> Grad Research Asst | B33: =+C33/P33 -> 0 | C33: =+D33+E33+F33 -> 0 | G33: 0 | I33: =+ROUND(H33*1.03,0) -> 0 | J33: =+ROUND(I33*1.03,0) -> 0 | K33: =+ROUND(J33*1.03,0) -> 0 | L33: =SUM(G33:K33) -> 0 | P33: 12 | Q33: =+ROUND(O33/P33,0) -> 0 | S33: Graduate Students | T33: =+U33/AG33 -> 0 | U33: =+V33+W33+X33 -> 0 | Y33: 0 | Z33: =+Y33*1.03 -> 0 | AA33: =+Z33*1.03 -> 0 | AB33: =+AA33*1.03 -> 0 | AC33: =+AB33*1.03 -> 0 | AD33: =SUM(Y33:AC33) -> 0 | AF33: 18500 | AG33: 12 | AH33: =+AF33/AG33 -> 1541.6667
A34: Subtotal Salaries | G34: =SUM(G15:G33) -> 0 | H34: =SUM(H15:H33) -> 0 | I34: =SUM(I15:I33) -> 0 | J34: =SUM(J15:J33) -> 0 | K34: =SUM(K15:K33) -> 0 | L34: =SUM(G34:K34) -> 0 | S34: Subtotal Salaries | Y34: =SUM(Y15:Y33) -> 0 | Z34: =SUM(Z15:Z33) -> 0 | AA34: =SUM(AA15:AA33) -> 0 | AB34: =SUM(AB15:AB33) -> 0 | AC34: =SUM(AC15:AC33) -> 0 | AD34: =SUM(Y34:AC34) -> 0
A36: Fringe Benefits | S36: Fringe Benefits
A37: Faculty | C37: 0.31 | G37: =ROUND(SUM(G15:G20)*$C$37,0) -> 0 | H37: =ROUND(SUM(H15:H20)*$C$37,0) -> 0 | I37: =ROUND(SUM(I15:I20)*$C$37,0) -> 0 | J37: =ROUND(SUM(J15:J20)*$C$37,0) -> 0 | K37: =ROUND(SUM(K15:K20)*$C$37,0) -> 0 | L37: =SUM(G37:K37) -> 0 | S37: Faculty | U37: 0.28 | Y37: =SUM(Y15:Y20)*$C$37 -> 0 | Z37: =SUM(Z15:Z20)*$C$37 -> 0 | AA37: =SUM(AA15:AA20)*$C$37 -> 0 | AB37: =SUM(AB15:AB20)*$C$37 -> 0 | AC37: =SUM(AC15:AC20)*$C$37 -> 0 | AD37: =SUM(Y37:AC37) -> 0
A38: A&P | C38: 0.39 | G38: 0 | H38: =ROUND((H23+H22+H21)*$C$38,0) -> 0 | I38: =ROUND((I23+I22+I21)*$C$38,0) -> 0 | J38: =ROUND((J23+J22+J21)*$C$38,0) -> 0 | K38: =ROUND((K23+K22+K21)*$C$38,0) -> 0 | L38: =SUM(G38:K38) -> 0 | S38: A&P | U38: 0.37 | Y38: =(Y23)*$C$38 -> 0 | Z38: =(Z23)*$C$38 -> 0 | AA38: =(AA23)*$C$38 -> 0 | AB38: =(AB23)*$C$38 -> 0 | AC38: =(AC23)*$C$38 -> 0 | AD38: =SUM(Y38:AC38) -> 0
A39: USPS | C39: 0.52 | G39: =ROUND((G24)*$C$39,0) -> 0 | H39: =ROUND((H24)*$C$39,0) -> 0 | I39: =ROUND((I24)*$C$39,0) -> 0 | J39: =ROUND((J24)*$C$39,0) -> 0 | K39: =ROUND((K24)*$C$39,0) -> 0 | L39: =SUM(G39:K39) -> 0 | S39: USPS | U39: 0.5 | Y39: =(Y24)*$C$39 -> 0 | Z39: =(Z24)*$C$39 -> 0 | AA39: =(AA24)*$C$39 -> 0 | AB39: =(AB24)*$C$39 -> 0 | AC39: =(AC24)*$C$39 -> 0 | AD39: =SUM(Y39:AC39) -> 0
A40: Post Doc | C40: 0.23 | G40: =+ROUND(G25*$C$40,0) -> 0 | H40: =+ROUND(H25*$C$40,0) -> 0 | I40: =+ROUND(I25*$C$40,0) -> 0 | J40: =+ROUND(J25*$C$40,0) -> 0 | K40: =+ROUND(K25*$C$40,0) -> 0 | L40: =SUM(G40:K40) -> 0 | S40: Post Doc | U40: 0.22 | Y40: =+Y25*$C$40 -> 0 | Z40: =+Z25*$C$40 -> 0 | AA40: =+AA25*$C$40 -> 0 | AB40: =+AB25*$C$40 -> 0 | AC40: =+AC25*$C$40 -> 0 | AD40: =SUM(Y40:AC40) -> 0
A41: OPS | C41: 0.14 | G41: =+ROUND(SUM(G26:G31)*$C$41,0) -> 0 | H41: =+ROUND(SUM(H26:H31)*$C$41,0) -> 0 | I41: =+ROUND(SUM(I26:I31)*$C$41,0) -> 0 | J41: =+ROUND(SUM(J26:J31)*$C$41,0) -> 0 | K41: =+ROUND(SUM(K26:K31)*$C$41,0) -> 0 | L41: =SUM(G41:K41) -> 0 | S41: OPS | U41: 0.12 | Y41: =+Y31*$C$41 -> 0 | Z41: =+Z31*$C$41 -> 0 | AA41: =+AA31*$C$41 -> 0 | AB41: =+AB31*$C$41 -> 0 | AC41: =+AC31*$C$41 -> 0 | AD41: =SUM(Y41:AC41) -> 0
A42: Undergrad/Grad Students | C42: 0.02 | G42: =ROUND(SUM(G32:G33)*$C$42,0) -> 0 | H42: =ROUND(SUM(H32:H33)*$C$42,0) -> 0 | I42: =ROUND(SUM(I32:I33)*$C$42,0) -> 0 | J42: =ROUND(SUM(J32:J33)*$C$42,0) -> 0 | K42: =ROUND(SUM(K32:K33)*$C$42,0) -> 0 | L42: =SUM(G42:K42) -> 0 | S42: Undergrad/Grad Students | U42: 0.02 | Y42: =SUM(Y32:Y33)*$C$42 -> 0 | Z42: =SUM(Z32:Z33)*$C$42 -> 0 | AA42: =SUM(AA32:AA33)*$C$42 -> 0 | AB42: =SUM(AB32:AB33)*$C$42 -> 0 | AC42: =SUM(AC32:AC33)*$C$42 -> 0 | AD42: =SUM(Y42:AC42) -> 0
A43: Subtotal Fringe Benefits | G43: =SUM(G37:G42) -> 0 | H43: =SUM(H37:H42) -> 0 | I43: =SUM(I37:I42) -> 0 | J43: =SUM(J37:J42) -> 0 | K43: =SUM(K37:K42) -> 0 | L43: =SUM(G43:K43) -> 0 | S43: Subtotal Fringe Benefits | Y43: =SUM(Y37:Y42) -> 0 | Z43: =SUM(Z37:Z42) -> 0 | AA43: =SUM(AA37:AA42) -> 0 | AB43: =SUM(AB37:AB42) -> 0 | AC43: =SUM(AC37:AC42) -> 0 | AD43: =SUM(Y43:AC43) -> 0 | AJ43: TRAVEL
A45: Travel | O45: # Travelers | P45: Days | Q45: # Trips | S45: Travel | AF45: # Travelers | AG45: Days | AH45: # Trips | AJ45: DESTINATION: Orlando, FL to TBD for Conference 1
A46: =+'PI Budget'!A51 -> Conference Travel | G46: =+AR60+AR78 -> 0 | H46: =+ROUND(G46*1.05,0) -> 0 | I46: =+ROUND(H46*1.05,0) -> 0 | J46: =+ROUND(I46*1.05,0) -> 0 | K46: =+ROUND(J46*1.05,0) -> 0 | L46: =SUM(G46:K46) -> 0 | N46: Conference | S46: Conference Travel | Y46: =+PersonnelTravelTuitionWorksheet!Z73+PersonnelTravelTuitionWorksheet!Z60+PersonnelTravelTuitionWorksheet!Z47 -> 0 | Z46: =+Y46*1.05 -> 0 | AA46: =+Z46*1.05 -> 0 | AB46: =+AA46*1.05 -> 0 | AC46: =+AB46*1.05 -> 0 | AD46: =SUM(Y46:AC46) -> 0 | AJ46: TRAVELER:
A47: =+'PI Budget'!A52 -> Project Travel | G47: =+AR96 -> 0 | H47: =+ROUND(G47*1.05,0) -> 0 | I47: =+ROUND(H47*1.05,0) -> 0 | J47: =+ROUND(I47*1.05,0) -> 0 | K47: =+ROUND(J47*1.05,0) -> 0 | L47: =SUM(G47:K47) -> 0 | N47: Conference | S47: Local Travel | Y47: 0 | Z47: =+Y47*1.05 -> 0 | AA47: =+Z47*1.05 -> 0 | AB47: =+AA47*1.05 -> 0 | AC47: =+AB47*1.05 -> 0 | AD47: =SUM(Y47:AC47) -> 0
A48: Subtotal Travel | G48: =SUM(G46:G47) -> 0 | H48: =SUM(H46:H47) -> 0 | I48: =SUM(I46:I47) -> 0 | J48: =SUM(J46:J47) -> 0 | K48: =SUM(K46:K47) -> 0 | L48: =SUM(G48:K48) -> 0 | N48: Project | S48: Subtotal Travel | Y48: =SUM(Y46:Y47) -> 0 | Z48: =SUM(Z46:Z47) -> 0 | AA48: =SUM(AA46:AA47) -> 0 | AB48: =SUM(AB46:AB47) -> 0 | AC48: =SUM(AC46:AC47) -> 0 | AD48: =SUM(Y48:AC48) -> 0 | AJ48: =+O46 -> 0 | AK48: Person | AL48: =+P46 -> 0 | AM48: Days | AN48: =+AL48-1 -> -1 | AO48: Nights | AP48: =+Q46 -> 0 | AQ48: Trips
A50: Supplies | S50: Supplies | AJ50: =AJ48 -> 0 | AK50: Round Trp Airfare | AM50: @ | AP50: 400 | AQ50: Each | AR50: =ROUND(AJ50*AP50*AP48,0) -> 0
A51: =+'PI Budget'!A56 -> Supplies | G51: 0 | H51: 0 | I51: 0 | J51: 0 | K51: 0 | L51: =SUM(G51:K51) -> 0 | S51: TBD | Y51: 0 | Z51: 0 | AA51: 0 | AB51: 0 | AC51: 0 | AD51: =SUM(Y51:AC51) -> 0 | AJ51: =AL48 -> 0 | AK51: Days Subsistence* | AN51: =AJ48 -> 0 | AO51: Traveler | AP51: 36 | AQ51: Per Day | AR51: =ROUND(AJ51*AN51*AP51*AP48,0) -> 0
A52: =+'PI Budget'!A57 -> TBD | G52: 0 | H52: 0 | I52: 0 | J52: 0 | K52: 0 | L52: =SUM(G52:K52) -> 0 | S52: TBD | Y52: 0 | Z52: 0 | AA52: 0 | AB52: 0 | AC52: 0 | AD52: =SUM(Y52:AC52) -> 0 | AJ52: =AN48 -> -1 | AK52: Nights Lodging* | AN52: =AJ48 -> 0 | AO52: Traveler | AP52: 150 | AQ52: Per Night | AR52: =ROUND(AJ52*AN52*AP52*AP48,0) -> 0
A53: =+'PI Budget'!A58 -> TBD | G53: 0 | H53: 0 | I53: 0 | J53: 0 | K53: 0 | L53: =SUM(G53:K53) -> 0
A54: =+'PI Budget'!#REF! -> #REF! | G54: 0 | H54: 0 | I54: 0 | J54: 0 | K54: 0 | L54: =SUM(G54:K54) -> 0 | S54: TBD | Y54: 0 | Z54: 0 | AA54: 0 | AB54: 0 | AC54: 0 | AD54: =SUM(Y54:AC54) -> 0 | AJ54: =+AN48 -> -1 | AK54: Rental Car | AM54: @ | AN54: =+AJ48 -> 0 | AO54: Traveler | AP54: 39 | AQ54: Per Day | AR54: =ROUND(AJ54*AN54*AP54*AP48,0) -> 0
A55: Subtotal Supplies | G55: =SUM(G51:G54) -> 0 | H55: =SUM(H51:H54) -> 0 | I55: =SUM(I51:I54) -> 0 | J55: =SUM(J51:J54) -> 0 | K55: =SUM(K51:K54) -> 0 | L55: =SUM(G55:K55) -> 0 | S55: Subtotal Supplies | Y55: =SUM(Y51:Y54) -> 0 | Z55: =SUM(Z51:Z54) -> 0 | AA55: =SUM(AA51:AA54) -> 0 | AB55: =SUM(AB51:AB54) -> 0 | AC55: =SUM(AC51:AC54) -> 0 | AD55: =SUM(Y55:AC55) -> 0 | AK55: Other: | AR55: 0
A57: Contractual | S57: Contractual | AK57: Conference Registration | AR57: =+AJ48*400 -> 0
A58: =+'PI Budget'!#REF! -> #REF! | G58: 0 | H58: 0 | I58: 0 | J58: 0 | K58: 0 | L58: =SUM(G58:K58) -> 0 | S58: TBD Contract | Y58: 0 | Z58: 0 | AA58: 0 | AB58: 0 | AC58: 0 | AD58: =SUM(Y58:AC58) -> 0 | AJ58: =+AJ48 -> 0 | AK58: Tolls, gas, parking, misc, etc | AR58: =+AJ58*100 -> 0
A59: =+'PI Budget'!#REF! -> #REF! | G59: 0 | H59: 0 | I59: 0 | J59: 0 | K59: 0 | L59: =SUM(G59:K59) -> 0 | S59: TBD Contract | Y59: 0 | Z59: 0 | AA59: 0 | AB59: 0 | AC59: 0 | AD59: =SUM(Y59:AC59) -> 0 | AK59: In-State Travel | AM59: @ | AN59: 0.445 | AO59: Per mile | AP59: 0 | AQ59: Miles | AR59: =ROUND(AN59*AP59*AP48*AJ48,0) -> 0
A60: =+'PI Budget'!A62 -> TBD Contract | G60: 0 | H60: 0 | I60: 0 | J60: 0 | K60: 0 | L60: =SUM(G60:K60) -> 0 | S60: TBD Contract | Y60: 0 | Z60: 0 | AA60: 0 | AB60: 0 | AC60: 0 | AD60: =SUM(Y60:AC60) -> 0 | AJ60: Sub Total Conference Trip 1 | AR60: =SUM(AR50:AR59) -> 0
A61: =+'PI Budget'!A63 -> TBD Contract | G61: 0 | H61: 0 | I61: 0 | J61: 0 | K61: 0 | L61: =SUM(G61:K61) -> 0 | S61: TBD Contract | Y61: 0 | Z61: 0 | AA61: 0 | AB61: 0 | AC61: 0 | AD61: =SUM(Y61:AC61) -> 0
A62: Subtotal Contractual | G62: =SUM(G58:G61) -> 0 | H62: =SUM(H58:H61) -> 0 | I62: =SUM(I58:I61) -> 0 | J62: =SUM(J58:J61) -> 0 | K62: =SUM(K58:K61) -> 0 | L62: =SUM(G62:K62) -> 0 | S62: Subtotal Contractual | Y62: =SUM(Y58:Y61) -> 0 | Z62: =SUM(Z58:Z61) -> 0 | AA62: =SUM(AA58:AA61) -> 0 | AB62: =SUM(AB58:AB61) -> 0 | AC62: =SUM(AC58:AC61) -> 0 | AD62: =SUM(Y62:AC62) -> 0
A63: Contractual Base for IDC | G63: 0 | H63: 0 | I63: 0 | J63: 0 | K63: 0 | L63: =SUM(G63:K63) -> 0 | S63: Contractual Base for IDC | Y63: 0 | Z63: 0 | AA63: 0 | AB63: 0 | AC63: 0 | AD63: =SUM(Y63:AC63) -> 0 | AJ63: DESTINATION: Orlando, FL to TBD for Conference 2
A65: Equipment | S65: Equipment | AJ65: TRAVELER:
A66: =+'PI Budget'!A68 -> TBD Equipment | G66: 0 | H66: 0 | I66: 0 | J66: 0 | K66: 0 | L66: =SUM(G66:K66) -> 0 | S66: TDB Equipment | Y66: 0 | Z66: 0 | AA66: 0 | AB66: 0 | AC66: 0 | AD66: =SUM(Y66:AC66) -> 0
A67: =+'PI Budget'!A69 -> TBD Equipment | G67: 0 | H67: 0 | I67: 0 | J67: 0 | K67: 0 | L67: =SUM(G67:K67) -> 0 | S67: TBD Equipment | Y67: 0 | Z67: 0 | AA67: 0 | AB67: 0 | AC67: 0 | AD67: =SUM(Y67:AC67) -> 0 | AJ67: =+O47 -> 0 | AK67: Person | AL67: =+P47 -> 0 | AM67: Days | AN67: =+AL67-1 -> -1 | AO67: Nights | AP67: =+Q47 -> 0 | AQ67: Trips
A68: =+'PI Budget'!A70 -> TBD Equipment | G68: 0 | H68: 0 | I68: 0 | J68: 0 | K68: 0 | L68: =SUM(G68:K68) -> 0 | S68: TBD Equipment | Y68: 0 | Z68: 0 | AA68: 0 | AB68: 0 | AC68: 0 | AD68: =SUM(Y68:AC68) -> 0
A69: Subtotal Equipment | G69: =SUM(G66:G68) -> 0 | H69: =SUM(H66:H68) -> 0 | I69: =SUM(I66:I68) -> 0 | J69: =SUM(J66:J68) -> 0 | K69: =SUM(K66:K68) -> 0 | L69: =SUM(G69:K69) -> 0 | S69: Subtotal Equipment | Y69: =SUM(Y66:Y68) -> 0 | Z69: =SUM(Z66:Z68) -> 0 | AA69: =SUM(AA66:AA68) -> 0 | AB69: =SUM(AB66:AB68) -> 0 | AC69: =SUM(AC66:AC68) -> 0 | AD69: =SUM(Y69:AC69) -> 0 | AJ69: =AJ67 -> 0 | AK69: Round Trp Airfare | AM69: @ | AP69: 400 | AQ69: Each | AR69: =ROUND(AJ69*AP69*AP67,0) -> 0
A71: Other | S71: Other | AJ71: =AL67 -> 0 | AK71: Days Subsistence* | AN71: =AJ67 -> 0 | AO71: Traveler | AP71: 36 | AQ71: Per Day | AR71: =ROUND(AJ71*AN71*AP71*AP67,0) -> 0
A72: =+'PI Budget'!A74 -> TBD | G72: 0 | H72: 0 | I72: 0 | J72: 0 | K72: 0 | L72: =SUM(G72:K72) -> 0 | S72: TBD | Y72: 0 | Z72: 0 | AA72: 0 | AB72: 0 | AC72: 0 | AD72: =SUM(Y72:AC72) -> 0 | AJ72: =AN67 -> -1 | AK72: Nights Lodging* | AN72: =AJ67 -> 0 | AO72: Traveler | AP72: 150 | AQ72: Per Night | AR72: =ROUND(AJ72*AN72*AP72*AP67,0) -> 0
A73: =+'PI Budget'!A75 -> TBD | G73: 0 | H73: 0 | I73: 0 | J73: 0 | K73: 0 | L73: =SUM(G73:K73) -> 0 | S73: TBD | Y73: 0 | Z73: 0 | AA73: 0 | AB73: 0 | AC73: 0 | AD73: =SUM(Y73:AC73) -> 0 | AJ73: =+AN67 -> -1 | AK73: Rental Car | AM73: @ | AN73: =+AJ67 -> 0 | AO73: Traveler | AP73: 39 | AQ73: Per Day | AR73: =ROUND(AJ73*AN73*AP73*AP67,0) -> 0
A74: =+'PI Budget'!A76 -> TBD | G74: 0 | H74: 0 | I74: 0 | J74: 0 | K74: 0 | L74: =SUM(G74:K74) -> 0 | S74: TBD | Y74: 0 | Z74: 0 | AA74: 0 | AB74: 0 | AC74: 0 | AD74: =SUM(Y74:AC74) -> 0 | AK74: Other: | AR74: 0
A75: =+'PI Budget'!A77 -> TBD | G75: 0 | H75: 0 | I75: 0 | J75: 0 | K75: 0 | L75: =SUM(G75:K75) -> 0 | S75: TBD | Y75: 0 | Z75: 0 | AA75: 0 | AB75: 0 | AC75: 0 | AD75: =SUM(Y75:AC75) -> 0 | AK75: Conference Registration | AR75: =+AJ67*400 -> 0
A76: =+'PI Budget'!A78 -> TBD | G76: 0 | H76: 0 | I76: 0 | J76: 0 | K76: 0 | L76: =SUM(G76:K76) -> 0 | S76: TBD | Y76: 0 | Z76: 0 | AA76: 0 | AB76: 0 | AC76: 0 | AD76: =SUM(Y76:AC76) -> 0 | AJ76: =+AJ67 -> 0 | AK76: Tolls, gas, parking, misc, etc | AR76: =+AJ76*100 -> 0
A77: =+'PI Budget'!A80 -> TBD IDC Excluded | G77: 0 | H77: 0 | I77: 0 | J77: 0 | K77: 0 | L77: =SUM(G77:K77) -> 0 | S77: TBD | Y77: 0 | AD77: =SUM(Y77:AC77) -> 0 | AK77: In-State Travel | AM77: @ | AN77: 0.445 | AO77: Per mile | AP77: 0 | AQ77: Miles | AR77: =ROUND(AN77*AP77*AP67*AJ67,0) -> 0
A78: Tuition grad student(s) (5% Escalation) | D78: Enter # >>>>>> | G78: =+F78*PersonnelTravelTuitionWorksheet!D29 -> 0 | H78: =+ROUND(G78*1.05,0) -> 0 | I78: =+ROUND(H78*1.05,0) -> 0 | J78: =+ROUND(I78*1.05,0) -> 0 | K78: =+ROUND(J78*1.05,0) -> 0 | L78: =SUM(G78:K78) -> 0 | S78: Tuition grad student(s) | V78: Enter # >>>>>> | X78: 0 | Y78: =8870*X78 -> 0 | Z78: =+Y78*1.05 -> 0 | AA78: =+Z78*1.05 -> 0 | AB78: =+AA78*1.05 -> 0 | AC78: =+AB78*1.05 -> 0 | AD78: =SUM(Y78:AC78) -> 0 | AJ78: Sub Total Conference Trip 2 | AR78: =SUM(AR69:AR77) -> 0
A79: Subtotal Other | G79: =SUM(G72:G78) -> 0 | H79: =SUM(H72:H78) -> 0 | I79: =SUM(I72:I78) -> 0 | J79: =SUM(J72:J78) -> 0 | K79: =SUM(K72:K78) -> 0 | L79: =SUM(G79:K79) -> 0 | S79: Subtotal Other | Y79: =SUM(Y72:Y78) -> 0 | Z79: =SUM(Z72:Z78) -> 0 | AA79: =SUM(AA72:AA78) -> 0 | AB79: =SUM(AB72:AB78) -> 0 | AC79: =SUM(AC72:AC78) -> 0 | AD79: =SUM(Y79:AC79) -> 0
A81: Participant Support Costs | S81: Participant Support Costs | AJ81: DESTINATION: Orlando, FL to TBD for Project 1
A82: =+'PI Budget'!A85 -> Stipends | G82: 0 | H82: 0 | I82: 0 | J82: 0 | K82: 0 | L82: =SUM(G82:K82) -> 0 | S82: TBD | Y82: 0 | Z82: 0 | AA82: 0 | AB82: 0 | AC82: 0 | AD82: =SUM(Y82:AC82) -> 0
A83: =+'PI Budget'!A87 -> TBD | G83: 0 | H83: 0 | I83: 0 | J83: 0 | K83: 0 | L83: =SUM(G83:K83) -> 0 | S83: TBD | Y83: 0 | Z83: 0 | AA83: 0 | AB83: 0 | AC83: 0 | AD83: =SUM(Y83:AC83) -> 0 | AJ83: TRAVELER:
A84: =+'PI Budget'!A88 -> TBD | G84: 0 | H84: 0 | I84: 0 | J84: 0 | K84: 0 | L84: =SUM(G84:K84) -> 0 | S84: TBD | Y84: 0 | Z84: 0 | AA84: 0 | AB84: 0 | AC84: 0 | AD84: =SUM(Y84:AC84) -> 0
A85: Subtotal Participant Support Costs | G85: =SUM(G82:G84) -> 0 | H85: =SUM(H82:H84) -> 0 | I85: =SUM(I82:I84) -> 0 | J85: =SUM(J82:J84) -> 0 | K85: =SUM(K82:K84) -> 0 | L85: =+K85+J85+I85+H85+G85 -> 0 | S85: Subtotal Participant Support Costs | Y85: =SUM(Y82:Y84) -> 0 | Z85: =SUM(Z82:Z84) -> 0 | AA85: =SUM(AA82:AA84) -> 0 | AB85: =SUM(AB82:AB84) -> 0 | AC85: =SUM(AC82:AC84) -> 0 | AD85: =+AC85+AB85+AA85+Z85+Y85 -> 0 | AJ85: =+O48 -> 0 | AK85: Person | AL85: =+P48 -> 0 | AM85: Days | AN85: =+AL85-1 -> -1 | AO85: Nights | AP85: =+Q48 -> 0 | AQ85: Trips
A87: Direct Costs | G87: =+G85+G79+G69+G62+G55+G48+G43+G34 -> 0 | H87: =+H85+H79+H69+H62+H55+H48+H43+H34 -> 0 | I87: =+I85+I79+I69+I62+I55+I48+I43+I34 -> 0 | J87: =+J85+J79+J69+J62+J55+J48+J43+J34 -> 0 | K87: =+K85+K79+K69+K62+K55+K48+K43+K34 -> 0 | L87: =SUM(G87:K87) -> 0 | S87: Direct Costs | Y87: =+Y85+Y79+Y69+Y62+Y55+Y48+Y43+Y34 -> 0 | Z87: =+Z85+Z79+Z69+Z62+Z55+Z48+Z43+Z34 -> 0 | AA87: =+AA85+AA79+AA69+AA62+AA55+AA48+AA43+AA34 -> 0 | AB87: =+AB85+AB79+AB69+AB62+AB55+AB48+AB43+AB34 -> 0 | AC87: =+AC85+AC79+AC69+AC62+AC55+AC48+AC43+AC34 -> 0 | AD87: =SUM(Y87:AC87) -> 0 | AJ87: =AJ85 -> 0 | AK87: Round Trp Airfare | AM87: @ | AP87: 400 | AQ87: Each | AR87: =ROUND(AJ87*AP87*AP85,0) -> 0
A88: Modified Total Direct Costs | G88: =+G87-G85-G78-G62-G69+G63-G77 -> 0 | H88: =+H87-H85-H78-H62-H69+H63-H77 -> 0 | I88: =+I87-I85-I78-I62-I69+I63-I77 -> 0 | J88: =+J87-J85-J78-J62-J69+J63-J77 -> 0 | K88: =+K87-K85-K78-K62-K69+K63-K77 -> 0 | L88: =SUM(G88:K88) -> 0 | S88: Modified Total Direct Costs | Y88: =+Y87-Y85-Y78-Y62-Y69+Y63-Y77 -> 0 | Z88: =+Z87-Z85-Z78-Z62-Z69+Z63-Z77 -> 0 | AA88: =+AA87-AA85-AA78-AA62-AA69+AA63-AA77 -> 0 | AB88: =+AB87-AB85-AB78-AB62-AB69+AB63-AB77 -> 0 | AC88: =+AC87-AC85-AC78-AC62-AC69+AC63-AC77 -> 0 | AD88: =SUM(Y88:AC88) -> 0
A89: F & A Costs | C89: =+'PI Budget'!C95 -> 0.535 | G89: =+ROUND(G88*$C$89,0) -> 0 | H89: =+ROUND(H88*$C$89,0) -> 0 | I89: =+ROUND(I88*$C$89,0) -> 0 | J89: =+ROUND(J88*$C$89,0) -> 0 | K89: =+ROUND(K88*$C$89,0) -> 0 | L89: =SUM(G89:K89) -> 0 | S89: F & A Costs | U89: 0.49 | Y89: =+Y88*$C$89 -> 0 | Z89: =+Z88*$C$89 -> 0 | AA89: =+AA88*$C$89 -> 0 | AB89: =+AB88*$C$89 -> 0 | AC89: =+AC88*$C$89 -> 0 | AD89: =SUM(Y89:AC89) -> 0 | AJ89: =AL85 -> 0 | AK89: Days Subsistence* | AN89: =AJ85 -> 0 | AO89: Traveler | AP89: 36 | AQ89: Per Day | AR89: =ROUND(AJ89*AN89*AP89*AP85,0) -> 0
A90: Total PI Project Cost | G90: =+G89+G87 -> 0 | H90: =+H89+H87 -> 0 | I90: =+I89+I87 -> 0 | J90: =+J89+J87 -> 0 | K90: =+K89+K87 -> 0 | L90: =SUM(G90:K90) -> 0 | S90: Total PI Project Cost | Y90: =+Y89+Y87 -> 0 | Z90: =+Z89+Z87 -> 0 | AA90: =+AA89+AA87 -> 0 | AB90: =+AB89+AB87 -> 0 | AC90: =+AC89+AC87 -> 0 | AD90: =SUM(Y90:AC90) -> 0 | AJ90: =AN85 -> -1 | AK90: Nights Lodging* | AN90: =AJ85 -> 0 | AO90: Traveler | AP90: 150 | AQ90: Per Night | AR90: =ROUND(AJ90*AN90*AP90*AP85,0) -> 0
AJ91: =+AN85 -> -1 | AK91: Rental Car | AM91: @ | AN91: =+AJ85 -> 0 | AO91: Traveler | AP91: 39 | AQ91: Per Day | AR91: =ROUND(AJ91*AN91*AP91*AP85,0) -> 0
AK92: Other: | AR92: 0
AK93: Conference Registration | AR93: =+AJ85*400 -> 0
AJ94: =+AJ85 -> 0 | AK94: Tolls, gas, parking, misc, etc | AR94: =+AJ94*100 -> 0
AK95: In-State Travel | AM95: @ | AN95: 0.445 | AO95: Per mile | AP95: 0 | AQ95: Miles | AR95: =ROUND(AN95*AP95*AP85*AJ85,0) -> 0
A96: % Participant Support/Total Budget | G96: =+G85/G90 -> #DIV/0! | H96: =+H85/H90 -> #DIV/0! | I96: =+I85/I90 -> #DIV/0! | J96: =+J85/J90 -> #DIV/0! | K96: =+K85/K90 -> #DIV/0! | L96: =+L85/L90 -> #DIV/0! | S96: % Participant Support/Total Budget | Y96: =+Y85/Y90 -> #DIV/0! | Z96: =+Z85/Z90 -> #DIV/0! | AA96: =+AA85/AA90 -> #DIV/0! | AB96: =+AB85/AB90 -> #DIV/0! | AC96: =+AC85/AC90 -> #DIV/0! | AD96: =+AD85/AD90 -> #DIV/0! | AJ96: Sub Total Project Trip 1 | AR96: =SUM(AR87:AR95) -> 0
A98: Required Cost Share | B98: Enter %>> | G98: =+G90*$C$98 -> 0 | H98: =+H90*$C$98 -> 0 | I98: =+I90*$C$98 -> 0 | J98: =+J90*$C$98 -> 0 | K98: =+K90*$C$98 -> 0 | L98: =+L90*$C$98 -> 0 | S98: Required Cost Share | T98: Enter %>> | Y98: =+Y90*$C$98 -> 0 | Z98: =+Z90*$C$98 -> 0 | AA98: =+AA90*$C$98 -> 0 | AB98: =+AB90*$C$98 -> 0 | AC98: =+AC90*$C$98 -> 0 | AD98: =+AD90*$C$98 -> 0
A100: Estimated Cost Share | G100: =+Y90 -> 0 | H100: =+Z90 -> 0 | I100: =+AA90 -> 0 | J100: =+AB90 -> 0 | K100: =+AC90 -> 0 | L100: =+AD90 -> 0 | S100: Estimated Cost Share | Y100: =+Y90 -> 0 | Z100: =+Z90 -> 0 | AA100: =+AA90 -> 0 | AB100: =+AB90 -> 0 | AC100: =+AC90 -> 0 | AD100: =+AD90 -> 0
A102: Over/Under | G102: =+G100-G98 -> 0 | H102: =+H100-H98 -> 0 | I102: =+I100-I98 -> 0 | J102: =+J100-J98 -> 0 | K102: =+K100-K98 -> 0 | L102: =+L100-L90 -> 0 | S102: Over/Under | Y102: =+Y100-Y98 -> 0 | Z102: =+Z100-Z98 -> 0 | AA102: =+AA100-AA98 -> 0 | AB102: =+AB100-AB98 -> 0 | AC102: =+AC100-AC98 -> 0 | AD102: =+AD100-AD98 -> 0
A106: Budget Reconciliation Worksheet | G106: CO-PI: | H106: =+B5 -> 0 | J106: =+G8 -> #REF!
A108: ITEM | G108: Year 1 | H108: Year 2 | I108: Year 3 | J108: Year 4 | K108: Year 5 | L108: Total
A109: Personnel | G109: =+'College 2'!G15+'College 2'!G16+'College 2'!G17+'College 2'!G18+'College 2'!G19+'College 2'!G20+'College 2'!G21+'College 2'!G22+'College 2'!G23+'College 2'!G24+'College 2'!G25+'College 2'!G32+'College 2'!G33 -> 0 | H109: =+'College 2'!H15+'College 2'!H16+'College 2'!H17+'College 2'!H18+'College 2'!H19+'College 2'!H20+'College 2'!H21+'College 2'!H22+'College 2'!H23+'College 2'!H24+'College 2'!H25+'College 2'!H32+'College 2'!H33 -> 0 | I109: =+'College 2'!I15+'College 2'!I16+'College 2'!I17+'College 2'!I18+'College 2'!I19+'College 2'!I20+'College 2'!I21+'College 2'!I22+'College 2'!I23+'College 2'!I24+'College 2'!I25+'College 2'!I32+'College 2'!I33 -> 0 | J109: =+'College 2'!J15+'College 2'!J16+'College 2'!J17+'College 2'!J18+'College 2'!J19+'College 2'!J20+'College 2'!J21+'College 2'!J22+'College 2'!J23+'College 2'!J24+'College 2'!J25+'College 2'!J32+'College 2'!J33 -> 0 | K109: =+'College 2'!K15+'College 2'!K16+'College 2'!K17+'College 2'!K18+'College 2'!K19+'College 2'!K20+'College 2'!K21+'College 2'!K22+'College 2'!K23+'College 2'!K24+'College 2'!K25+'College 2'!K32+'College 2'!K33 -> 0 | L109: =SUM(G109:K109) -> 0
A110: Other Personnel Services | G110: =+'College 2'!G26+'College 2'!G27+'College 2'!G28+'College 2'!G29+'College 2'!G30+'College 2'!G31 -> 0 | H110: =+'College 2'!H26+'College 2'!H27+'College 2'!H28+'College 2'!H29+'College 2'!H30+'College 2'!H31 -> 0 | I110: =+'College 2'!I26+'College 2'!I27+'College 2'!I28+'College 2'!I29+'College 2'!I30+'College 2'!I31 -> 0 | J110: =+'College 2'!J26+'College 2'!J27+'College 2'!J28+'College 2'!J29+'College 2'!J30+'College 2'!J31 -> 0 | K110: =+'College 2'!K26+'College 2'!K27+'College 2'!K28+'College 2'!K29+'College 2'!K30+'College 2'!K31 -> 0 | L110: =SUM(G110:K110) -> 0
A111: Fringe | G111: =+'College 2'!G43 -> 0 | H111: =+'College 2'!H43 -> 0 | I111: =+'College 2'!I43 -> 0 | J111: =+'College 2'!J43 -> 0 | K111: =+'College 2'!K43 -> 0 | L111: =SUM(G111:K111) -> 0
A112: Consulting | G112: =+'College 2'!G76 -> 0 | H112: =+'College 2'!H76 -> 0 | I112: =+'College 2'!I76 -> 0 | J112: =+'College 2'!J76 -> 0 | K112: =+'College 2'!K76 -> 0 | L112: =SUM(G112:K112) -> 0
A113: Equipment | G113: =+'College 2'!G69 -> 0 | H113: =+'College 2'!H69 -> 0 | I113: =+'College 2'!I69 -> 0 | J113: =+'College 2'!J69 -> 0 | K113: =+'College 2'!K69 -> 0 | L113: =SUM(G113:K113) -> 0
A114: Stipends | G114: =+'College 2'!G85 -> 0 | H114: =+'College 2'!H85 -> 0 | I114: =+'College 2'!I85 -> 0 | J114: =+'College 2'!J85 -> 0 | K114: =+'College 2'!K85 -> 0 | L114: =SUM(G114:K114) -> 0
A115: Subcontracts with F&A | G115: =+'College 2'!G63 -> 0 | H115: =+'College 2'!H63 -> 0 | I115: =+'College 2'!I63 -> 0 | J115: =+'College 2'!J63 -> 0 | K115: =+'College 2'!K63 -> 0 | L115: =SUM(G115:K115) -> 0
A116: Subcontracts without F&A | G116: =+'College 2'!G62-'College 2'!G63 -> 0 | H116: =+'College 2'!H62-'College 2'!H63 -> 0 | I116: =+'College 2'!I62-'College 2'!I63 -> 0 | J116: =+'College 2'!J62-'College 2'!J63 -> 0 | K116: =+'College 2'!K62-'College 2'!K63 -> 0 | L116: =SUM(G116:K116) -> 0
A117: Travel | G117: =+'College 2'!G48 -> 0 | H117: =+'College 2'!H48 -> 0 | I117: =+'College 2'!I48 -> 0 | J117: =+'College 2'!J48 -> 0 | K117: =+'College 2'!K48 -> 0 | L117: =SUM(G117:K117) -> 0
A118: Tuition | G118: =+'College 2'!G78 -> 0 | H118: =+'College 2'!H78 -> 0 | I118: =+'College 2'!I78 -> 0 | J118: =+'College 2'!J78 -> 0 | K118: =+'College 2'!K78 -> 0 | L118: =SUM(G118:K118) -> 0
A119: Other Direct Expenses with F&A | G119: =+'College 2'!G55+'College 2'!G72+'College 2'!G73+'College 2'!G74+'College 2'!G75 -> 0 | H119: =+'College 2'!H55+'College 2'!H72+'College 2'!H73+'College 2'!H74+'College 2'!H75 -> 0 | I119: =+'College 2'!I55+'College 2'!I72+'College 2'!I73+'College 2'!I74+'College 2'!I75 -> 0 | J119: =+'College 2'!J55+'College 2'!J72+'College 2'!J73+'College 2'!J74+'College 2'!J75 -> 0 | K119: =+'College 2'!K55+'College 2'!K72+'College 2'!K73+'College 2'!K74+'College 2'!K75 -> 0 | L119: =SUM(G119:K119) -> 0
...

Sheet College 3
A2: (Unhide Columns R-AH for Cost Share Budget) | S2: Cost Share Budget
G3: College | H3: Credit Split | I3: TITLE: | J3: =+'PI Budget'!F4:R5 -> #VALUE! | Y3: Cred Split | Z3: IDC Spilt | AA3: TITLE:
A4: PI NAME: | B4: =+'PI Budget'!B5:E5 -> 0 | G4: =+'PI Budget'!#REF! -> #REF! | H4: =+'PI Budget'!#REF! -> #REF! | S4: PI NAME:
A5: CO-PI #1 NAME: | B5: =+'PI Budget'!B6:E6 -> 0 | G5: =+'PI Budget'!#REF! -> #REF! | H5: =+'PI Budget'!#REF! -> #REF! | I5: SPONSOR: | J5: =+'PI Budget'!F6:R6 -> 0 | S5: CO-PI #1 NAME: | AA5: SPONSOR:
A6: CO-PI #2 NAME: | B6: =+'PI Budget'!B7:E7 -> 0 | G6: =+'PI Budget'!#REF! -> #REF! | H6: =+'PI Budget'!#REF! -> #REF! | I6: POP: | J6: =+'PI Budget'!#REF! -> #REF! | K6: to | L6: =+'PI Budget'!R7 -> 0
A7: CO-PI #3 NAME: | B7: =+'PI Budget'!B8:E8 -> 0 | G7: =+'PI Budget'!#REF! -> #REF! | H7: =+'PI Budget'!#REF! -> #REF!
A8: CO-PI #4 NAME: | B8: =+'PI Budget'!B9:E9 -> 0 | G8: =+'PI Budget'!#REF! -> #REF! | H8: =+'PI Budget'!#REF! -> #REF! | I8: MAX BUDGET: | J8: =+'PI Budget'!#REF! -> #REF! | K8: YEARS: | L8: =+'PI Budget'!R9 -> 0
A9: CO-PI #5 NAME: | B9: =+'PI Budget'!B10:E10 -> 0 | G9: =+'PI Budget'!#REF! -> #REF! | H9: =+'PI Budget'!#REF! -> #REF! | I9: LIMITATIONS: | J9: =+'PI Budget'!#REF! -> #REF! | S9: CO-PI #2 NAME: | AA9: POP:
A11: CO-PI BUDGET | C11: =+B6 -> 0 | H11: +G6 | S11: SPONSOR BUDGET
A14: Personnel | B14: Effort % | C14: Months | D14: Fall | E14: Spr | F14: Sum | G14: Year 1 | H14: Year 2 | I14: Year 3 | J14: Year 4 | K14: Year 5 | L14: Total | O14: Salary | P14: Contract | Q14: Monthly | S14: Personnel | T14: Effort % | U14: Months | V14: Fall | W14: Spr | X14: Sum | Y14: Year 1 | Z14: Year 2 | AA14: Year 3 | AB14: Year 4 | AC14: Year 5 | AD14: Total | AF14: Salary | AG14: Contract | AH14: Monthly
A15: =+B4 -> 0 | B15: =+C15/P15 -> 0 | C15: =+F15+E15+D15 -> 0 | G15: =(ROUND(C15*Q15,0)) -> 0 | H15: =+ROUND(G15*1.03,0) -> 0 | I15: =+ROUND(H15*1.03,0) -> 0 | J15: =+ROUND(I15*1.03,0) -> 0 | K15: =+ROUND(J15*1.03,0) -> 0 | L15: =SUM(G15:K15) -> 0 | O15: =+'PI Budget'!V16 -> 0 | P15: =+'PI Budget'!W16 -> 9 | Q15: =+ROUND(O15/P15,0) -> 0 | S15: =+T4 -> 0 | T15: =+U15/AG15 -> 0 | U15: =+X15+W15+V15 -> 0 | V15: 0 | Y15: =+U15*AH15 -> 0 | Z15: =+Y15*1.03 -> 0 | AA15: =+Z15*1.03 -> 0 | AB15: =+AA15*1.03 -> 0 | AC15: =+AB15*1.03 -> 0 | AD15: =SUM(Y15:AC15) -> 0 | AF15: 10000 | AG15: 9 | AH15: =+AF15/AG15 -> 1111.1111
A16: =+B5 -> 0 | B16: =+C16/P16 -> 0 | C16: =+F16+E16+D16 -> 0 | G16: =(ROUND(C16*Q16,0)) -> 0 | H16: =+ROUND(G16*1.03,0) -> 0 | I16: =+ROUND(H16*1.03,0) -> 0 | J16: =+ROUND(I16*1.03,0) -> 0 | K16: =+ROUND(J16*1.03,0) -> 0 | L16: =SUM(G16:K16) -> 0 | O16: =+'PI Budget'!V17 -> 0 | P16: =+'PI Budget'!W17 -> 9 | Q16: =+ROUND(O16/P16,0) -> 0 | S16: =+T5 -> 0 | T16: =+U16/AG16 -> 0 | U16: =+X16+W16+V16 -> 0 | Y16: =+U16*AH16 -> 0 | Z16: =+Y16*1.03 -> 0 | AA16: =+Z16*1.03 -> 0 | AB16: =+AA16*1.03 -> 0 | AC16: =+AB16*1.03 -> 0 | AD16: =SUM(Y16:AC16) -> 0 | AF16: 0 | AG16: 9 | AH16: =+AF16/AG16 -> 0
A17: =+B6 -> 0 | B17: =+C17/P17 -> 0 | C17: =+F17+E17+D17 -> 0 | G17: =(ROUND(C17*Q17,0)) -> 0 | H17: =+ROUND(G17*1.03,0) -> 0 | I17: =+ROUND(H17*1.03,0) -> 0 | J17: =+ROUND(I17*1.03,0) -> 0 | K17: =+ROUND(J17*1.03,0) -> 0 | L17: =SUM(G17:K17) -> 0 | O17: =+'PI Budget'!V18 -> 0 | P17: =+'PI Budget'!W18 -> 9 | Q17: =+ROUND(O17/P17,0) -> 0 | S17: =+T9 -> 0 | T17: =+U17/AG17 -> 0 | U17: =+X17+W17+V17 -> 0 | Y17: =+U17*AH17 -> 0 | Z17: =+Y17*1.03 -> 0 | AA17: =+Z17*1.03 -> 0 | AB17: =+AA17*1.03 -> 0 | AC17: =+AB17*1.03 -> 0 | AD17: =SUM(Y17:AC17) -> 0 | AF17: 0 | AG17: 9 | AH17: =+AF17/AG17 -> 0
A18: =+B7 -> 0 | B18: =+C18/P18 -> 0 | C18: =+F18+E18+D18 -> 0 | G18: =+C18*Q18 -> 0 | H18: =+G18*1.03 -> 0 | I18: =+H18*1.03 -> 0 | J18: =+I18*1.03 -> 0 | K18: =+J18*1.03 -> 0 | L18: =SUM(G18:K18) -> 0 | O18: =+'PI Budget'!V19 -> 0 | P18: =+'PI Budget'!W19 -> 9 | Q18: =+O18/P18 -> 0 | T18: =+U18/AG18 -> 0 | U18: =+X18+W18+V18 -> 0 | Y18: =+U18*AH18 -> 0 | Z18: =+Y18*1.03 -> 0 | AA18: =+Z18*1.03 -> 0 | AB18: =+AA18*1.03 -> 0 | AC18: =+AB18*1.03 -> 0 | AD18: =SUM(Y18:AC18) -> 0 | AF18: 0 | AG18: 9 | AH18: =+AF18/AG18 -> 0
A19: =+B8 -> 0 | B19: =+C19/P19 -> 0 | C19: =+F19+E19+D19 -> 0 | G19: =+C19*Q19 -> 0 | H19: =+G19*1.03 -> 0 | I19: =+H19*1.03 -> 0 | J19: =+I19*1.03 -> 0 | K19: =+J19*1.03 -> 0 | L19: =SUM(G19:K19) -> 0 | O19: =+'PI Budget'!V20 -> 0 | P19: =+'PI Budget'!W20 -> 9 | Q19: =+O19/P19 -> 0 | T19: =+U19/AG19 -> 0 | U19: =+X19+W19+V19 -> 0 | Y19: =+U19*AH19 -> 0 | Z19: =+Y19*1.03 -> 0 | AA19: =+Z19*1.03 -> 0 | AB19: =+AA19*1.03 -> 0 | AC19: =+AB19*1.03 -> 0 | AD19: =SUM(Y19:AC19) -> 0 | AF19: 0 | AG19: 9 | AH19: =+AF19/AG19 -> 0
A20: =+B9 -> 0 | B20: =+C20/P20 -> 0 | C20: =+F20+E20+D20 -> 0 | G20: =+C20*Q20 -> 0 | H20: =+G20*1.03 -> 0 | I20: =+H20*1.03 -> 0 | J20: =+I20*1.03 -> 0 | K20: =+J20*1.03 -> 0 | L20: =SUM(G20:K20) -> 0 | O20: =+'PI Budget'!V21 -> 0 | P20: =+'PI Budget'!W21 -> 9 | Q20: =+O20/P20 -> 0 | T20: =+U20/AG20 -> 0 | U20: =+X20+W20+V20 -> 0 | Y20: =+U20*AH20 -> 0 | Z20: =+Y20*1.03 -> 0 | AA20: =+Z20*1.03 -> 0 | AB20: =+AA20*1.03 -> 0 | AC20: =+AB20*1.03 -> 0 | AD20: =SUM(Y20:AC20) -> 0 | AF20: 0 | AG20: 9 | AH20: =+AF20/AG20 -> 0
A21: =+'PI Budget'!A23 -> A&P | B21: =+C21/P21 -> 0 | C21: 0 | G21: =+O21/12*C21 -> 0 | H21: =+G21*1.03 -> 0 | I21: =+H21*1.03 -> 0 | J21: =+I21*1.03 -> 0 | K21: =+J21*1.03 -> 0 | L21: =SUM(G21:K21) -> 0 | P21: 12 | Q21: =+O21/P21 -> 0
A22: =+'PI Budget'!A24 -> A&P | C22: 0 | G22: =+O22/12*C22 -> 0 | H22: =+G22*1.03 -> 0 | I22: =+H22*1.03 -> 0 | J22: =+I22*1.03 -> 0 | K22: =+J22*1.03 -> 0 | L22: =SUM(G22:K22) -> 0 | P22: 12 | Q22: =+O22/P22 -> 0
A23: =+'PI Budget'!A25 -> A&P | B23: =+C23/P23 -> 0 | C23: =+D23+E23+F23 -> 0 | G23: =(ROUND(C23*Q23,0)) -> 0 | H23: =+ROUND(G23*1.03,0) -> 0 | I23: =+ROUND(H23*1.03,0) -> 0 | J23: =+ROUND(I23*1.03,0) -> 0 | K23: =+ROUND(J23*1.03,0) -> 0 | L23: =SUM(G23:K23) -> 0 | P23: 12 | Q23: =+ROUND(O23/P23,0) -> 0 | S23: A&P | T23: =+U23/AG23 -> 0 | U23: =+V23+W23+X23 -> 0 | Y23: 0 | Z23: =+Y23*1.03 -> 0 | AA23: =+Z23*1.03 -> 0 | AB23: =+AA23*1.03 -> 0 | AC23: =+AB23*1.03 -> 0 | AD23: =SUM(Y23:AC23) -> 0 | AF23: 0 | AG23: 12 | AH23: =+AF23/AG23 -> 0
A24: =+'PI Budget'!A26 -> USPS | B24: =+C24/P24 -> 0 | C24: =+D24+E24+F24 -> 0 | G24: =(ROUND(C24*Q24,0)) -> 0 | H24: =+ROUND(G24*1.03,0) -> 0 | I24: =+ROUND(H24*1.03,0) -> 0 | J24: =+ROUND(I24*1.03,0) -> 0 | K24: =+ROUND(J24*1.03,0) -> 0 | L24: =SUM(G24:K24) -> 0 | P24: 12 | Q24: =+ROUND(O24/P24,0) -> 0 | S24: USPS | T24: =+U24/AG24 -> 0 | U24: =+V24+W24+X24 -> 0 | Y24: 0 | Z24: =+Y24*1.03 -> 0 | AA24: =+Z24*1.03 -> 0 | AB24: =+AA24*1.03 -> 0 | AC24: =+AB24*1.03 -> 0 | AD24: =SUM(Y24:AC24) -> 0 | AF24: 0 | AG24: 12 | AH24: =+AF24/AG24 -> 0
A25: =+'PI Budget'!A27 -> Post Doc | B25: =+C25/P25 -> 0 | C25: =+D25+E25+F25 -> 0 | G25: =(ROUND(C25*Q25,0)) -> 0 | H25: =+ROUND(G25*1.03,0) -> 0 | I25: =+ROUND(H25*1.03,0) -> 0 | J25: =+ROUND(I25*1.03,0) -> 0 | K25: =+ROUND(J25*1.03,0) -> 0 | L25: =SUM(G25:K25) -> 0 | P25: 12 | Q25: =+ROUND(O25/P25,0) -> 0 | S25: Post Doc | T25: =+U25/AG25 -> 0 | U25: =+V25+W25+X25 -> 0 | Y25: 0 | Z25: =+Y25*1.03 -> 0 | AA25: =+Z25*1.03 -> 0 | AB25: =+AA25*1.03 -> 0 | AC25: =+AB25*1.03 -> 0 | AD25: =SUM(Y25:AC25) -> 0 | AF25: 0 | AG25: 12 | AH25: =+AF25/AG25 -> 0
A26: =+'PI Budget'!A28 -> OPS | C26: 0 | G26: =+C26/12*O26 -> 0 | H26: =+ROUND(G26*1.03,0) -> 0 | I26: =+ROUND(H26*1.03,0) -> 0 | J26: =+ROUND(I26*1.03,0) -> 0 | K26: =+ROUND(J26*1.03,0) -> 0 | L26: =SUM(G26:K26) -> 0 | P26: 12
A27: =+'PI Budget'!A29 -> OPS | C27: 0 | G27: =+C27/12*O27 -> 0 | H27: =+ROUND(G27*1.03,0) -> 0 | I27: =+ROUND(H27*1.03,0) -> 0 | J27: =+ROUND(I27*1.03,0) -> 0 | K27: =+ROUND(J27*1.03,0) -> 0 | L27: =SUM(G27:K27) -> 0 | P27: 12
A28: =+'PI Budget'!A30 -> OPS | C28: 0 | G28: =+C28/12*O28 -> 0 | H28: =+G28*1.03 -> 0 | I28: =+H28*1.03 -> 0 | J28: =+I28*1.03 -> 0 | K28: =+J28*1.03 -> 0 | L28: =SUM(G28:K28) -> 0 | P28: 12
A29: =+'PI Budget'!A31 -> OPS | C29: 0 | G29: =+C29/12*O29 -> 0 | H29: =+G29*1.03 -> 0 | I29: =+H29*1.03/2 -> 0 | J29: =+I29*1.03 -> 0 | K29: =+J29*1.03 -> 0 | L29: =SUM(G29:K29) -> 0 | P29: 12
A30: =+'PI Budget'!A32 -> OPS | C30: 0 | G30: =+C30/12*O30 -> 0 | H30: =+G30*1.03 -> 0 | I30: =+H30*1.03/2 -> 0 | J30: =+I30*1.03 -> 0 | K30: =+J30*1.03 -> 0 | L30: =SUM(G30:K30) -> 0 | P30: 12
A31: =+'PI Budget'!A33 -> OPS | B31: =+C31/P31 -> 0 | C31: 0 | G31: =+C31/12*O31 -> 0 | H31: =+G31*1.03 -> 0 | I31: =+H31*1.03/2 -> 0 | J31: =+I31*1.03 -> 0 | K31: =+J31*1.03 -> 0 | L31: =SUM(G31:K31) -> 0 | P31: 12 | Q31: =+O31/P31 -> 0 | S31: OPS | T31: =+U31/AG31 -> 0 | U31: =+V31+W31+X31 -> 0 | Y31: 0 | Z31: =+Y31*1.03 -> 0 | AA31: =+Z31*1.03 -> 0 | AB31: =+AA31*1.03 -> 0 | AC31: =+AB31*1.03 -> 0 | AD31: =SUM(Y31:AC31) -> 0 | AF31: 0 | AG31: 12 | AH31: =+AF31/AG31 -> 0
A32: =+'PI Budget'!A34 -> Undergraduate Students | B32: =+C32/P32 -> 0 | C32: =+D32+E32+F32 -> 0 | G32: =(ROUND(C32*Q32,0)) -> 0 | H32: =+ROUND(G32*1.03,0) -> 0 | I32: =+ROUND(H32*1.03,0) -> 0 | J32: =+ROUND(I32*1.03,0) -> 0 | K32: =+ROUND(J32*1.03,0) -> 0 | L32: =SUM(G32:K32) -> 0 | P32: 12 | Q32: =+ROUND(O32/P32,0) -> 0 | S32: Undergraduate Students | T32: =+U32/AG32 -> 0 | U32: =+V32+W32+X32 -> 0 | Y32: 0 | Z32: =+Y32*1.03 -> 0 | AA32: =+Z32*1.03 -> 0 | AB32: =+AA32*1.03 -> 0 | AC32: =+AB32*1.03 -> 0 | AD32: =SUM(Y32:AC32) -> 0 | AF32: =10.05*1044 -> 10492.2 | AG32: 12 | AH32: =+AF32/AG32 -> 874.35
A33: =+'PI Budget'!A36 -> Grad Research Asst | B33: =+C33/P33 -> 0 | C33: =+D33+E33+F33 -> 0 | G33: 0 | I33: =+ROUND(H33*1.03,0) -> 0 | J33: =+ROUND(I33*1.03,0) -> 0 | K33: =+ROUND(J33*1.03,0) -> 0 | L33: =SUM(G33:K33) -> 0 | P33: 12 | Q33: =+ROUND(O33/P33,0) -> 0 | S33: Graduate Students | T33: =+U33/AG33 -> 0 | U33: =+V33+W33+X33 -> 0 | Y33: 0 | Z33: =+Y33*1.03 -> 0 | AA33: =+Z33*1.03 -> 0 | AB33: =+AA33*1.03 -> 0 | AC33: =+AB33*1.03 -> 0 | AD33: =SUM(Y33:AC33) -> 0 | AF33: 18500 | AG33: 12 | AH33: =+AF33/AG33 -> 1541.6667
A34: Subtotal Salaries | G34: =SUM(G15:G33) -> 0 | H34: =SUM(H15:H33) -> 0 | I34: =SUM(I15:I33) -> 0 | J34: =SUM(J15:J33) -> 0 | K34: =SUM(K15:K33) -> 0 | L34: =SUM(G34:K34) -> 0 | S34: Subtotal Salaries | Y34: =SUM(Y15:Y33) -> 0 | Z34: =SUM(Z15:Z33) -> 0 | AA34: =SUM(AA15:AA33) -> 0 | AB34: =SUM(AB15:AB33) -> 0 | AC34: =SUM(AC15:AC33) -> 0 | AD34: =SUM(Y34:AC34) -> 0
A36: Fringe Benefits | S36: Fringe Benefits
A37: Faculty | C37: 0.31 | G37: =ROUND(SUM(G15:G20)*$C$37,0) -> 0 | H37: =ROUND(SUM(H15:H20)*$C$37,0) -> 0 | I37: =ROUND(SUM(I15:I20)*$C$37,0) -> 0 | J37: =ROUND(SUM(J15:J20)*$C$37,0) -> 0 | K37: =ROUND(SUM(K15:K20)*$C$37,0) -> 0 | L37: =SUM(G37:K37) -> 0 | S37: Faculty | U37: 0.28 | Y37: =SUM(Y15:Y20)*$C$37 -> 0 | Z37: =SUM(Z15:Z20)*$C$37 -> 0 | AA37: =SUM(AA15:AA20)*$C$37 -> 0 | AB37: =SUM(AB15:AB20)*$C$37 -> 0 | AC37: =SUM(AC15:AC20)*$C$37 -> 0 | AD37: =SUM(Y37:AC37) -> 0
A38: A&P | C38: 0.39 | G38: 0 | H38: =ROUND((H23+H22+H21)*$C$38,0) -> 0 | I38: =ROUND((I23+I22+I21)*$C$38,0) -> 0 | J38: =ROUND((J23+J22+J21)*$C$38,0) -> 0 | K38: =ROUND((K23+K22+K21)*$C$38,0) -> 0 | L38: =SUM(G38:K38) -> 0 | S38: A&P | U38: 0.37 | Y38: =(Y23)*$C$38 -> 0 | Z38: =(Z23)*$C$38 -> 0 | AA38: =(AA23)*$C$38 -> 0 | AB38: =(AB23)*$C$38 -> 0 | AC38: =(AC23)*$C$38 -> 0 | AD38: =SUM(Y38:AC38) -> 0
A39: USPS | C39: 0.52 | G39: =ROUND((G24)*$C$39,0) -> 0 | H39: =ROUND((H24)*$C$39,0) -> 0 | I39: =ROUND((I24)*$C$39,0) -> 0 | J39: =ROUND((J24)*$C$39,0) -> 0 | K39: =ROUND((K24)*$C$39,0) -> 0 | L39: =SUM(G39:K39) -> 0 | S39: USPS | U39: 0.5 | Y39: =(Y24)*$C$39 -> 0 | Z39: =(Z24)*$C$39 -> 0 | AA39: =(AA24)*$C$39 -> 0 | AB39: =(AB24)*$C$39 -> 0 | AC39: =(AC24)*$C$39 -> 0 | AD39: =SUM(Y39:AC39) -> 0
A40: Post Doc | C40: 0.23 | G40: =+ROUND(G25*$C$40,0) -> 0 | H40: =+ROUND(H25*$C$40,0) -> 0 | I40: =+ROUND(I25*$C$40,0) -> 0 | J40: =+ROUND(J25*$C$40,0) -> 0 | K40: =+ROUND(K25*$C$40,0) -> 0 | L40: =SUM(G40:K40) -> 0 | S40: Post Doc | U40: 0.22 | Y40: =+Y25*$C$40 -> 0 | Z40: =+Z25*$C$40 -> 0 | AA40: =+AA25*$C$40 -> 0 | AB40: =+AB25*$C$40 -> 0 | AC40: =+AC25*$C$40 -> 0 | AD40: =SUM(Y40:AC40) -> 0
A41: OPS | C41: 0.14 | G41: =+ROUND(SUM(G26:G31)*$C$41,0) -> 0 | H41: =+ROUND(SUM(H26:H31)*$C$41,0) -> 0 | I41: =+ROUND(SUM(I26:I31)*$C$41,0) -> 0 | J41: =+ROUND(SUM(J26:J31)*$C$41,0) -> 0 | K41: =+ROUND(SUM(K26:K31)*$C$41,0) -> 0 | L41: =SUM(G41:K41) -> 0 | S41: OPS | U41: 0.12 | Y41: =+Y31*$C$41 -> 0 | Z41: =+Z31*$C$41 -> 0 | AA41: =+AA31*$C$41 -> 0 | AB41: =+AB31*$C$41 -> 0 | AC41: =+AC31*$C$41 -> 0 | AD41: =SUM(Y41:AC41) -> 0
A42: Undergrad/Grad Students | C42: 0.02 | G42: =ROUND(SUM(G32:G33)*$C$42,0) -> 0 | H42: =ROUND(SUM(H32:H33)*$C$42,0) -> 0 | I42: =ROUND(SUM(I32:I33)*$C$42,0) -> 0 | J42: =ROUND(SUM(J32:J33)*$C$42,0) -> 0 | K42: =ROUND(SUM(K32:K33)*$C$42,0) -> 0 | L42: =SUM(G42:K42) -> 0 | S42: Undergrad/Grad Students | U42: 0.02 | Y42: =SUM(Y32:Y33)*$C$42 -> 0 | Z42: =SUM(Z32:Z33)*$C$42 -> 0 | AA42: =SUM(AA32:AA33)*$C$42 -> 0 | AB42: =SUM(AB32:AB33)*$C$42 -> 0 | AC42: =SUM(AC32:AC33)*$C$42 -> 0 | AD42: =SUM(Y42:AC42) -> 0
A43: Subtotal Fringe Benefits | G43: =SUM(G37:G42) -> 0 | H43: =SUM(H37:H42) -> 0 | I43: =SUM(I37:I42) -> 0 | J43: =SUM(J37:J42) -> 0 | K43: =SUM(K37:K42) -> 0 | L43: =SUM(G43:K43) -> 0 | S43: Subtotal Fringe Benefits | Y43: =SUM(Y37:Y42) -> 0 | Z43: =SUM(Z37:Z42) -> 0 | AA43: =SUM(AA37:AA42) -> 0 | AB43: =SUM(AB37:AB42) -> 0 | AC43: =SUM(AC37:AC42) -> 0 | AD43: =SUM(Y43:AC43) -> 0 | AK43: TRAVEL
A45: Travel | O45: # Travelers | P45: Days | Q45: # Trips | S45: Travel | AF45: # Travelers | AG45: Days | AH45: # Trips | AK45: DESTINATION: Orlando, FL to TBD for Conference 1
A46: =+'PI Budget'!A51 -> Conference Travel | G46: =+AS60+AS78 -> 0 | H46: =+ROUND(G46*1.05,0) -> 0 | I46: =+ROUND(H46*1.05,0) -> 0 | J46: =+ROUND(I46*1.05,0) -> 0 | K46: =+ROUND(J46*1.05,0) -> 0 | L46: =SUM(G46:K46) -> 0 | N46: Conference | S46: Conference Travel | Y46: =+PersonnelTravelTuitionWorksheet!Z73+PersonnelTravelTuitionWorksheet!Z60+PersonnelTravelTuitionWorksheet!Z47 -> 0 | Z46: =+Y46*1.05 -> 0 | AA46: =+Z46*1.05 -> 0 | AB46: =+AA46*1.05 -> 0 | AC46: =+AB46*1.05 -> 0 | AD46: =SUM(Y46:AC46) -> 0 | AK46: TRAVELER:
A47: =+'PI Budget'!A52 -> Project Travel | G47: =+AS96 -> 0 | H47: =+ROUND(G47*1.05,0) -> 0 | I47: =+ROUND(H47*1.05,0) -> 0 | J47: =+ROUND(I47*1.05,0) -> 0 | K47: =+ROUND(J47*1.05,0) -> 0 | L47: =SUM(G47:K47) -> 0 | N47: Conference | S47: Local Travel | Y47: 0 | Z47: =+Y47*1.05 -> 0 | AA47: =+Z47*1.05 -> 0 | AB47: =+AA47*1.05 -> 0 | AC47: =+AB47*1.05 -> 0 | AD47: =SUM(Y47:AC47) -> 0
A48: Subtotal Travel | G48: =SUM(G46:G47) -> 0 | H48: =SUM(H46:H47) -> 0 | I48: =SUM(I46:I47) -> 0 | J48: =SUM(J46:J47) -> 0 | K48: =SUM(K46:K47) -> 0 | L48: =SUM(G48:K48) -> 0 | N48: Project | S48: Subtotal Travel | Y48: =SUM(Y46:Y47) -> 0 | Z48: =SUM(Z46:Z47) -> 0 | AA48: =SUM(AA46:AA47) -> 0 | AB48: =SUM(AB46:AB47) -> 0 | AC48: =SUM(AC46:AC47) -> 0 | AD48: =SUM(Y48:AC48) -> 0 | AK48: =+O46 -> 0 | AL48: Person | AM48: =+P46 -> 0 | AN48: Days | AO48: =+AM48-1 -> -1 | AP48: Nights | AQ48: =+Q46 -> 0 | AR48: Trips
A50: Supplies | S50: Supplies | AK50: =AK48 -> 0 | AL50: Round Trp Airfare | AN50: @ | AQ50: 400 | AR50: Each | AS50: =ROUND(AK50*AQ50*AQ48,0) -> 0
A51: =+'PI Budget'!A56 -> Supplies | G51: 0 | H51: 0 | I51: 0 | J51: 0 | K51: 0 | L51: =SUM(G51:K51) -> 0 | S51: TBD | Y51: 0 | Z51: 0 | AA51: 0 | AB51: 0 | AC51: 0 | AD51: =SUM(Y51:AC51) -> 0 | AK51: =AM48 -> 0 | AL51: Days Subsistence* | AO51: =AK48 -> 0 | AP51: Traveler | AQ51: 36 | AR51: Per Day | AS51: =ROUND(AK51*AO51*AQ51*AQ48,0) -> 0
A52: =+'PI Budget'!A57 -> TBD | G52: 0 | H52: 0 | I52: 0 | J52: 0 | K52: 0 | L52: =SUM(G52:K52) -> 0 | S52: TBD | Y52: 0 | Z52: 0 | AA52: 0 | AB52: 0 | AC52: 0 | AD52: =SUM(Y52:AC52) -> 0 | AK52: =AO48 -> -1 | AL52: Nights Lodging* | AO52: =AK48 -> 0 | AP52: Traveler | AQ52: 150 | AR52: Per Night | AS52: =ROUND(AK52*AO52*AQ52*AQ48,0) -> 0
A53: =+'PI Budget'!A58 -> TBD | G53: 0 | H53: 0 | I53: 0 | J53: 0 | K53: 0 | L53: =SUM(G53:K53) -> 0
A54: =+'PI Budget'!#REF! -> #REF! | G54: 0 | H54: 0 | I54: 0 | J54: 0 | K54: 0 | L54: =SUM(G54:K54) -> 0 | S54: TBD | Y54: 0 | Z54: 0 | AA54: 0 | AB54: 0 | AC54: 0 | AD54: =SUM(Y54:AC54) -> 0 | AK54: =+AO48 -> -1 | AL54: Rental Car | AN54: @ | AO54: =+AK48 -> 0 | AP54: Traveler | AQ54: 39 | AR54: Per Day | AS54: =ROUND(AK54*AO54*AQ54*AQ48,0) -> 0
A55: Subtotal Supplies | G55: =SUM(G51:G54) -> 0 | H55: =SUM(H51:H54) -> 0 | I55: =SUM(I51:I54) -> 0 | J55: =SUM(J51:J54) -> 0 | K55: =SUM(K51:K54) -> 0 | L55: =SUM(G55:K55) -> 0 | S55: Subtotal Supplies | Y55: =SUM(Y51:Y54) -> 0 | Z55: =SUM(Z51:Z54) -> 0 | AA55: =SUM(AA51:AA54) -> 0 | AB55: =SUM(AB51:AB54) -> 0 | AC55: =SUM(AC51:AC54) -> 0 | AD55: =SUM(Y55:AC55) -> 0 | AL55: Other: | AS55: 0
A57: Contractual | S57: Contractual | AL57: Conference Registration | AS57: =+AK48*400 -> 0
A58: =+'PI Budget'!#REF! -> #REF! | G58: 0 | H58: 0 | I58: 0 | J58: 0 | K58: 0 | L58: =SUM(G58:K58) -> 0 | S58: TBD Contract | Y58: 0 | Z58: 0 | AA58: 0 | AB58: 0 | AC58: 0 | AD58: =SUM(Y58:AC58) -> 0 | AK58: =+AK48 -> 0 | AL58: Tolls, gas, parking, misc, etc | AS58: =+AK58*100 -> 0
A59: =+'PI Budget'!#REF! -> #REF! | G59: 0 | H59: 0 | I59: 0 | J59: 0 | K59: 0 | L59: =SUM(G59:K59) -> 0 | S59: TBD Contract | Y59: 0 | Z59: 0 | AA59: 0 | AB59: 0 | AC59: 0 | AD59: =SUM(Y59:AC59) -> 0 | AL59: In-State Travel | AN59: @ | AO59: 0.445 | AP59: Per mile | AQ59: 0 | AR59: Miles | AS59: =ROUND(AO59*AQ59*AQ48*AK48,0) -> 0
A60: =+'PI Budget'!A62 -> TBD Contract | G60: 0 | H60: 0 | I60: 0 | J60: 0 | K60: 0 | L60: =SUM(G60:K60) -> 0 | S60: TBD Contract | Y60: 0 | Z60: 0 | AA60: 0 | AB60: 0 | AC60: 0 | AD60: =SUM(Y60:AC60) -> 0 | AK60: Sub Total Conference Trip 1 | AS60: =SUM(AS50:AS59) -> 0
A61: =+'PI Budget'!A63 -> TBD Contract | G61: 0 | H61: 0 | I61: 0 | J61: 0 | K61: 0 | L61: =SUM(G61:K61) -> 0 | S61: TBD Contract | Y61: 0 | Z61: 0 | AA61: 0 | AB61: 0 | AC61: 0 | AD61: =SUM(Y61:AC61) -> 0
A62: Subtotal Contractual | G62: =SUM(G58:G61) -> 0 | H62: =SUM(H58:H61) -> 0 | I62: =SUM(I58:I61) -> 0 | J62: =SUM(J58:J61) -> 0 | K62: =SUM(K58:K61) -> 0 | L62: =SUM(G62:K62) -> 0 | S62: Subtotal Contractual | Y62: =SUM(Y58:Y61) -> 0 | Z62: =SUM(Z58:Z61) -> 0 | AA62: =SUM(AA58:AA61) -> 0 | AB62: =SUM(AB58:AB61) -> 0 | AC62: =SUM(AC58:AC61) -> 0 | AD62: =SUM(Y62:AC62) -> 0
A63: Contractual Base for IDC | G63: 0 | H63: 0 | I63: 0 | J63: 0 | K63: 0 | L63: =SUM(G63:K63) -> 0 | S63: Contractual Base for IDC | Y63: 0 | Z63: 0 | AA63: 0 | AB63: 0 | AC63: 0 | AD63: =SUM(Y63:AC63) -> 0 | AK63: DESTINATION: Orlando, FL to TBD for Conference 2
A65: Equipment | S65: Equipment | AK65: TRAVELER:
A66: =+'PI Budget'!A68 -> TBD Equipment | G66: 0 | H66: 0 | I66: 0 | J66: 0 | K66: 0 | L66: =SUM(G66:K66) -> 0 | S66: TDB Equipment | Y66: 0 | Z66: 0 | AA66: 0 | AB66: 0 | AC66: 0 | AD66: =SUM(Y66:AC66) -> 0
A67: =+'PI Budget'!A69 -> TBD Equipment | G67: 0 | H67: 0 | I67: 0 | J67: 0 | K67: 0 | L67: =SUM(G67:K67) -> 0 | S67: TBD Equipment | Y67: 0 | Z67: 0 | AA67: 0 | AB67: 0 | AC67: 0 | AD67: =SUM(Y67:AC67) -> 0 | AK67: =+O47 -> 0 | AL67: Person | AM67: =+P47 -> 0 | AN67: Days | AO67: =+AM67-1 -> -1 | AP67: Nights | AQ67: =+Q47 -> 0 | AR67: Trips
A68: =+'PI Budget'!A70 -> TBD Equipment | G68: 0 | H68: 0 | I68: 0 | J68: 0 | K68: 0 | L68: =SUM(G68:K68) -> 0 | S68: TBD Equipment | Y68: 0 | Z68: 0 | AA68: 0 | AB68: 0 | AC68: 0 | AD68: =SUM(Y68:AC68) -> 0
A69: Subtotal Equipment | G69: =SUM(G66:G68) -> 0 | H69: =SUM(H66:H68) -> 0 | I69: =SUM(I66:I68) -> 0 | J69: =SUM(J66:J68) -> 0 | K69: =SUM(K66:K68) -> 0 | L69: =SUM(G69:K69) -> 0 | S69: Subtotal Equipment | Y69: =SUM(Y66:Y68) -> 0 | Z69: =SUM(Z66:Z68) -> 0 | AA69: =SUM(AA66:AA68) -> 0 | AB69: =SUM(AB66:AB68) -> 0 | AC69: =SUM(AC66:AC68) -> 0 | AD69: =SUM(Y69:AC69) -> 0 | AK69: =AK67 -> 0 | AL69: Round Trp Airfare | AN69: @ | AQ69: 400 | AR69: Each | AS69: =ROUND(AK69*AQ69*AQ67,0) -> 0
A71: Other | S71: Other | AK71: =AM67 -> 0 | AL71: Days Subsistence* | AO71: =AK67 -> 0 | AP71: Traveler | AQ71: 36 | AR71: Per Day | AS71: =ROUND(AK71*AO71*AQ71*AQ67,0) -> 0
A72: =+'PI Budget'!A74 -> TBD | G72: 0 | H72: 0 | I72: 0 | J72: 0 | K72: 0 | L72: =SUM(G72:K72) -> 0 | S72: TBD | Y72: 0 | Z72: 0 | AA72: 0 | AB72: 0 | AC72: 0 | AD72: =SUM(Y72:AC72) -> 0 | AK72: =AO67 -> -1 | AL72: Nights Lodging* | AO72: =AK67 -> 0 | AP72: Traveler | AQ72: 150 | AR72: Per Night | AS72: =ROUND(AK72*AO72*AQ72*AQ67,0) -> 0
A73: =+'PI Budget'!A75 -> TBD | G73: 0 | H73: 0 | I73: 0 | J73: 0 | K73: 0 | L73: =SUM(G73:K73) -> 0 | S73: TBD | Y73: 0 | Z73: 0 | AA73: 0 | AB73: 0 | AC73: 0 | AD73: =SUM(Y73:AC73) -> 0 | AK73: =+AO67 -> -1 | AL73: Rental Car | AN73: @ | AO73: =+AK67 -> 0 | AP73: Traveler | AQ73: 39 | AR73: Per Day | AS73: =ROUND(AK73*AO73*AQ73*AQ67,0) -> 0
A74: =+'PI Budget'!A76 -> TBD | G74: 0 | H74: 0 | I74: 0 | J74: 0 | K74: 0 | L74: =SUM(G74:K74) -> 0 | S74: TBD | Y74: 0 | Z74: 0 | AA74: 0 | AB74: 0 | AC74: 0 | AD74: =SUM(Y74:AC74) -> 0 | AL74: Other: | AS74: 0
A75: =+'PI Budget'!A77 -> TBD | G75: 0 | H75: 0 | I75: 0 | J75: 0 | K75: 0 | L75: =SUM(G75:K75) -> 0 | S75: TBD | Y75: 0 | Z75: 0 | AA75: 0 | AB75: 0 | AC75: 0 | AD75: =SUM(Y75:AC75) -> 0 | AL75: Conference Registration | AS75: =+AK67*400 -> 0
A76: =+'PI Budget'!A78 -> TBD | G76: 0 | H76: 0 | I76: 0 | J76: 0 | K76: 0 | L76: =SUM(G76:K76) -> 0 | S76: TBD | Y76: 0 | Z76: 0 | AA76: 0 | AB76: 0 | AC76: 0 | AD76: =SUM(Y76:AC76) -> 0 | AK76: =+AK67 -> 0 | AL76: Tolls, gas, parking, misc, etc | AS76: =+AK76*100 -> 0
A77: =+'PI Budget'!A80 -> TBD IDC Excluded | G77: 0 | H77: 0 | I77: 0 | J77: 0 | K77: 0 | L77: =SUM(G77:K77) -> 0 | S77: TBD | Y77: 0 | AD77: =SUM(Y77:AC77) -> 0 | AL77: In-State Travel | AN77: @ | AO77: 0.445 | AP77: Per mile | AQ77: 0 | AR77: Miles | AS77: =ROUND(AO77*AQ77*AQ67*AK67,0) -> 0
A78: Tuition grad student(s) (5% Escalation) | D78: Enter # >>>>>> | F78: 0 | G78: =+F78*PersonnelTravelTuitionWorksheet!D29 -> 0 | H78: =+ROUND(G78*1.05,0) -> 0 | I78: =+ROUND(H78*1.05,0) -> 0 | J78: =+ROUND(I78*1.05,0) -> 0 | K78: =+ROUND(J78*1.05,0) -> 0 | L78: =SUM(G78:K78) -> 0 | S78: Tuition grad student(s) | V78: Enter # >>>>>> | X78: 0 | Y78: =8870*X78 -> 0 | Z78: =+Y78*1.05 -> 0 | AA78: =+Z78*1.05 -> 0 | AB78: =+AA78*1.05 -> 0 | AC78: =+AB78*1.05 -> 0 | AD78: =SUM(Y78:AC78) -> 0 | AK78: Sub Total Conference Trip 2 | AS78: =SUM(AS69:AS77) -> 0
A79: Subtotal Other | G79: =SUM(G72:G78) -> 0 | H79: =SUM(H72:H78) -> 0 | I79: =SUM(I72:I78) -> 0 | J79: =SUM(J72:J78) -> 0 | K79: =SUM(K72:K78) -> 0 | L79: =SUM(G79:K79) -> 0 | S79: Subtotal Other | Y79: =SUM(Y72:Y78) -> 0 | Z79: =SUM(Z72:Z78) -> 0 | AA79: =SUM(AA72:AA78) -> 0 | AB79: =SUM(AB72:AB78) -> 0 | AC79: =SUM(AC72:AC78) -> 0 | AD79: =SUM(Y79:AC79) -> 0
A81: Participant Support Costs | S81: Participant Support Costs | AK81: DESTINATION: Orlando, FL to TBD for Project 1
A82: =+'PI Budget'!A85 -> Stipends | G82: 0 | H82: 0 | I82: 0 | J82: 0 | K82: 0 | L82: =SUM(G82:K82) -> 0 | S82: TBD | Y82: 0 | Z82: 0 | AA82: 0 | AB82: 0 | AC82: 0 | AD82: =SUM(Y82:AC82) -> 0
A83: =+'PI Budget'!A87 -> TBD | G83: 0 | H83: 0 | I83: 0 | J83: 0 | K83: 0 | L83: =SUM(G83:K83) -> 0 | S83: TBD | Y83: 0 | Z83: 0 | AA83: 0 | AB83: 0 | AC83: 0 | AD83: =SUM(Y83:AC83) -> 0 | AK83: TRAVELER:
A84: =+'PI Budget'!A88 -> TBD | G84: 0 | H84: 0 | I84: 0 | J84: 0 | K84: 0 | L84: =SUM(G84:K84) -> 0 | S84: TBD | Y84: 0 | Z84: 0 | AA84: 0 | AB84: 0 | AC84: 0 | AD84: =SUM(Y84:AC84) -> 0
A85: Subtotal Participant Support Costs | G85: =SUM(G82:G84) -> 0 | H85: =SUM(H82:H84) -> 0 | I85: =SUM(I82:I84) -> 0 | J85: =SUM(J82:J84) -> 0 | K85: =SUM(K82:K84) -> 0 | L85: =+K85+J85+I85+H85+G85 -> 0 | S85: Subtotal Participant Support Costs | Y85: =SUM(Y82:Y84) -> 0 | Z85: =SUM(Z82:Z84) -> 0 | AA85: =SUM(AA82:AA84) -> 0 | AB85: =SUM(AB82:AB84) -> 0 | AC85: =SUM(AC82:AC84) -> 0 | AD85: =+AC85+AB85+AA85+Z85+Y85 -> 0 | AK85: =+O48 -> 0 | AL85: Person | AM85: =+P48 -> 0 | AN85: Days | AO85: =+AM85-1 -> -1 | AP85: Nights | AQ85: =+Q48 -> 0 | AR85: Trips
A87: Direct Costs | G87: =+G85+G79+G69+G62+G55+G48+G43+G34 -> 0 | H87: =+H85+H79+H69+H62+H55+H48+H43+H34 -> 0 | I87: =+I85+I79+I69+I62+I55+I48+I43+I34 -> 0 | J87: =+J85+J79+J69+J62+J55+J48+J43+J34 -> 0 | K87: =+K85+K79+K69+K62+K55+K48+K43+K34 -> 0 | L87: =SUM(G87:K87) -> 0 | S87: Direct Costs | Y87: =+Y85+Y79+Y69+Y62+Y55+Y48+Y43+Y34 -> 0 | Z87: =+Z85+Z79+Z69+Z62+Z55+Z48+Z43+Z34 -> 0 | AA87: =+AA85+AA79+AA69+AA62+AA55+AA48+AA43+AA34 -> 0 | AB87: =+AB85+AB79+AB69+AB62+AB55+AB48+AB43+AB34 -> 0 | AC87: =+AC85+AC79+AC69+AC62+AC55+AC48+AC43+AC34 -> 0 | AD87: =SUM(Y87:AC87) -> 0 | AK87: =AK85 -> 0 | AL87: Round Trp Airfare | AN87: @ | AQ87: 400 | AR87: Each | AS87: =ROUND(AK87*AQ87*AQ85,0) -> 0
A88: Modified Total Direct Costs | G88: =+G87-G85-G78-G62-G69+G63-G77 -> 0 | H88: =+H87-H85-H78-H62-H69+H63-H77 -> 0 | I88: =+I87-I85-I78-I62-I69+I63-I77 -> 0 | J88: =+J87-J85-J78-J62-J69+J63-J77 -> 0 | K88: =+K87-K85-K78-K62-K69+K63-K77 -> 0 | L88: =SUM(G88:K88) -> 0 | S88: Modified Total Direct Costs | Y88: =+Y87-Y85-Y78-Y62-Y69+Y63-Y77 -> 0 | Z88: =+Z87-Z85-Z78-Z62-Z69+Z63-Z77 -> 0 | AA88: =+AA87-AA85-AA78-AA62-AA69+AA63-AA77 -> 0 | AB88: =+AB87-AB85-AB78-AB62-AB69+AB63-AB77 -> 0 | AC88: =+AC87-AC85-AC78-AC62-AC69+AC63-AC77 -> 0 | AD88: =SUM(Y88:AC88) -> 0
A89: F & A Costs | C89: =+'PI Budget'!C95 -> 0.535 | G89: =+ROUND(G88*$C$89,0) -> 0 | H89: =+ROUND(H88*$C$89,0) -> 0 | I89: =+ROUND(I88*$C$89,0) -> 0 | J89: =+ROUND(J88*$C$89,0) -> 0 | K89: =+ROUND(K88*$C$89,0) -> 0 | L89: =SUM(G89:K89) -> 0 | S89: F & A Costs | U89: 0.49 | Y89: =+Y88*$C$89 -> 0 | Z89: =+Z88*$C$89 -> 0 | AA89: =+AA88*$C$89 -> 0 | AB89: =+AB88*$C$89 -> 0 | AC89: =+AC88*$C$89 -> 0 | AD89: =SUM(Y89:AC89) -> 0 | AK89: =AM85 -> 0 | AL89: Days Subsistence* | AO89: =AK85 -> 0 | AP89: Traveler | AQ89: 36 | AR89: Per Day | AS89: =ROUND(AK89*AO89*AQ89*AQ85,0) -> 0
A90: Total PI Project Cost | G90: =+G89+G87 -> 0 | H90: =+H89+H87 -> 0 | I90: =+I89+I87 -> 0 | J90: =+J89+J87 -> 0 | K90: =+K89+K87 -> 0 | L90: =SUM(G90:K90) -> 0 | S90: Total PI Project Cost | Y90: =+Y89+Y87 -> 0 | Z90: =+Z89+Z87 -> 0 | AA90: =+AA89+AA87 -> 0 | AB90: =+AB89+AB87 -> 0 | AC90: =+AC89+AC87 -> 0 | AD90: =SUM(Y90:AC90) -> 0 | AK90: =AO85 -> -1 | AL90: Nights Lodging* | AO90: =AK85 -> 0 | AP90: Traveler | AQ90: 150 | AR90: Per Night | AS90: =ROUND(AK90*AO90*AQ90*AQ85,0) -> 0
AK91: =+AO85 -> -1 | AL91: Rental Car | AN91: @ | AO91: =+AK85 -> 0 | AP91: Traveler | AQ91: 39 | AR91: Per Day | AS91: =ROUND(AK91*AO91*AQ91*AQ85,0) -> 0
AL92: Other: | AS92: 0
AL93: Conference Registration | AS93: =+AK85*400 -> 0
AK94: =+AK85 -> 0 | AL94: Tolls, gas, parking, misc, etc | AS94: =+AK94*100 -> 0
AL95: In-State Travel | AN95: @ | AO95: 0.445 | AP95: Per mile | AQ95: 0 | AR95: Miles | AS95: =ROUND(AO95*AQ95*AQ85*AK85,0) -> 0
A96: % Participant Support/Total Budget | G96: =+G85/G90 -> #DIV/0! | H96: =+H85/H90 -> #DIV/0! | I96: =+I85/I90 -> #DIV/0! | J96: =+J85/J90 -> #DIV/0! | K96: =+K85/K90 -> #DIV/0! | L96: =+L85/L90 -> #DIV/0! | S96: % Participant Support/Total Budget | Y96: =+Y85/Y90 -> #DIV/0! | Z96: =+Z85/Z90 -> #DIV/0! | AA96: =+AA85/AA90 -> #DIV/0! | AB96: =+AB85/AB90 -> #DIV/0! | AC96: =+AC85/AC90 -> #DIV/0! | AD96: =+AD85/AD90 -> #DIV/0! | AK96: Sub Total Project Trip 1 | AS96: =SUM(AS87:AS95) -> 0
A98: Required Cost Share | B98: Enter %>> | G98: =+G90*$C$98 -> 0 | H98: =+H90*$C$98 -> 0 | I98: =+I90*$C$98 -> 0 | J98: =+J90*$C$98 -> 0 | K98: =+K90*$C$98 -> 0 | L98: =+L90*$C$98 -> 0 | S98: Required Cost Share | T98: Enter %>> | Y98: =+Y90*$C$98 -> 0 | Z98: =+Z90*$C$98 -> 0 | AA98: =+AA90*$C$98 -> 0 | AB98: =+AB90*$C$98 -> 0 | AC98: =+AC90*$C$98 -> 0 | AD98: =+AD90*$C$98 -> 0
A100: Estimated Cost Share | G100: =+Y90 -> 0 | H100: =+Z90 -> 0 | I100: =+AA90 -> 0 | J100: =+AB90 -> 0 | K100: =+AC90 -> 0 | L100: =+AD90 -> 0 | S100: Estimated Cost Share | Y100: =+Y90 -> 0 | Z100: =+Z90 -> 0 | AA100: =+AA90 -> 0 | AB100: =+AB90 -> 0 | AC100: =+AC90 -> 0 | AD100: =+AD90 -> 0
A102: Over/Under | G102: =+G100-G98 -> 0 | H102: =+H100-H98 -> 0 | I102: =+I100-I98 -> 0 | J102: =+J100-J98 -> 0 | K102: =+K100-K98 -> 0 | L102: =+L100-L90 -> 0 | S102: Over/Under | Y102: =+Y100-Y98 -> 0 | Z102: =+Z100-Z98 -> 0 | AA102: =+AA100-AA98 -> 0 | AB102: =+AB100-AB98 -> 0 | AC102: =+AC100-AC98 -> 0 | AD102: =+AD100-AD98 -> 0
A106: Budget Reconciliation Worksheet | G106: CO-PI: | H106: =+B6 -> 0 | J106: =+G8 -> #REF!
A108: ITEM | G108: Year 1 | H108: Year 2 | I108: Year 3 | J108: Year 4 | K108: Year 5 | L108: Total
A109: Personnel | G109: =+'College 3'!G15+'College 3'!G16+'College 3'!G17+'College 3'!G18+'College 3'!G19+'College 3'!G20+'College 3'!G21+'College 3'!G22+'College 3'!G23+'College 3'!G24+'College 3'!G25+'College 3'!G32+'College 3'!G33 -> 0 | H109: =+'College 3'!H15+'College 3'!H16+'College 3'!H17+'College 3'!H18+'College 3'!H19+'College 3'!H20+'College 3'!H21+'College 3'!H22+'College 3'!H23+'College 3'!H24+'College 3'!H25+'College 3'!H32+'College 3'!H33 -> 0 | I109: =+'College 3'!I15+'College 3'!I16+'College 3'!I17+'College 3'!I18+'College 3'!I19+'College 3'!I20+'College 3'!I21+'College 3'!I22+'College 3'!I23+'College 3'!I24+'College 3'!I25+'College 3'!I32+'College 3'!I33 -> 0 | J109: =+'College 3'!J15+'College 3'!J16+'College 3'!J17+'College 3'!J18+'College 3'!J19+'College 3'!J20+'College 3'!J21+'College 3'!J22+'College 3'!J23+'College 3'!J24+'College 3'!J25+'College 3'!J32+'College 3'!J33 -> 0 | K109: =+'College 3'!K15+'College 3'!K16+'College 3'!K17+'College 3'!K18+'College 3'!K19+'College 3'!K20+'College 3'!K21+'College 3'!K22+'College 3'!K23+'College 3'!K24+'College 3'!K25+'College 3'!K32+'College 3'!K33 -> 0 | L109: =SUM(G109:K109) -> 0
A110: Other Personnel Services | G110: =+'College 3'!G26+'College 3'!G27+'College 3'!G28+'College 3'!G29+'College 3'!G30+'College 3'!G31 -> 0 | H110: =+'College 3'!H26+'College 3'!H27+'College 3'!H28+'College 3'!H29+'College 3'!H30+'College 3'!H31 -> 0 | I110: =+'College 3'!I26+'College 3'!I27+'College 3'!I28+'College 3'!I29+'College 3'!I30+'College 3'!I31 -> 0 | J110: =+'College 3'!J26+'College 3'!J27+'College 3'!J28+'College 3'!J29+'College 3'!J30+'College 3'!J31 -> 0 | K110: =+'College 3'!K26+'College 3'!K27+'College 3'!K28+'College 3'!K29+'College 3'!K30+'College 3'!K31 -> 0 | L110: =SUM(G110:K110) -> 0
A111: Fringe | G111: =+'College 3'!G43 -> 0 | H111: =+'College 3'!H43 -> 0 | I111: =+'College 3'!I43 -> 0 | J111: =+'College 3'!J43 -> 0 | K111: =+'College 3'!K43 -> 0 | L111: =SUM(G111:K111) -> 0
A112: Consulting | G112: =+'College 3'!G76 -> 0 | H112: =+'College 3'!H76 -> 0 | I112: =+'College 3'!I76 -> 0 | J112: =+'College 3'!J76 -> 0 | K112: =+'College 3'!K76 -> 0 | L112: =SUM(G112:K112) -> 0
A113: Equipment | G113: =+'College 3'!G69 -> 0 | H113: =+'College 3'!H69 -> 0 | I113: =+'College 3'!I69 -> 0 | J113: =+'College 3'!J69 -> 0 | K113: =+'College 3'!K69 -> 0 | L113: =SUM(G113:K113) -> 0
A114: Stipends | G114: =+'College 3'!G85 -> 0 | H114: =+'College 3'!H85 -> 0 | I114: =+'College 3'!I85 -> 0 | J114: =+'College 3'!J85 -> 0 | K114: =+'College 3'!K85 -> 0 | L114: =SUM(G114:K114) -> 0
A115: Subcontracts with F&A | G115: =+'College 3'!G63 -> 0 | H115: =+'College 3'!H63 -> 0 | I115: =+'College 3'!I63 -> 0 | J115: =+'College 3'!J63 -> 0 | K115: =+'College 3'!K63 -> 0 | L115: =SUM(G115:K115) -> 0
A116: Subcontracts without F&A | G116: =+'College 3'!G62-'College 3'!G63 -> 0 | H116: =+'College 3'!H62-'College 3'!H63 -> 0 | I116: =+'College 3'!I62-'College 3'!I63 -> 0 | J116: =+'College 3'!J62-'College 3'!J63 -> 0 | K116: =+'College 3'!K62-'College 3'!K63 -> 0 | L116: =SUM(G116:K116) -> 0
A117: Travel | G117: =+'College 3'!G48 -> 0 | H117: =+'College 3'!H48 -> 0 | I117: =+'College 3'!I48 -> 0 | J117: =+'College 3'!J48 -> 0 | K117: =+'College 3'!K48 -> 0 | L117: =SUM(G117:K117) -> 0
A118: Tuition | G118: =+'College 3'!G78 -> 0 | H118: =+'College 3'!H78 -> 0 | I118: =+'College 3'!I78 -> 0 | J118: =+'College 3'!J78 -> 0 | K118: =+'College 3'!K78 -> 0 | L118: =SUM(G118:K118) -> 0
A119: Other Direct Expenses with F&A | G119: =+'College 3'!G55+'College 3'!G72+'College 3'!G73+'College 3'!G74+'College 3'!G75 -> 0 | H119: =+'College 3'!H55+'College 3'!H72+'College 3'!H73+'College 3'!H74+'College 3'!H75 -> 0 | I119: =+'College 3'!I55+'College 3'!I72+'College 3'!I73+'College 3'!I74+'College 3'!I75 -> 0 | J119: =+'College 3'!J55+'College 3'!J72+'College 3'!J73+'College 3'!J74+'College 3'!J75 -> 0 | K119: =+'College 3'!K55+'College 3'!K72+'College 3'!K73+'College 3'!K74+'College 3'!K75 -> 0 | L119: =SUM(G119:K119) -> 0
...

Sheet College 4
A2: (Unhide Columns R-AH for Cost Share Budget) | S2: Cost Share Budget
G3: College | H3: Credit Split | I3: TITLE: | J3: =+'PI Budget'!F4:R5 -> #VALUE! | Y3: Cred Split | Z3: IDC Spilt | AA3: TITLE:
A4: PI NAME: | B4: =+'PI Budget'!B5:E5 -> 0 | G4: =+'PI Budget'!#REF! -> #REF! | H4: =+'PI Budget'!#REF! -> #REF! | S4: PI NAME:
A5: CO-PI #1 NAME: | B5: =+'PI Budget'!B6:E6 -> 0 | G5: =+'PI Budget'!#REF! -> #REF! | H5: =+'PI Budget'!#REF! -> #REF! | I5: SPONSOR: | J5: =+'PI Budget'!F6:R6 -> 0 | S5: CO-PI #1 NAME: | AA5: SPONSOR:
A6: CO-PI #2 NAME: | B6: =+'PI Budget'!B7:E7 -> 0 | G6: =+'PI Budget'!#REF! -> #REF! | H6: =+'PI Budget'!#REF! -> #REF! | I6: POP: | J6: =+'PI Budget'!#REF! -> #REF! | K6: to | L6: =+'PI Budget'!R7 -> 0
A7: CO-PI #3 NAME: | B7: =+'PI Budget'!B8:E8 -> 0 | G7: =+'PI Budget'!#REF! -> #REF! | H7: =+'PI Budget'!#REF! -> #REF!
A8: CO-PI #4 NAME: | B8: =+'PI Budget'!B9:E9 -> 0 | G8: =+'PI Budget'!#REF! -> #REF! | H8: =+'PI Budget'!#REF! -> #REF! | I8: MAX BUDGET: | J8: =+'PI Budget'!#REF! -> #REF! | K8: YEARS: | L8: =+'PI Budget'!R9 -> 0
A9: CO-PI #5 NAME: | B9: =+'PI Budget'!B10:E10 -> 0 | G9: =+'PI Budget'!#REF! -> #REF! | H9: =+'PI Budget'!#REF! -> #REF! | I9: LIMITATIONS: | J9: =+'PI Budget'!#REF! -> #REF! | S9: CO-PI #2 NAME: | AA9: POP:
A11: CO-PI BUDGET | C11: =+B7 -> 0 | H11: =+G7 -> #REF! | S11: SPONSOR BUDGET
A14: Personnel | B14: Effort % | C14: Months | D14: Fall | E14: Spr | F14: Sum | G14: Year 1 | H14: Year 2 | I14: Year 3 | J14: Year 4 | K14: Year 5 | L14: Total | O14: Salary | P14: Contract | Q14: Monthly | S14: Personnel | T14: Effort % | U14: Months | V14: Fall | W14: Spr | X14: Sum | Y14: Year 1 | Z14: Year 2 | AA14: Year 3 | AB14: Year 4 | AC14: Year 5 | AD14: Total | AF14: Salary | AG14: Contract | AH14: Monthly
A15: =+B4 -> 0 | B15: =+C15/P15 -> 0 | C15: =+F15+E15+D15 -> 0 | G15: =(ROUND(C15*Q15,0)) -> 0 | H15: =+ROUND(G15*1.03,0) -> 0 | I15: =+ROUND(H15*1.03,0) -> 0 | J15: =+ROUND(I15*1.03,0) -> 0 | K15: =+ROUND(J15*1.03,0) -> 0 | L15: =SUM(G15:K15) -> 0 | O15: =+'PI Budget'!V16 -> 0 | P15: =+'PI Budget'!W16 -> 9 | Q15: =+ROUND(O15/P15,0) -> 0 | S15: =+T4 -> 0 | T15: =+U15/AG15 -> 0 | U15: =+X15+W15+V15 -> 0 | V15: 0 | Y15: =+U15*AH15 -> 0 | Z15: =+Y15*1.03 -> 0 | AA15: =+Z15*1.03 -> 0 | AB15: =+AA15*1.03 -> 0 | AC15: =+AB15*1.03 -> 0 | AD15: =SUM(Y15:AC15) -> 0 | AF15: 10000 | AG15: 9 | AH15: =+AF15/AG15 -> 1111.1111
A16: =+B5 -> 0 | B16: =+C16/P16 -> 0 | C16: =+F16+E16+D16 -> 0 | G16: =(ROUND(C16*Q16,0)) -> 0 | H16: =+ROUND(G16*1.03,0) -> 0 | I16: =+ROUND(H16*1.03,0) -> 0 | J16: =+ROUND(I16*1.03,0) -> 0 | K16: =+ROUND(J16*1.03,0) -> 0 | L16: =SUM(G16:K16) -> 0 | O16: =+'PI Budget'!V17 -> 0 | P16: =+'PI Budget'!W17 -> 9 | Q16: =+ROUND(O16/P16,0) -> 0 | S16: =+T5 -> 0 | T16: =+U16/AG16 -> 0 | U16: =+X16+W16+V16 -> 0 | Y16: =+U16*AH16 -> 0 | Z16: =+Y16*1.03 -> 0 | AA16: =+Z16*1.03 -> 0 | AB16: =+AA16*1.03 -> 0 | AC16: =+AB16*1.03 -> 0 | AD16: =SUM(Y16:AC16) -> 0 | AF16: 0 | AG16: 9 | AH16: =+AF16/AG16 -> 0
A17: =+B6 -> 0 | B17: =+C17/P17 -> 0 | C17: =+F17+E17+D17 -> 0 | G17: =(ROUND(C17*Q17,0)) -> 0 | H17: =+ROUND(G17*1.03,0) -> 0 | I17: =+ROUND(H17*1.03,0) -> 0 | J17: =+ROUND(I17*1.03,0) -> 0 | K17: =+ROUND(J17*1.03,0) -> 0 | L17: =SUM(G17:K17) -> 0 | O17: =+'PI Budget'!V18 -> 0 | P17: =+'PI Budget'!W18 -> 9 | Q17: =+ROUND(O17/P17,0) -> 0 | S17: =+T9 -> 0 | T17: =+U17/AG17 -> 0 | U17: =+X17+W17+V17 -> 0 | Y17: =+U17*AH17 -> 0 | Z17: =+Y17*1.03 -> 0 | AA17: =+Z17*1.03 -> 0 | AB17: =+AA17*1.03 -> 0 | AC17: =+AB17*1.03 -> 0 | AD17: =SUM(Y17:AC17) -> 0 | AF17: 0 | AG17: 9 | AH17: =+AF17/AG17 -> 0
A18: =+B7 -> 0 | B18: =+C18/P18 -> 0 | C18: =+F18+E18+D18 -> 0 | G18: =+C18*Q18 -> 0 | H18: =+G18*1.03 -> 0 | I18: =+H18*1.03 -> 0 | J18: =+I18*1.03 -> 0 | K18: =+J18*1.03 -> 0 | L18: =SUM(G18:K18) -> 0 | O18: =+'PI Budget'!V19 -> 0 | P18: =+'PI Budget'!W19 -> 9 | Q18: =+O18/P18 -> 0 | T18: =+U18/AG18 -> 0 | U18: =+X18+W18+V18 -> 0 | Y18: =+U18*AH18 -> 0 | Z18: =+Y18*1.03 -> 0 | AA18: =+Z18*1.03 -> 0 | AB18: =+AA18*1.03 -> 0 | AC18: =+AB18*1.03 -> 0 | AD18: =SUM(Y18:AC18) -> 0 | AF18: 0 | AG18: 9 | AH18: =+AF18/AG18 -> 0
A19: =+B8 -> 0 | B19: =+C19/P19 -> 0 | C19: =+F19+E19+D19 -> 0 | G19: =+C19*Q19 -> 0 | H19: =+G19*1.03 -> 0 | I19: =+H19*1.03 -> 0 | J19: =+I19*1.03 -> 0 | K19: =+J19*1.03 -> 0 | L19: =SUM(G19:K19) -> 0 | O19: =+'PI Budget'!V20 -> 0 | P19: =+'PI Budget'!W20 -> 9 | Q19: =+O19/P19 -> 0 | T19: =+U19/AG19 -> 0 | U19: =+X19+W19+V19 -> 0 | Y19: =+U19*AH19 -> 0 | Z19: =+Y19*1.03 -> 0 | AA19: =+Z19*1.03 -> 0 | AB19: =+AA19*1.03 -> 0 | AC19: =+AB19*1.03 -> 0 | AD19: =SUM(Y19:AC19) -> 0 | AF19: 0 | AG19: 9 | AH19: =+AF19/AG19 -> 0
A20: =+B9 -> 0 | B20: =+C20/P20 -> 0 | C20: =+F20+E20+D20 -> 0 | G20: =+C20*Q20 -> 0 | H20: =+G20*1.03 -> 0 | I20: =+H20*1.03 -> 0 | J20: =+I20*1.03 -> 0 | K20: =+J20*1.03 -> 0 | L20: =SUM(G20:K20) -> 0 | O20: =+'PI Budget'!V21 -> 0 | P20: =+'PI Budget'!W21 -> 9 | Q20: =+O20/P20 -> 0 | T20: =+U20/AG20 -> 0 | U20: =+X20+W20+V20 -> 0 | Y20: =+U20*AH20 -> 0 | Z20: =+Y20*1.03 -> 0 | AA20: =+Z20*1.03 -> 0 | AB20: =+AA20*1.03 -> 0 | AC20: =+AB20*1.03 -> 0 | AD20: =SUM(Y20:AC20) -> 0 | AF20: 0 | AG20: 9 | AH20: =+AF20/AG20 -> 0
A21: =+'PI Budget'!A23 -> A&P | B21: =+C21/P21 -> 0 | C21: 0 | G21: =+O21/12*C21 -> 0 | H21: =+G21*1.03 -> 0 | I21: =+H21*1.03 -> 0 | J21: =+I21*1.03 -> 0 | K21: =+J21*1.03 -> 0 | L21: =SUM(G21:K21) -> 0 | P21: 12 | Q21: =+O21/P21 -> 0
A22: =+'PI Budget'!A24 -> A&P | C22: 0 | G22: =+O22/12*C22 -> 0 | H22: =+G22*1.03 -> 0 | I22: =+H22*1.03 -> 0 | J22: =+I22*1.03 -> 0 | K22: =+J22*1.03 -> 0 | L22: =SUM(G22:K22) -> 0 | P22: 12 | Q22: =+O22/P22 -> 0
A23: =+'PI Budget'!A25 -> A&P | B23: =+C23/P23 -> 0 | C23: =+D23+E23+F23 -> 0 | G23: =(ROUND(C23*Q23,0)) -> 0 | H23: =+ROUND(G23*1.03,0) -> 0 | I23: =+ROUND(H23*1.03,0) -> 0 | J23: =+ROUND(I23*1.03,0) -> 0 | K23: =+ROUND(J23*1.03,0) -> 0 | L23: =SUM(G23:K23) -> 0 | P23: 12 | Q23: =+ROUND(O23/P23,0) -> 0 | S23: A&P | T23: =+U23/AG23 -> 0 | U23: =+V23+W23+X23 -> 0 | Y23: 0 | Z23: =+Y23*1.03 -> 0 | AA23: =+Z23*1.03 -> 0 | AB23: =+AA23*1.03 -> 0 | AC23: =+AB23*1.03 -> 0 | AD23: =SUM(Y23:AC23) -> 0 | AF23: 0 | AG23: 12 | AH23: =+AF23/AG23 -> 0
A24: =+'PI Budget'!A26 -> USPS | B24: =+C24/P24 -> 0 | C24: =+D24+E24+F24 -> 0 | G24: =(ROUND(C24*Q24,0)) -> 0 | H24: =+ROUND(G24*1.03,0) -> 0 | I24: =+ROUND(H24*1.03,0) -> 0 | J24: =+ROUND(I24*1.03,0) -> 0 | K24: =+ROUND(J24*1.03,0) -> 0 | L24: =SUM(G24:K24) -> 0 | P24: 12 | Q24: =+ROUND(O24/P24,0) -> 0 | S24: USPS | T24: =+U24/AG24 -> 0 | U24: =+V24+W24+X24 -> 0 | Y24: 0 | Z24: =+Y24*1.03 -> 0 | AA24: =+Z24*1.03 -> 0 | AB24: =+AA24*1.03 -> 0 | AC24: =+AB24*1.03 -> 0 | AD24: =SUM(Y24:AC24) -> 0 | AF24: 0 | AG24: 12 | AH24: =+AF24/AG24 -> 0
A25: =+'PI Budget'!A27 -> Post Doc | B25: =+C25/P25 -> 0 | C25: =+D25+E25+F25 -> 0 | G25: =(ROUND(C25*Q25,0)) -> 0 | H25: =+ROUND(G25*1.03,0) -> 0 | I25: =+ROUND(H25*1.03,0) -> 0 | J25: =+ROUND(I25*1.03,0) -> 0 | K25: =+ROUND(J25*1.03,0) -> 0 | L25: =SUM(G25:K25) -> 0 | P25: 12 | Q25: =+ROUND(O25/P25,0) -> 0 | S25: Post Doc | T25: =+U25/AG25 -> 0 | U25: =+V25+W25+X25 -> 0 | Y25: 0 | Z25: =+Y25*1.03 -> 0 | AA25: =+Z25*1.03 -> 0 | AB25: =+AA25*1.03 -> 0 | AC25: =+AB25*1.03 -> 0 | AD25: =SUM(Y25:AC25) -> 0 | AF25: 0 | AG25: 12 | AH25: =+AF25/AG25 -> 0
A26: =+'PI Budget'!A28 -> OPS | C26: 0 | G26: =+C26/12*O26 -> 0 | H26: =+ROUND(G26*1.03,0) -> 0 | I26: =+ROUND(H26*1.03,0) -> 0 | J26: =+ROUND(I26*1.03,0) -> 0 | K26: =+ROUND(J26*1.03,0) -> 0 | L26: =SUM(G26:K26) -> 0 | P26: 12
A27: =+'PI Budget'!A29 -> OPS | C27: 0 | G27: =+C27/12*O27 -> 0 | H27: =+ROUND(G27*1.03,0) -> 0 | I27: =+ROUND(H27*1.03,0) -> 0 | J27: =+ROUND(I27*1.03,0) -> 0 | K27: =+ROUND(J27*1.03,0) -> 0 | L27: =SUM(G27:K27) -> 0 | P27: 12
A28: =+'PI Budget'!A30 -> OPS | C28: 0 | G28: =+C28/12*O28 -> 0 | H28: =+G28*1.03 -> 0 | I28: =+H28*1.03 -> 0 | J28: =+I28*1.03 -> 0 | K28: =+J28*1.03 -> 0 | L28: =SUM(G28:K28) -> 0 | P28: 12
A29: =+'PI Budget'!A31 -> OPS | C29: 0 | G29: =+C29/12*O29 -> 0 | H29: =+G29*1.03 -> 0 | I29: =+H29*1.03/2 -> 0 | J29: =+I29*1.03 -> 0 | K29: =+J29*1.03 -> 0 | L29: =SUM(G29:K29) -> 0 | P29: 12
A30: =+'PI Budget'!A32 -> OPS | C30: 0 | G30: =+C30/12*O30 -> 0 | H30: =+G30*1.03 -> 0 | I30: =+H30*1.03/2 -> 0 | J30: =+I30*1.03 -> 0 | K30: =+J30*1.03 -> 0 | L30: =SUM(G30:K30) -> 0 | P30: 12
A31: =+'PI Budget'!A33 -> OPS | B31: =+C31/P31 -> 0 | C31: 0 | G31: =+C31/12*O31 -> 0 | H31: =+G31*1.03 -> 0 | I31: =+H31*1.03/2 -> 0 | J31: =+I31*1.03 -> 0 | K31: =+J31*1.03 -> 0 | L31: =SUM(G31:K31) -> 0 | P31: 12 | Q31: =+O31/P31 -> 0 | S31: OPS | T31: =+U31/AG31 -> 0 | U31: =+V31+W31+X31 -> 0 | Y31: 0 | Z31: =+Y31*1.03 -> 0 | AA31: =+Z31*1.03 -> 0 | AB31: =+AA31*1.03 -> 0 | AC31: =+AB31*1.03 -> 0 | AD31: =SUM(Y31:AC31) -> 0 | AF31: 0 | AG31: 12 | AH31: =+AF31/AG31 -> 0
A32: =+'PI Budget'!A34 -> Undergraduate Students | B32: =+C32/P32 -> 0 | C32: =+D32+E32+F32 -> 0 | G32: =(ROUND(C32*Q32,0)) -> 0 | H32: =+ROUND(G32*1.03,0) -> 0 | I32: =+ROUND(H32*1.03,0) -> 0 | J32: =+ROUND(I32*1.03,0) -> 0 | K32: =+ROUND(J32*1.03,0) -> 0 | L32: =SUM(G32:K32) -> 0 | P32: 12 | Q32: =+ROUND(O32/P32,0) -> 0 | S32: Undergraduate Students | T32: =+U32/AG32 -> 0 | U32: =+V32+W32+X32 -> 0 | Y32: 0 | Z32: =+Y32*1.03 -> 0 | AA32: =+Z32*1.03 -> 0 | AB32: =+AA32*1.03 -> 0 | AC32: =+AB32*1.03 -> 0 | AD32: =SUM(Y32:AC32) -> 0 | AF32: =10.05*1044 -> 10492.2 | AG32: 12 | AH32: =+AF32/AG32 -> 874.35
A33: =+'PI Budget'!A36 -> Grad Research Asst | B33: =+C33/P33 -> 0 | C33: =+D33+E33+F33 -> 0 | G33: 0 | I33: =+ROUND(H33*1.03,0) -> 0 | J33: =+ROUND(I33*1.03,0) -> 0 | K33: =+ROUND(J33*1.03,0) -> 0 | L33: =SUM(G33:K33) -> 0 | P33: 12 | Q33: =+ROUND(O33/P33,0) -> 0 | S33: Graduate Students | T33: =+U33/AG33 -> 0 | U33: =+V33+W33+X33 -> 0 | Y33: 0 | Z33: =+Y33*1.03 -> 0 | AA33: =+Z33*1.03 -> 0 | AB33: =+AA33*1.03 -> 0 | AC33: =+AB33*1.03 -> 0 | AD33: =SUM(Y33:AC33) -> 0 | AF33: 18500 | AG33: 12 | AH33: =+AF33/AG33 -> 1541.6667
A34: Subtotal Salaries | G34: =SUM(G15:G33) -> 0 | H34: =SUM(H15:H33) -> 0 | I34: =SUM(I15:I33) -> 0 | J34: =SUM(J15:J33) -> 0 | K34: =SUM(K15:K33) -> 0 | L34: =SUM(G34:K34) -> 0 | S34: Subtotal Salaries | Y34: =SUM(Y15:Y33) -> 0 | Z34: =SUM(Z15:Z33) -> 0 | AA34: =SUM(AA15:AA33) -> 0 | AB34: =SUM(AB15:AB33) -> 0 | AC34: =SUM(AC15:AC33) -> 0 | AD34: =SUM(Y34:AC34) -> 0
A36: Fringe Benefits | S36: Fringe Benefits
A37: Faculty | C37: 0.31 | G37: =ROUND(SUM(G15:G20)*$C$37,0) -> 0 | H37: =ROUND(SUM(H15:H20)*$C$37,0) -> 0 | I37: =ROUND(SUM(I15:I20)*$C$37,0) -> 0 | J37: =ROUND(SUM(J15:J20)*$C$37,0) -> 0 | K37: =ROUND(SUM(K15:K20)*$C$37,0) -> 0 | L37: =SUM(G37:K37) -> 0 | S37: Faculty | U37: 0.28 | Y37: =SUM(Y15:Y20)*$C$37 -> 0 | Z37: =SUM(Z15:Z20)*$C$37 -> 0 | AA37: =SUM(AA15:AA20)*$C$37 -> 0 | AB37: =SUM(AB15:AB20)*$C$37 -> 0 | AC37: =SUM(AC15:AC20)*$C$37 -> 0 | AD37: =SUM(Y37:AC37) -> 0
A38: A&P | C38: 0.39 | G38: 0 | H38: =ROUND((H23+H22+H21)*$C$38,0) -> 0 | I38: =ROUND((I23+I22+I21)*$C$38,0) -> 0 | J38: =ROUND((J23+J22+J21)*$C$38,0) -> 0 | K38: =ROUND((K23+K22+K21)*$C$38,0) -> 0 | L38: =SUM(G38:K38) -> 0 | S38: A&P | U38: 0.37 | Y38: =(Y23)*$C$38 -> 0 | Z38: =(Z23)*$C$38 -> 0 | AA38: =(AA23)*$C$38 -> 0 | AB38: =(AB23)*$C$38 -> 0 | AC38: =(AC23)*$C$38 -> 0 | AD38: =SUM(Y38:AC38) -> 0
A39: USPS | C39: 0.52 | G39: =ROUND((G24)*$C$39,0) -> 0 | H39: =ROUND((H24)*$C$39,0) -> 0 | I39: =ROUND((I24)*$C$39,0) -> 0 | J39: =ROUND((J24)*$C$39,0) -> 0 | K39: =ROUND((K24)*$C$39,0) -> 0 | L39: =SUM(G39:K39) -> 0 | S39: USPS | U39: 0.5 | Y39: =(Y24)*$C$39 -> 0 | Z39: =(Z24)*$C$39 -> 0 | AA39: =(AA24)*$C$39 -> 0 | AB39: =(AB24)*$C$39 -> 0 | AC39: =(AC24)*$C$39 -> 0 | AD39: =SUM(Y39:AC39) -> 0
A40: Post Doc | C40: 0.23 | G40: =+ROUND(G25*$C$40,0) -> 0 | H40: =+ROUND(H25*$C$40,0) -> 0 | I40: =+ROUND(I25*$C$40,0) -> 0 | J40: =+ROUND(J25*$C$40,0) -> 0 | K40: =+ROUND(K25*$C$40,0) -> 0 | L40: =SUM(G40:K40) -> 0 | S40: Post Doc | U40: 0.22 | Y40: =+Y25*$C$40 -> 0 | Z40: =+Z25*$C$40 -> 0 | AA40: =+AA25*$C$40 -> 0 | AB40: =+AB25*$C$40 -> 0 | AC40: =+AC25*$C$40 -> 0 | AD40: =SUM(Y40:AC40) -> 0
A41: OPS | C41: 0.14 | G41: =+ROUND(SUM(G26:G31)*$C$41,0) -> 0 | H41: =+ROUND(SUM(H26:H31)*$C$41,0) -> 0 | I41: =+ROUND(SUM(I26:I31)*$C$41,0) -> 0 | J41: =+ROUND(SUM(J26:J31)*$C$41,0) -> 0 | K41: =+ROUND(SUM(K26:K31)*$C$41,0) -> 0 | L41: =SUM(G41:K41) -> 0 | S41: OPS | U41: 0.12 | Y41: =+Y31*$C$41 -> 0 | Z41: =+Z31*$C$41 -> 0 | AA41: =+AA31*$C$41 -> 0 | AB41: =+AB31*$C$41 -> 0 | AC41: =+AC31*$C$41 -> 0 | AD41: =SUM(Y41:AC41) -> 0
A42: Undergrad/Grad Students | C42: 0.02 | G42: =ROUND(SUM(G32:G33)*$C$42,0) -> 0 | H42: =ROUND(SUM(H32:H33)*$C$42,0) -> 0 | I42: =ROUND(SUM(I32:I33)*$C$42,0) -> 0 | J42: =ROUND(SUM(J32:J33)*$C$42,0) -> 0 | K42: =ROUND(SUM(K32:K33)*$C$42,0) -> 0 | L42: =SUM(G42:K42) -> 0 | S42: Undergrad/Grad Students | U42: 0.02 | Y42: =SUM(Y32:Y33)*$C$42 -> 0 | Z42: =SUM(Z32:Z33)*$C$42 -> 0 | AA42: =SUM(AA32:AA33)*$C$42 -> 0 | AB42: =SUM(AB32:AB33)*$C$42 -> 0 | AC42: =SUM(AC32:AC33)*$C$42 -> 0 | AD42: =SUM(Y42:AC42) -> 0
A43: Subtotal Fringe Benefits | G43: =SUM(G37:G42) -> 0 | H43: =SUM(H37:H42) -> 0 | I43: =SUM(I37:I42) -> 0 | J43: =SUM(J37:J42) -> 0 | K43: =SUM(K37:K42) -> 0 | L43: =SUM(G43:K43) -> 0 | S43: Subtotal Fringe Benefits | Y43: =SUM(Y37:Y42) -> 0 | Z43: =SUM(Z37:Z42) -> 0 | AA43: =SUM(AA37:AA42) -> 0 | AB43: =SUM(AB37:AB42) -> 0 | AC43: =SUM(AC37:AC42) -> 0 | AD43: =SUM(Y43:AC43) -> 0 | AK43: TRAVEL
A45: Travel | O45: # Travelers | P45: Days | Q45: # Trips | S45: Travel | AF45: # Travelers | AG45: Days | AH45: # Trips | AK45: DESTINATION: Orlando, FL to TBD for Conference 1
A46: =+'PI Budget'!A51 -> Conference Travel | G46: =+AS60+AS78 -> 0 | H46: =+ROUND(G46*1.05,0) -> 0 | I46: =+ROUND(H46*1.05,0) -> 0 | J46: =+ROUND(I46*1.05,0) -> 0 | K46: =+ROUND(J46*1.05,0) -> 0 | L46: =SUM(G46:K46) -> 0 | N46: Conference | S46: Conference Travel | Y46: =+PersonnelTravelTuitionWorksheet!Z73+PersonnelTravelTuitionWorksheet!Z60+PersonnelTravelTuitionWorksheet!Z47 -> 0 | Z46: =+Y46*1.05 -> 0 | AA46: =+Z46*1.05 -> 0 | AB46: =+AA46*1.05 -> 0 | AC46: =+AB46*1.05 -> 0 | AD46: =SUM(Y46:AC46) -> 0 | AK46: TRAVELER:
A47: =+'PI Budget'!A52 -> Project Travel | G47: =+AS96 -> 0 | H47: =+ROUND(G47*1.05,0) -> 0 | I47: =+ROUND(H47*1.05,0) -> 0 | J47: =+ROUND(I47*1.05,0) -> 0 | K47: =+ROUND(J47*1.05,0) -> 0 | L47: =SUM(G47:K47) -> 0 | N47: Conference | S47: Local Travel | Y47: 0 | Z47: =+Y47*1.05 -> 0 | AA47: =+Z47*1.05 -> 0 | AB47: =+AA47*1.05 -> 0 | AC47: =+AB47*1.05 -> 0 | AD47: =SUM(Y47:AC47) -> 0
A48: Subtotal Travel | G48: =SUM(G46:G47) -> 0 | H48: =SUM(H46:H47) -> 0 | I48: =SUM(I46:I47) -> 0 | J48: =SUM(J46:J47) -> 0 | K48: =SUM(K46:K47) -> 0 | L48: =SUM(G48:K48) -> 0 | N48: Project | S48: Subtotal Travel | Y48: =SUM(Y46:Y47) -> 0 | Z48: =SUM(Z46:Z47) -> 0 | AA48: =SUM(AA46:AA47) -> 0 | AB48: =SUM(AB46:AB47) -> 0 | AC48: =SUM(AC46:AC47) -> 0 | AD48: =SUM(Y48:AC48) -> 0 | AK48: =+O46 -> 0 | AL48: Person | AM48: =+P46 -> 0 | AN48: Days | AO48: =+AM48-1 -> -1 | AP48: Nights | AQ48: =+Q46 -> 0 | AR48: Trips
A50: Supplies | S50: Supplies | AK50: =AK48 -> 0 | AL50: Round Trp Airfare | AN50: @ | AQ50: 400 | AR50: Each | AS50: =ROUND(AK50*AQ50*AQ48,0) -> 0
A51: =+'PI Budget'!A56 -> Supplies | G51: 0 | H51: 0 | I51: 0 | J51: 0 | K51: 0 | L51: =SUM(G51:K51) -> 0 | S51: TBD | Y51: 0 | Z51: 0 | AA51: 0 | AB51: 0 | AC51: 0 | AD51: =SUM(Y51:AC51) -> 0 | AK51: =AM48 -> 0 | AL51: Days Subsistence* | AO51: =AK48 -> 0 | AP51: Traveler | AQ51: 36 | AR51: Per Day | AS51: =ROUND(AK51*AO51*AQ51*AQ48,0) -> 0
A52: =+'PI Budget'!A57 -> TBD | G52: 0 | H52: 0 | I52: 0 | J52: 0 | K52: 0 | L52: =SUM(G52:K52) -> 0 | S52: TBD | Y52: 0 | Z52: 0 | AA52: 0 | AB52: 0 | AC52: 0 | AD52: =SUM(Y52:AC52) -> 0 | AK52: =AO48 -> -1 | AL52: Nights Lodging* | AO52: =AK48 -> 0 | AP52: Traveler | AQ52: 150 | AR52: Per Night | AS52: =ROUND(AK52*AO52*AQ52*AQ48,0) -> 0
A53: =+'PI Budget'!A58 -> TBD | G53: 0 | H53: 0 | I53: 0 | J53: 0 | K53: 0 | L53: =SUM(G53:K53) -> 0
A54: =+'PI Budget'!#REF! -> #REF! | G54: 0 | H54: 0 | I54: 0 | J54: 0 | K54: 0 | L54: =SUM(G54:K54) -> 0 | S54: TBD | Y54: 0 | Z54: 0 | AA54: 0 | AB54: 0 | AC54: 0 | AD54: =SUM(Y54:AC54) -> 0 | AK54: =+AO48 -> -1 | AL54: Rental Car | AN54: @ | AO54: =+AK48 -> 0 | AP54: Traveler | AQ54: 39 | AR54: Per Day | AS54: =ROUND(AK54*AO54*AQ54*AQ48,0) -> 0
A55: Subtotal Supplies | G55: =SUM(G51:G54) -> 0 | H55: =SUM(H51:H54) -> 0 | I55: =SUM(I51:I54) -> 0 | J55: =SUM(J51:J54) -> 0 | K55: =SUM(K51:K54) -> 0 | L55: =SUM(G55:K55) -> 0 | S55: Subtotal Supplies | Y55: =SUM(Y51:Y54) -> 0 | Z55: =SUM(Z51:Z54) -> 0 | AA55: =SUM(AA51:AA54) -> 0 | AB55: =SUM(AB51:AB54) -> 0 | AC55: =SUM(AC51:AC54) -> 0 | AD55: =SUM(Y55:AC55) -> 0 | AL55: Other: | AS55: 0
A57: Contractual | S57: Contractual | AL57: Conference Registration | AS57: =+AK48*400 -> 0
A58: =+'PI Budget'!#REF! -> #REF! | G58: 0 | H58: 0 | I58: 0 | J58: 0 | K58: 0 | L58: =SUM(G58:K58) -> 0 | S58: TBD Contract | Y58: 0 | Z58: 0 | AA58: 0 | AB58: 0 | AC58: 0 | AD58: =SUM(Y58:AC58) -> 0 | AK58: =+AK48 -> 0 | AL58: Tolls, gas, parking, misc, etc | AS58: =+AK58*100 -> 0
A59: =+'PI Budget'!#REF! -> #REF! | G59: 0 | H59: 0 | I59: 0 | J59: 0 | K59: 0 | L59: =SUM(G59:K59) -> 0 | S59: TBD Contract | Y59: 0 | Z59: 0 | AA59: 0 | AB59: 0 | AC59: 0 | AD59: =SUM(Y59:AC59) -> 0 | AL59: In-State Travel | AN59: @ | AO59: 0.445 | AP59: Per mile | AQ59: 0 | AR59: Miles | AS59: =ROUND(AO59*AQ59*AQ48*AK48,0) -> 0
A60: =+'PI Budget'!A62 -> TBD Contract | G60: 0 | H60: 0 | I60: 0 | J60: 0 | K60: 0 | L60: =SUM(G60:K60) -> 0 | S60: TBD Contract | Y60: 0 | Z60: 0 | AA60: 0 | AB60: 0 | AC60: 0 | AD60: =SUM(Y60:AC60) -> 0 | AK60: Sub Total Conference Trip 1 | AS60: =SUM(AS50:AS59) -> 0
A61: =+'PI Budget'!A63 -> TBD Contract | G61: 0 | H61: 0 | I61: 0 | J61: 0 | K61: 0 | L61: =SUM(G61:K61) -> 0 | S61: TBD Contract | Y61: 0 | Z61: 0 | AA61: 0 | AB61: 0 | AC61: 0 | AD61: =SUM(Y61:AC61) -> 0
A62: Subtotal Contractual | G62: =SUM(G58:G61) -> 0 | H62: =SUM(H58:H61) -> 0 | I62: =SUM(I58:I61) -> 0 | J62: =SUM(J58:J61) -> 0 | K62: =SUM(K58:K61) -> 0 | L62: =SUM(G62:K62) -> 0 | S62: Subtotal Contractual | Y62: =SUM(Y58:Y61) -> 0 | Z62: =SUM(Z58:Z61) -> 0 | AA62: =SUM(AA58:AA61) -> 0 | AB62: =SUM(AB58:AB61) -> 0 | AC62: =SUM(AC58:AC61) -> 0 | AD62: =SUM(Y62:AC62) -> 0
A63: Contractual Base for IDC | G63: 0 | H63: 0 | I63: 0 | J63: 0 | K63: 0 | L63: =SUM(G63:K63) -> 0 | S63: Contractual Base for IDC | Y63: 0 | Z63: 0 | AA63: 0 | AB63: 0 | AC63: 0 | AD63: =SUM(Y63:AC63) -> 0 | AK63: DESTINATION: Orlando, FL to TBD for Conference 2
A65: Equipment | S65: Equipment | AK65: TRAVELER:
A66: =+'PI Budget'!A68 -> TBD Equipment | G66: 0 | H66: 0 | I66: 0 | J66: 0 | K66: 0 | L66: =SUM(G66:K66) -> 0 | S66: TDB Equipment | Y66: 0 | Z66: 0 | AA66: 0 | AB66: 0 | AC66: 0 | AD66: =SUM(Y66:AC66) -> 0
A67: =+'PI Budget'!A69 -> TBD Equipment | G67: 0 | H67: 0 | I67: 0 | J67: 0 | K67: 0 | L67: =SUM(G67:K67) -> 0 | S67: TBD Equipment | Y67: 0 | Z67: 0 | AA67: 0 | AB67: 0 | AC67: 0 | AD67: =SUM(Y67:AC67) -> 0 | AK67: =+O47 -> 0 | AL67: Person | AM67: =+P47 -> 0 | AN67: Days | AO67: =+AM67-1 -> -1 | AP67: Nights | AQ67: =+Q47 -> 0 | AR67: Trips
A68: =+'PI Budget'!A70 -> TBD Equipment | G68: 0 | H68: 0 | I68: 0 | J68: 0 | K68: 0 | L68: =SUM(G68:K68) -> 0 | S68: TBD Equipment | Y68: 0 | Z68: 0 | AA68: 0 | AB68: 0 | AC68: 0 | AD68: =SUM(Y68:AC68) -> 0
A69: Subtotal Equipment | G69: =SUM(G66:G68) -> 0 | H69: =SUM(H66:H68) -> 0 | I69: =SUM(I66:I68) -> 0 | J69: =SUM(J66:J68) -> 0 | K69: =SUM(K66:K68) -> 0 | L69: =SUM(G69:K69) -> 0 | S69: Subtotal Equipment | Y69: =SUM(Y66:Y68) -> 0 | Z69: =SUM(Z66:Z68) -> 0 | AA69: =SUM(AA66:AA68) -> 0 | AB69: =SUM(AB66:AB68) -> 0 | AC69: =SUM(AC66:AC68) -> 0 | AD69: =SUM(Y69:AC69) -> 0 | AK69: =AK67 -> 0 | AL69: Round Trp Airfare | AN69: @ | AQ69: 400 | AR69: Each | AS69: =ROUND(AK69*AQ69*AQ67,0) -> 0
A71: Other | S71: Other | AK71: =AM67 -> 0 | AL71: Days Subsistence* | AO71: =AK67 -> 0 | AP71: Traveler | AQ71: 36 | AR71: Per Day | AS71: =ROUND(AK71*AO71*AQ71*AQ67,0) -> 0
A72: =+'PI Budget'!A74 -> TBD | G72: 0 | H72: 0 | I72: 0 | J72: 0 | K72: 0 | L72: =SUM(G72:K72) -> 0 | S72: TBD | Y72: 0 | Z72: 0 | AA72: 0 | AB72: 0 | AC72: 0 | AD72: =SUM(Y72:AC72) -> 0 | AK72: =AO67 -> -1 | AL72: Nights Lodging* | AO72: =AK67 -> 0 | AP72: Traveler | AQ72: 150 | AR72: Per Night | AS72: =ROUND(AK72*AO72*AQ72*AQ67,0) -> 0
A73: =+'PI Budget'!A75 -> TBD | G73: 0 | H73: 0 | I73: 0 | J73: 0 | K73: 0 | L73: =SUM(G73:K73) -> 0 | S73: TBD | Y73: 0 | Z73: 0 | AA73: 0 | AB73: 0 | AC73: 0 | AD73: =SUM(Y73:AC73) -> 0 | AK73: =+AO67 -> -1 | AL73: Rental Car | AN73: @ | AO73: =+AK67 -> 0 | AP73: Traveler | AQ73: 39 | AR73: Per Day | AS73: =ROUND(AK73*AO73*AQ73*AQ67,0) -> 0
A74: =+'PI Budget'!A76 -> TBD | G74: 0 | H74: 0 | I74: 0 | J74: 0 | K74: 0 | L74: =SUM(G74:K74) -> 0 | S74: TBD | Y74: 0 | Z74: 0 | AA74: 0 | AB74: 0 | AC74: 0 | AD74: =SUM(Y74:AC74) -> 0 | AL74: Other: | AS74: 0
A75: =+'PI Budget'!A77 -> TBD | G75: 0 | H75: 0 | I75: 0 | J75: 0 | K75: 0 | L75: =SUM(G75:K75) -> 0 | S75: TBD | Y75: 0 | Z75: 0 | AA75: 0 | AB75: 0 | AC75: 0 | AD75: =SUM(Y75:AC75) -> 0 | AL75: Conference Registration | AS75: =+AK67*400 -> 0
A76: =+'PI Budget'!A78 -> TBD | G76: 0 | H76: 0 | I76: 0 | J76: 0 | K76: 0 | L76: =SUM(G76:K76) -> 0 | S76: TBD | Y76: 0 | Z76: 0 | AA76: 0 | AB76: 0 | AC76: 0 | AD76: =SUM(Y76:AC76) -> 0 | AK76: =+AK67 -> 0 | AL76: Tolls, gas, parking, misc, etc | AS76: =+AK76*100 -> 0
A77: =+'PI Budget'!A80 -> TBD IDC Excluded | G77: 0 | H77: 0 | I77: 0 | J77: 0 | K77: 0 | L77: =SUM(G77:K77) -> 0 | S77: TBD | Y77: 0 | AD77: =SUM(Y77:AC77) -> 0 | AL77: In-State Travel | AN77: @ | AO77: 0.445 | AP77: Per mile | AQ77: 0 | AR77: Miles | AS77: =ROUND(AO77*AQ77*AQ67*AK67,0) -> 0
A78: Tuition grad student(s) (5% Escalation) | D78: Enter # >>>>>> | F78: 0 | G78: =+F78*PersonnelTravelTuitionWorksheet!D29 -> 0 | H78: =+ROUND(G78*1.05,0) -> 0 | I78: =+ROUND(H78*1.05,0) -> 0 | J78: =+ROUND(I78*1.05,0) -> 0 | K78: =+ROUND(J78*1.05,0) -> 0 | L78: =SUM(G78:K78) -> 0 | S78: Tuition grad student(s) | V78: Enter # >>>>>> | X78: 0 | Y78: =8870*X78 -> 0 | Z78: =+Y78*1.05 -> 0 | AA78: =+Z78*1.05 -> 0 | AB78: =+AA78*1.05 -> 0 | AC78: =+AB78*1.05 -> 0 | AD78: =SUM(Y78:AC78) -> 0 | AK78: Sub Total Conference Trip 2 | AS78: =SUM(AS69:AS77) -> 0
A79: Subtotal Other | G79: =SUM(G72:G78) -> 0 | H79: =SUM(H72:H78) -> 0 | I79: =SUM(I72:I78) -> 0 | J79: =SUM(J72:J78) -> 0 | K79: =SUM(K72:K78) -> 0 | L79: =SUM(G79:K79) -> 0 | S79: Subtotal Other | Y79: =SUM(Y72:Y78) -> 0 | Z79: =SUM(Z72:Z78) -> 0 | AA79: =SUM(AA72:AA78) -> 0 | AB79: =SUM(AB72:AB78) -> 0 | AC79: =SUM(AC72:AC78) -> 0 | AD79: =SUM(Y79:AC79) -> 0
A81: Participant Support Costs | S81: Participant Support Costs | AK81: DESTINATION: Orlando, FL to TBD for Project 1
A82: =+'PI Budget'!A85 -> Stipends | G82: 0 | H82: 0 | I82: 0 | J82: 0 | K82: 0 | L82: =SUM(G82:K82) -> 0 | S82: TBD | Y82: 0 | Z82: 0 | AA82: 0 | AB82: 0 | AC82: 0 | AD82: =SUM(Y82:AC82) -> 0
A83: =+'PI Budget'!A87 -> TBD | G83: 0 | H83: 0 | I83: 0 | J83: 0 | K83: 0 | L83: =SUM(G83:K83) -> 0 | S83: TBD | Y83: 0 | Z83: 0 | AA83: 0 | AB83: 0 | AC83: 0 | AD83: =SUM(Y83:AC83) -> 0 | AK83: TRAVELER:
A84: =+'PI Budget'!A88 -> TBD | G84: 0 | H84: 0 | I84: 0 | J84: 0 | K84: 0 | L84: =SUM(G84:K84) -> 0 | S84: TBD | Y84: 0 | Z84: 0 | AA84: 0 | AB84: 0 | AC84: 0 | AD84: =SUM(Y84:AC84) -> 0
A85: Subtotal Participant Support Costs | G85: =SUM(G82:G84) -> 0 | H85: =SUM(H82:H84) -> 0 | I85: =SUM(I82:I84) -> 0 | J85: =SUM(J82:J84) -> 0 | K85: =SUM(K82:K84) -> 0 | L85: =+K85+J85+I85+H85+G85 -> 0 | S85: Subtotal Participant Support Costs | Y85: =SUM(Y82:Y84) -> 0 | Z85: =SUM(Z82:Z84) -> 0 | AA85: =SUM(AA82:AA84) -> 0 | AB85: =SUM(AB82:AB84) -> 0 | AC85: =SUM(AC82:AC84) -> 0 | AD85: =+AC85+AB85+AA85+Z85+Y85 -> 0 | AK85: =+O48 -> 0 | AL85: Person | AM85: =+P48 -> 0 | AN85: Days | AO85: =+AM85-1 -> -1 | AP85: Nights | AQ85: =+Q48 -> 0 | AR85: Trips
A87: Direct Costs | G87: =+G85+G79+G69+G62+G55+G48+G43+G34 -> 0 | H87: =+H85+H79+H69+H62+H55+H48+H43+H34 -> 0 | I87: =+I85+I79+I69+I62+I55+I48+I43+I34 -> 0 | J87: =+J85+J79+J69+J62+J55+J48+J43+J34 -> 0 | K87: =+K85+K79+K69+K62+K55+K48+K43+K34 -> 0 | L87: =SUM(G87:K87) -> 0 | S87: Direct Costs | Y87: =+Y85+Y79+Y69+Y62+Y55+Y48+Y43+Y34 -> 0 | Z87: =+Z85+Z79+Z69+Z62+Z55+Z48+Z43+Z34 -> 0 | AA87: =+AA85+AA79+AA69+AA62+AA55+AA48+AA43+AA34 -> 0 | AB87: =+AB85+AB79+AB69+AB62+AB55+AB48+AB43+AB34 -> 0 | AC87: =+AC85+AC79+AC69+AC62+AC55+AC48+AC43+AC34 -> 0 | AD87: =SUM(Y87:AC87) -> 0 | AK87: =AK85 -> 0 | AL87: Round Trp Airfare | AN87: @ | AQ87: 400 | AR87: Each | AS87: =ROUND(AK87*AQ87*AQ85,0) -> 0
A88: Modified Total Direct Costs | G88: =+G87-G85-G78-G62-G69+G63-G77 -> 0 | H88: =+H87-H85-H78-H62-H69+H63-H77 -> 0 | I88: =+I87-I85-I78-I62-I69+I63-I77 -> 0 | J88: =+J87-J85-J78-J62-J69+J63-J77 -> 0 | K88: =+K87-K85-K78-K62-K69+K63-K77 -> 0 | L88: =SUM(G88:K88) -> 0 | S88: Modified Total Direct Costs | Y88: =+Y87-Y85-Y78-Y62-Y69+Y63-Y77 -> 0 | Z88: =+Z87-Z85-Z78-Z62-Z69+Z63-Z77 -> 0 | AA88: =+AA87-AA85-AA78-AA62-AA69+AA63-AA77 -> 0 | AB88: =+AB87-AB85-AB78-AB62-AB69+AB63-AB77 -> 0 | AC88: =+AC87-AC85-AC78-AC62-AC69+AC63-AC77 -> 0 | AD88: =SUM(Y88:AC88) -> 0
A89: F & A Costs | C89: =+'PI Budget'!C95 -> 0.535 | G89: =+ROUND(G88*$C$89,0) -> 0 | H89: =+ROUND(H88*$C$89,0) -> 0 | I89: =+ROUND(I88*$C$89,0) -> 0 | J89: =+ROUND(J88*$C$89,0) -> 0 | K89: =+ROUND(K88*$C$89,0) -> 0 | L89: =SUM(G89:K89) -> 0 | S89: F & A Costs | U89: 0.49 | Y89: =+Y88*$C$89 -> 0 | Z89: =+Z88*$C$89 -> 0 | AA89: =+AA88*$C$89 -> 0 | AB89: =+AB88*$C$89 -> 0 | AC89: =+AC88*$C$89 -> 0 | AD89: =SUM(Y89:AC89) -> 0 | AK89: =AM85 -> 0 | AL89: Days Subsistence* | AO89: =AK85 -> 0 | AP89: Traveler | AQ89: 36 | AR89: Per Day | AS89: =ROUND(AK89*AO89*AQ89*AQ85,0) -> 0
A90: Total PI Project Cost | G90: =+G89+G87 -> 0 | H90: =+H89+H87 -> 0 | I90: =+I89+I87 -> 0 | J90: =+J89+J87 -> 0 | K90: =+K89+K87 -> 0 | L90: =SUM(G90:K90) -> 0 | S90: Total PI Project Cost | Y90: =+Y89+Y87 -> 0 | Z90: =+Z89+Z87 -> 0 | AA90: =+AA89+AA87 -> 0 | AB90: =+AB89+AB87 -> 0 | AC90: =+AC89+AC87 -> 0 | AD90: =SUM(Y90:AC90) -> 0 | AK90: =AO85 -> -1 | AL90: Nights Lodging* | AO90: =AK85 -> 0 | AP90: Traveler | AQ90: 150 | AR90: Per Night | AS90: =ROUND(AK90*AO90*AQ90*AQ85,0) -> 0
AK91: =+AO85 -> -1 | AL91: Rental Car | AN91: @ | AO91: =+AK85 -> 0 | AP91: Traveler | AQ91: 39 | AR91: Per Day | AS91: =ROUND(AK91*AO91*AQ91*AQ85,0) -> 0
AL92: Other: | AS92: 0
AL93: Conference Registration | AS93: =+AK85*400 -> 0
AK94: =+AK85 -> 0 | AL94: Tolls, gas, parking, misc, etc | AS94: =+AK94*100 -> 0
AL95: In-State Travel | AN95: @ | AO95: 0.445 | AP95: Per mile | AQ95: 0 | AR95: Miles | AS95: =ROUND(AO95*AQ95*AQ85*AK85,0) -> 0
A96: % Participant Support/Total Budget | G96: =+G85/G90 -> #DIV/0! | H96: =+H85/H90 -> #DIV/0! | I96: =+I85/I90 -> #DIV/0! | J96: =+J85/J90 -> #DIV/0! | K96: =+K85/K90 -> #DIV/0! | L96: =+L85/L90 -> #DIV/0! | S96: % Participant Support/Total Budget | Y96: =+Y85/Y90 -> #DIV/0! | Z96: =+Z85/Z90 -> #DIV/0! | AA96: =+AA85/AA90 -> #DIV/0! | AB96: =+AB85/AB90 -> #DIV/0! | AC96: =+AC85/AC90 -> #DIV/0! | AD96: =+AD85/AD90 -> #DIV/0! | AK96: Sub Total Project Trip 1 | AS96: =SUM(AS87:AS95) -> 0
A98: Required Cost Share | B98: Enter %>> | G98: =+G90*$C$98 -> 0 | H98: =+H90*$C$98 -> 0 | I98: =+I90*$C$98 -> 0 | J98: =+J90*$C$98 -> 0 | K98: =+K90*$C$98 -> 0 | L98: =+L90*$C$98 -> 0 | S98: Required Cost Share | T98: Enter %>> | Y98: =+Y90*$C$98 -> 0 | Z98: =+Z90*$C$98 -> 0 | AA98: =+AA90*$C$98 -> 0 | AB98: =+AB90*$C$98 -> 0 | AC98: =+AC90*$C$98 -> 0 | AD98: =+AD90*$C$98 -> 0
A100: Estimated Cost Share | G100: =+Y90 -> 0 | H100: =+Z90 -> 0 | I100: =+AA90 -> 0 | J100: =+AB90 -> 0 | K100: =+AC90 -> 0 | L100: =+AD90 -> 0 | S100: Estimated Cost Share | Y100: =+Y90 -> 0 | Z100: =+Z90 -> 0 | AA100: =+AA90 -> 0 | AB100: =+AB90 -> 0 | AC100: =+AC90 -> 0 | AD100: =+AD90 -> 0
A102: Over/Under | G102: =+G100-G98 -> 0 | H102: =+H100-H98 -> 0 | I102: =+I100-I98 -> 0 | J102: =+J100-J98 -> 0 | K102: =+K100-K98 -> 0 | L102: =+L100-L90 -> 0 | S102: Over/Under | Y102: =+Y100-Y98 -> 0 | Z102: =+Z100-Z98 -> 0 | AA102: =+AA100-AA98 -> 0 | AB102: =+AB100-AB98 -> 0 | AC102: =+AC100-AC98 -> 0 | AD102: =+AD100-AD98 -> 0
A106: Budget Reconciliation Worksheet | G106: CO-PI: | H106: =+B7 -> 0 | J106: =+G8 -> #REF!
A108: ITEM | G108: Year 1 | H108: Year 2 | I108: Year 3 | J108: Year 4 | K108: Year 5 | L108: Total
A109: Personnel | G109: =+'College 4'!G15+'College 4'!G16+'College 4'!G17+'College 4'!G18+'College 4'!G19+'College 4'!G20+'College 4'!G21+'College 4'!G22+'College 4'!G23+'College 4'!G24+'College 4'!G25+'College 4'!G32+'College 4'!G33 -> 0 | H109: =+'College 4'!H15+'College 4'!H16+'College 4'!H17+'College 4'!H18+'College 4'!H19+'College 4'!H20+'College 4'!H21+'College 4'!H22+'College 4'!H23+'College 4'!H24+'College 4'!H25+'College 4'!H32+'College 4'!H33 -> 0 | I109: =+'College 4'!I15+'College 4'!I16+'College 4'!I17+'College 4'!I18+'College 4'!I19+'College 4'!I20+'College 4'!I21+'College 4'!I22+'College 4'!I23+'College 4'!I24+'College 4'!I25+'College 4'!I32+'College 4'!I33 -> 0 | J109: =+'College 4'!J15+'College 4'!J16+'College 4'!J17+'College 4'!J18+'College 4'!J19+'College 4'!J20+'College 4'!J21+'College 4'!J22+'College 4'!J23+'College 4'!J24+'College 4'!J25+'College 4'!J32+'College 4'!J33 -> 0 | K109: =+'College 4'!K15+'College 4'!K16+'College 4'!K17+'College 4'!K18+'College 4'!K19+'College 4'!K20+'College 4'!K21+'College 4'!K22+'College 4'!K23+'College 4'!K24+'College 4'!K25+'College 4'!K32+'College 4'!K33 -> 0 | L109: =SUM(G109:K109) -> 0
A110: Other Personnel Services | G110: =+'College 4'!G26+'College 4'!G27+'College 4'!G28+'College 4'!G29+'College 4'!G30+'College 4'!G31 -> 0 | H110: =+'College 4'!H26+'College 4'!H27+'College 4'!H28+'College 4'!H29+'College 4'!H30+'College 4'!H31 -> 0 | I110: =+'College 4'!I26+'College 4'!I27+'College 4'!I28+'College 4'!I29+'College 4'!I30+'College 4'!I31 -> 0 | J110: =+'College 4'!J26+'College 4'!J27+'College 4'!J28+'College 4'!J29+'College 4'!J30+'College 4'!J31 -> 0 | K110: =+'College 4'!K26+'College 4'!K27+'College 4'!K28+'College 4'!K29+'College 4'!K30+'College 4'!K31 -> 0 | L110: =SUM(G110:K110) -> 0
A111: Fringe | G111: =+'College 4'!G43 -> 0 | H111: =+'College 4'!H43 -> 0 | I111: =+'College 4'!I43 -> 0 | J111: =+'College 4'!J43 -> 0 | K111: =+'College 4'!K43 -> 0 | L111: =SUM(G111:K111) -> 0
A112: Consulting | G112: =+'College 4'!G76 -> 0 | H112: =+'College 4'!H76 -> 0 | I112: =+'College 4'!I76 -> 0 | J112: =+'College 4'!J76 -> 0 | K112: =+'College 4'!K76 -> 0 | L112: =SUM(G112:K112) -> 0
A113: Equipment | G113: =+'College 4'!G69 -> 0 | H113: =+'College 4'!H69 -> 0 | I113: =+'College 4'!I69 -> 0 | J113: =+'College 4'!J69 -> 0 | K113: =+'College 4'!K69 -> 0 | L113: =SUM(G113:K113) -> 0
A114: Stipends | G114: =+'College 4'!G85 -> 0 | H114: =+'College 4'!H85 -> 0 | I114: =+'College 4'!I85 -> 0 | J114: =+'College 4'!J85 -> 0 | K114: =+'College 4'!K85 -> 0 | L114: =SUM(G114:K114) -> 0
A115: Subcontracts with F&A | G115: =+'College 4'!G63 -> 0 | H115: =+'College 4'!H63 -> 0 | I115: =+'College 4'!I63 -> 0 | J115: =+'College 4'!J63 -> 0 | K115: =+'College 4'!K63 -> 0 | L115: =SUM(G115:K115) -> 0
A116: Subcontracts without F&A | G116: =+'College 4'!G62-'College 4'!G63 -> 0 | H116: =+'College 4'!H62-'College 4'!H63 -> 0 | I116: =+'College 4'!I62-'College 4'!I63 -> 0 | J116: =+'College 4'!J62-'College 4'!J63 -> 0 | K116: =+'College 4'!K62-'College 4'!K63 -> 0 | L116: =SUM(G116:K116) -> 0
A117: Travel | G117: =+'College 4'!G48 -> 0 | H117: =+'College 4'!H48 -> 0 | I117: =+'College 4'!I48 -> 0 | J117: =+'College 4'!J48 -> 0 | K117: =+'College 4'!K48 -> 0 | L117: =SUM(G117:K117) -> 0
A118: Tuition | G118: =+'College 4'!G78 -> 0 | H118: =+'College 4'!H78 -> 0 | I118: =+'College 4'!I78 -> 0 | J118: =+'College 4'!J78 -> 0 | K118: =+'College 4'!K78 -> 0 | L118: =SUM(G118:K118) -> 0
A119: Other Direct Expenses with F&A | G119: =+'College 4'!G55+'College 4'!G72+'College 4'!G73+'College 4'!G74+'College 4'!G75 -> 0 | H119: =+'College 4'!H55+'College 4'!H72+'College 4'!H73+'College 4'!H74+'College 4'!H75 -> 0 | I119: =+'College 4'!I55+'College 4'!I72+'College 4'!I73+'College 4'!I74+'College 4'!I75 -> 0 | J119: =+'College 4'!J55+'College 4'!J72+'College 4'!J73+'College 4'!J74+'College 4'!J75 -> 0 | K119: =+'College 4'!K55+'College 4'!K72+'College 4'!K73+'College 4'!K74+'College 4'!K75 -> 0 | L119: =SUM(G119:K119) -> 0
...

Sheet College 5
A2: (Unhide Columns R-AH for Cost Share Budget) | S2: Cost Share Budget
G3: College | H3: Credit Split | I3: TITLE: | J3: =+'PI Budget'!F4:R5 -> #VALUE! | Y3: Cred Split | Z3: IDC Spilt | AA3: TITLE:
A4: PI NAME: | B4: =+'PI Budget'!B5:E5 -> 0 | G4: =+'PI Budget'!#REF! -> #REF! | H4: =+'PI Budget'!#REF! -> #REF! | S4: PI NAME:
A5: CO-PI #1 NAME: | B5: =+'PI Budget'!B6:E6 -> 0 | G5: =+'PI Budget'!#REF! -> #REF! | H5: =+'PI Budget'!#REF! -> #REF! | I5: SPONSOR: | J5: =+'PI Budget'!F6:R6 -> 0 | S5: CO-PI #1 NAME: | AA5: SPONSOR:
A6: CO-PI #2 NAME: | B6: =+'PI Budget'!B7:E7 -> 0 | G6: =+'PI Budget'!#REF! -> #REF! | H6: =+'PI Budget'!#REF! -> #REF! | I6: POP: | J6: =+'PI Budget'!#REF! -> #REF! | K6: to | L6: =+'PI Budget'!R7 -> 0
A7: CO-PI #3 NAME: | B7: =+'PI Budget'!B8:E8 -> 0 | G7: =+'PI Budget'!#REF! -> #REF! | H7: =+'PI Budget'!#REF! -> #REF!
A8: CO-PI #4 NAME: | B8: =+'PI Budget'!B9:E9 -> 0 | G8: =+'PI Budget'!#REF! -> #REF! | H8: =+'PI Budget'!#REF! -> #REF! | I8: MAX BUDGET: | J8: =+'PI Budget'!#REF! -> #REF! | K8: YEARS: | L8: =+'PI Budget'!R9 -> 0
A9: CO-PI #5 NAME: | B9: =+'PI Budget'!B10:E10 -> 0 | G9: =+'PI Budget'!#REF! -> #REF! | H9: =+'PI Budget'!#REF! -> #REF! | I9: LIMITATIONS: | J9: =+'PI Budget'!#REF! -> #REF! | S9: CO-PI #2 NAME: | AA9: POP:
A11: CO-PI BUDGET | C11: =+B8 -> 0 | H11: =+G8 -> #REF! | S11: SPONSOR BUDGET
A14: Personnel | B14: Effort % | C14: Months | D14: Fall | E14: Spr | F14: Sum | G14: Year 1 | H14: Year 2 | I14: Year 3 | J14: Year 4 | K14: Year 5 | L14: Total | O14: Salary | P14: Contract | Q14: Monthly | S14: Personnel | T14: Effort % | U14: Months | V14: Fall | W14: Spr | X14: Sum | Y14: Year 1 | Z14: Year 2 | AA14: Year 3 | AB14: Year 4 | AC14: Year 5 | AD14: Total | AF14: Salary | AG14: Contract | AH14: Monthly
A15: =+B4 -> 0 | B15: =+C15/P15 -> 0 | C15: =+F15+E15+D15 -> 0 | G15: =(ROUND(C15*Q15,0)) -> 0 | H15: =+ROUND(G15*1.03,0) -> 0 | I15: =+ROUND(H15*1.03,0) -> 0 | J15: =+ROUND(I15*1.03,0) -> 0 | K15: =+ROUND(J15*1.03,0) -> 0 | L15: =SUM(G15:K15) -> 0 | O15: =+'PI Budget'!V16 -> 0 | P15: =+'PI Budget'!W16 -> 9 | Q15: =+ROUND(O15/P15,0) -> 0 | S15: =+T4 -> 0 | T15: =+U15/AG15 -> 0 | U15: =+X15+W15+V15 -> 0 | V15: 0 | Y15: =+U15*AH15 -> 0 | Z15: =+Y15*1.03 -> 0 | AA15: =+Z15*1.03 -> 0 | AB15: =+AA15*1.03 -> 0 | AC15: =+AB15*1.03 -> 0 | AD15: =SUM(Y15:AC15) -> 0 | AF15: 10000 | AG15: 9 | AH15: =+AF15/AG15 -> 1111.1111
A16: =+B5 -> 0 | B16: =+C16/P16 -> 0 | C16: =+F16+E16+D16 -> 0 | G16: =(ROUND(C16*Q16,0)) -> 0 | H16: =+ROUND(G16*1.03,0) -> 0 | I16: =+ROUND(H16*1.03,0) -> 0 | J16: =+ROUND(I16*1.03,0) -> 0 | K16: =+ROUND(J16*1.03,0) -> 0 | L16: =SUM(G16:K16) -> 0 | O16: =+'PI Budget'!V17 -> 0 | P16: =+'PI Budget'!W17 -> 9 | Q16: =+ROUND(O16/P16,0) -> 0 | S16: =+T5 -> 0 | T16: =+U16/AG16 -> 0 | U16: =+X16+W16+V16 -> 0 | Y16: =+U16*AH16 -> 0 | Z16: =+Y16*1.03 -> 0 | AA16: =+Z16*1.03 -> 0 | AB16: =+AA16*1.03 -> 0 | AC16: =+AB16*1.03 -> 0 | AD16: =SUM(Y16:AC16) -> 0 | AF16: 0 | AG16: 9 | AH16: =+AF16/AG16 -> 0
A17: =+B6 -> 0 | B17: =+C17/P17 -> 0 | C17: =+F17+E17+D17 -> 0 | G17: =(ROUND(C17*Q17,0)) -> 0 | H17: =+ROUND(G17*1.03,0) -> 0 | I17: =+ROUND(H17*1.03,0) -> 0 | J17: =+ROUND(I17*1.03,0) -> 0 | K17: =+ROUND(J17*1.03,0) -> 0 | L17: =SUM(G17:K17) -> 0 | O17: =+'PI Budget'!V18 -> 0 | P17: =+'PI Budget'!W18 -> 9 | Q17: =+ROUND(O17/P17,0) -> 0 | S17: =+T9 -> 0 | T17: =+U17/AG17 -> 0 | U17: =+X17+W17+V17 -> 0 | Y17: =+U17*AH17 -> 0 | Z17: =+Y17*1.03 -> 0 | AA17: =+Z17*1.03 -> 0 | AB17: =+AA17*1.03 -> 0 | AC17: =+AB17*1.03 -> 0 | AD17: =SUM(Y17:AC17) -> 0 | AF17: 0 | AG17: 9 | AH17: =+AF17/AG17 -> 0
A18: =+B7 -> 0 | B18: =+C18/P18 -> 0 | C18: =+F18+E18+D18 -> 0 | G18: =+C18*Q18 -> 0 | H18: =+G18*1.03 -> 0 | I18: =+H18*1.03 -> 0 | J18: =+I18*1.03 -> 0 | K18: =+J18*1.03 -> 0 | L18: =SUM(G18:K18) -> 0 | O18: =+'PI Budget'!V19 -> 0 | P18: =+'PI Budget'!W19 -> 9 | Q18: =+O18/P18 -> 0 | T18: =+U18/AG18 -> 0 | U18: =+X18+W18+V18 -> 0 | Y18: =+U18*AH18 -> 0 | Z18: =+Y18*1.03 -> 0 | AA18: =+Z18*1.03 -> 0 | AB18: =+AA18*1.03 -> 0 | AC18: =+AB18*1.03 -> 0 | AD18: =SUM(Y18:AC18) -> 0 | AF18: 0 | AG18: 9 | AH18: =+AF18/AG18 -> 0
A19: =+B8 -> 0 | B19: =+C19/P19 -> 0 | C19: =+F19+E19+D19 -> 0 | G19: =+C19*Q19 -> 0 | H19: =+G19*1.03 -> 0 | I19: =+H19*1.03 -> 0 | J19: =+I19*1.03 -> 0 | K19: =+J19*1.03 -> 0 | L19: =SUM(G19:K19) -> 0 | O19: =+'PI Budget'!V20 -> 0 | P19: =+'PI Budget'!W20 -> 9 | Q19: =+O19/P19 -> 0 | T19: =+U19/AG19 -> 0 | U19: =+X19+W19+V19 -> 0 | Y19: =+U19*AH19 -> 0 | Z19: =+Y19*1.03 -> 0 | AA19: =+Z19*1.03 -> 0 | AB19: =+AA19*1.03 -> 0 | AC19: =+AB19*1.03 -> 0 | AD19: =SUM(Y19:AC19) -> 0 | AF19: 0 | AG19: 9 | AH19: =+AF19/AG19 -> 0
A20: =+B9 -> 0 | B20: =+C20/P20 -> 0 | C20: =+F20+E20+D20 -> 0 | G20: =+C20*Q20 -> 0 | H20: =+G20*1.03 -> 0 | I20: =+H20*1.03 -> 0 | J20: =+I20*1.03 -> 0 | K20: =+J20*1.03 -> 0 | L20: =SUM(G20:K20) -> 0 | O20: =+'PI Budget'!V21 -> 0 | P20: =+'PI Budget'!W21 -> 9 | Q20: =+O20/P20 -> 0 | T20: =+U20/AG20 -> 0 | U20: =+X20+W20+V20 -> 0 | Y20: =+U20*AH20 -> 0 | Z20: =+Y20*1.03 -> 0 | AA20: =+Z20*1.03 -> 0 | AB20: =+AA20*1.03 -> 0 | AC20: =+AB20*1.03 -> 0 | AD20: =SUM(Y20:AC20) -> 0 | AF20: 0 | AG20: 9 | AH20: =+AF20/AG20 -> 0
A21: =+'PI Budget'!A23 -> A&P | B21: =+C21/P21 -> 0 | C21: 0 | G21: =+O21/12*C21 -> 0 | H21: =+G21*1.03 -> 0 | I21: =+H21*1.03 -> 0 | J21: =+I21*1.03 -> 0 | K21: =+J21*1.03 -> 0 | L21: =SUM(G21:K21) -> 0 | P21: 12 | Q21: =+O21/P21 -> 0
A22: =+'PI Budget'!A24 -> A&P | C22: 0 | G22: =+O22/12*C22 -> 0 | H22: =+G22*1.03 -> 0 | I22: =+H22*1.03 -> 0 | J22: =+I22*1.03 -> 0 | K22: =+J22*1.03 -> 0 | L22: =SUM(G22:K22) -> 0 | P22: 12 | Q22: =+O22/P22 -> 0
A23: =+'PI Budget'!A25 -> A&P | B23: =+C23/P23 -> 0 | C23: =+D23+E23+F23 -> 0 | G23: =(ROUND(C23*Q23,0)) -> 0 | H23: =+ROUND(G23*1.03,0) -> 0 | I23: =+ROUND(H23*1.03,0) -> 0 | J23: =+ROUND(I23*1.03,0) -> 0 | K23: =+ROUND(J23*1.03,0) -> 0 | L23: =SUM(G23:K23) -> 0 | P23: 12 | Q23: =+ROUND(O23/P23,0) -> 0 | S23: A&P | T23: =+U23/AG23 -> 0 | U23: =+V23+W23+X23 -> 0 | Y23: 0 | Z23: =+Y23*1.03 -> 0 | AA23: =+Z23*1.03 -> 0 | AB23: =+AA23*1.03 -> 0 | AC23: =+AB23*1.03 -> 0 | AD23: =SUM(Y23:AC23) -> 0 | AF23: 0 | AG23: 12 | AH23: =+AF23/AG23 -> 0
A24: =+'PI Budget'!A26 -> USPS | B24: =+C24/P24 -> 0 | C24: =+D24+E24+F24 -> 0 | G24: =(ROUND(C24*Q24,0)) -> 0 | H24: =+ROUND(G24*1.03,0) -> 0 | I24: =+ROUND(H24*1.03,0) -> 0 | J24: =+ROUND(I24*1.03,0) -> 0 | K24: =+ROUND(J24*1.03,0) -> 0 | L24: =SUM(G24:K24) -> 0 | P24: 12 | Q24: =+ROUND(O24/P24,0) -> 0 | S24: USPS | T24: =+U24/AG24 -> 0 | U24: =+V24+W24+X24 -> 0 | Y24: 0 | Z24: =+Y24*1.03 -> 0 | AA24: =+Z24*1.03 -> 0 | AB24: =+AA24*1.03 -> 0 | AC24: =+AB24*1.03 -> 0 | AD24: =SUM(Y24:AC24) -> 0 | AF24: 0 | AG24: 12 | AH24: =+AF24/AG24 -> 0
A25: =+'PI Budget'!A27 -> Post Doc | B25: =+C25/P25 -> 0 | C25: =+D25+E25+F25 -> 0 | G25: =(ROUND(C25*Q25,0)) -> 0 | H25: =+ROUND(G25*1.03,0) -> 0 | I25: =+ROUND(H25*1.03,0) -> 0 | J25: =+ROUND(I25*1.03,0) -> 0 | K25: =+ROUND(J25*1.03,0) -> 0 | L25: =SUM(G25:K25) -> 0 | P25: 12 | Q25: =+ROUND(O25/P25,0) -> 0 | S25: Post Doc | T25: =+U25/AG25 -> 0 | U25: =+V25+W25+X25 -> 0 | Y25: 0 | Z25: =+Y25*1.03 -> 0 | AA25: =+Z25*1.03 -> 0 | AB25: =+AA25*1.03 -> 0 | AC25: =+AB25*1.03 -> 0 | AD25: =SUM(Y25:AC25) -> 0 | AF25: 0 | AG25: 12 | AH25: =+AF25/AG25 -> 0
A26: =+'PI Budget'!A28 -> OPS | C26: 0 | G26: =+C26/12*O26 -> 0 | H26: =+ROUND(G26*1.03,0) -> 0 | I26: =+ROUND(H26*1.03,0) -> 0 | J26: =+ROUND(I26*1.03,0) -> 0 | K26: =+ROUND(J26*1.03,0) -> 0 | L26: =SUM(G26:K26) -> 0 | P26: 12
A27: =+'PI Budget'!A29 -> OPS | C27: 0 | G27: =+C27/12*O27 -> 0 | H27: =+ROUND(G27*1.03,0) -> 0 | I27: =+ROUND(H27*1.03,0) -> 0 | J27: =+ROUND(I27*1.03,0) -> 0 | K27: =+ROUND(J27*1.03,0) -> 0 | L27: =SUM(G27:K27) -> 0 | P27: 12
A28: =+'PI Budget'!A30 -> OPS | C28: 0 | G28: =+C28/12*O28 -> 0 | H28: =+G28*1.03 -> 0 | I28: =+H28*1.03 -> 0 | J28: =+I28*1.03 -> 0 | K28: =+J28*1.03 -> 0 | L28: =SUM(G28:K28) -> 0 | P28: 12
A29: =+'PI Budget'!A31 -> OPS | C29: 0 | G29: =+C29/12*O29 -> 0 | H29: =+G29*1.03 -> 0 | I29: =+H29*1.03/2 -> 0 | J29: =+I29*1.03 -> 0 | K29: =+J29*1.03 -> 0 | L29: =SUM(G29:K29) -> 0 | P29: 12
A30: =+'PI Budget'!A32 -> OPS | C30: 0 | G30: =+C30/12*O30 -> 0 | H30: =+G30*1.03 -> 0 | I30: =+H30*1.03/2 -> 0 | J30: =+I30*1.03 -> 0 | K30: =+J30*1.03 -> 0 | L30: =SUM(G30:K30) -> 0 | P30: 12
A31: =+'PI Budget'!A33 -> OPS | B31: =+C31/P31 -> 0 | C31: 0 | G31: =+C31/12*O31 -> 0 | H31: =+G31*1.03 -> 0 | I31: =+H31*1.03/2 -> 0 | J31: =+I31*1.03 -> 0 | K31: =+J31*1.03 -> 0 | L31: =SUM(G31:K31) -> 0 | P31: 12 | Q31: =+O31/P31 -> 0 | S31: OPS | T31: =+U31/AG31 -> 0 | U31: =+V31+W31+X31 -> 0 | Y31: 0 | Z31: =+Y31*1.03 -> 0 | AA31: =+Z31*1.03 -> 0 | AB31: =+AA31*1.03 -> 0 | AC31: =+AB31*1.03 -> 0 | AD31: =SUM(Y31:AC31) -> 0 | AF31: 0 | AG31: 12 | AH31: =+AF31/AG31 -> 0
A32: =+'PI Budget'!A34 -> Undergraduate Students | B32: =+C32/P32 -> 0 | C32: =+D32+E32+F32 -> 0 | G32: =(ROUND(C32*Q32,0)) -> 0 | H32: =+ROUND(G32*1.03,0) -> 0 | I32: =+ROUND(H32*1.03,0) -> 0 | J32: =+ROUND(I32*1.03,0) -> 0 | K32: =+ROUND(J32*1.03,0) -> 0 | L32: =SUM(G32:K32) -> 0 | P32: 12 | Q32: =+ROUND(O32/P32,0) -> 0 | S32: Undergraduate Students | T32: =+U32/AG32 -> 0 | U32: =+V32+W32+X32 -> 0 | Y32: 0 | Z32: =+Y32*1.03 -> 0 | AA32: =+Z32*1.03 -> 0 | AB32: =+AA32*1.03 -> 0 | AC32: =+AB32*1.03 -> 0 | AD32: =SUM(Y32:AC32) -> 0 | AF32: =10.05*1044 -> 10492.2 | AG32: 12 | AH32: =+AF32/AG32 -> 874.35
A33: =+'PI Budget'!A36 -> Grad Research Asst | B33: =+C33/P33 -> 0 | C33: =+D33+E33+F33 -> 0 | G33: 0 | I33: =+ROUND(H33*1.03,0) -> 0 | J33: =+ROUND(I33*1.03,0) -> 0 | K33: =+ROUND(J33*1.03,0) -> 0 | L33: =SUM(G33:K33) -> 0 | P33: 12 | Q33: =+ROUND(O33/P33,0) -> 0 | S33: Graduate Students | T33: =+U33/AG33 -> 0 | U33: =+V33+W33+X33 -> 0 | Y33: 0 | Z33: =+Y33*1.03 -> 0 | AA33: =+Z33*1.03 -> 0 | AB33: =+AA33*1.03 -> 0 | AC33: =+AB33*1.03 -> 0 | AD33: =SUM(Y33:AC33) -> 0 | AF33: 18500 | AG33: 12 | AH33: =+AF33/AG33 -> 1541.6667
A34: Subtotal Salaries | G34: =SUM(G15:G33) -> 0 | H34: =SUM(H15:H33) -> 0 | I34: =SUM(I15:I33) -> 0 | J34: =SUM(J15:J33) -> 0 | K34: =SUM(K15:K33) -> 0 | L34: =SUM(G34:K34) -> 0 | S34: Subtotal Salaries | Y34: =SUM(Y15:Y33) -> 0 | Z34: =SUM(Z15:Z33) -> 0 | AA34: =SUM(AA15:AA33) -> 0 | AB34: =SUM(AB15:AB33) -> 0 | AC34: =SUM(AC15:AC33) -> 0 | AD34: =SUM(Y34:AC34) -> 0
A36: Fringe Benefits | S36: Fringe Benefits
A37: Faculty | C37: 0.31 | G37: =ROUND(SUM(G15:G20)*$C$37,0) -> 0 | H37: =ROUND(SUM(H15:H20)*$C$37,0) -> 0 | I37: =ROUND(SUM(I15:I20)*$C$37,0) -> 0 | J37: =ROUND(SUM(J15:J20)*$C$37,0) -> 0 | K37: =ROUND(SUM(K15:K20)*$C$37,0) -> 0 | L37: =SUM(G37:K37) -> 0 | S37: Faculty | U37: 0.28 | Y37: =SUM(Y15:Y20)*$C$37 -> 0 | Z37: =SUM(Z15:Z20)*$C$37 -> 0 | AA37: =SUM(AA15:AA20)*$C$37 -> 0 | AB37: =SUM(AB15:AB20)*$C$37 -> 0 | AC37: =SUM(AC15:AC20)*$C$37 -> 0 | AD37: =SUM(Y37:AC37) -> 0
A38: A&P | C38: 0.39 | G38: 0 | H38: =ROUND((H23+H22+H21)*$C$38,0) -> 0 | I38: =ROUND((I23+I22+I21)*$C$38,0) -> 0 | J38: =ROUND((J23+J22+J21)*$C$38,0) -> 0 | K38: =ROUND((K23+K22+K21)*$C$38,0) -> 0 | L38: =SUM(G38:K38) -> 0 | S38: A&P | U38: 0.37 | Y38: =(Y23)*$C$38 -> 0 | Z38: =(Z23)*$C$38 -> 0 | AA38: =(AA23)*$C$38 -> 0 | AB38: =(AB23)*$C$38 -> 0 | AC38: =(AC23)*$C$38 -> 0 | AD38: =SUM(Y38:AC38) -> 0
A39: USPS | C39: 0.52 | G39: =ROUND((G24)*$C$39,0) -> 0 | H39: =ROUND((H24)*$C$39,0) -> 0 | I39: =ROUND((I24)*$C$39,0) -> 0 | J39: =ROUND((J24)*$C$39,0) -> 0 | K39: =ROUND((K24)*$C$39,0) -> 0 | L39: =SUM(G39:K39) -> 0 | S39: USPS | U39: 0.5 | Y39: =(Y24)*$C$39 -> 0 | Z39: =(Z24)*$C$39 -> 0 | AA39: =(AA24)*$C$39 -> 0 | AB39: =(AB24)*$C$39 -> 0 | AC39: =(AC24)*$C$39 -> 0 | AD39: =SUM(Y39:AC39) -> 0
A40: Post Doc | C40: 0.23 | G40: =+ROUND(G25*$C$40,0) -> 0 | H40: =+ROUND(H25*$C$40,0) -> 0 | I40: =+ROUND(I25*$C$40,0) -> 0 | J40: =+ROUND(J25*$C$40,0) -> 0 | K40: =+ROUND(K25*$C$40,0) -> 0 | L40: =SUM(G40:K40) -> 0 | S40: Post Doc | U40: 0.22 | Y40: =+Y25*$C$40 -> 0 | Z40: =+Z25*$C$40 -> 0 | AA40: =+AA25*$C$40 -> 0 | AB40: =+AB25*$C$40 -> 0 | AC40: =+AC25*$C$40 -> 0 | AD40: =SUM(Y40:AC40) -> 0
A41: OPS | C41: 0.14 | G41: =+ROUND(SUM(G26:G31)*$C$41,0) -> 0 | H41: =+ROUND(SUM(H26:H31)*$C$41,0) -> 0 | I41: =+ROUND(SUM(I26:I31)*$C$41,0) -> 0 | J41: =+ROUND(SUM(J26:J31)*$C$41,0) -> 0 | K41: =+ROUND(SUM(K26:K31)*$C$41,0) -> 0 | L41: =SUM(G41:K41) -> 0 | S41: OPS | U41: 0.12 | Y41: =+Y31*$C$41 -> 0 | Z41: =+Z31*$C$41 -> 0 | AA41: =+AA31*$C$41 -> 0 | AB41: =+AB31*$C$41 -> 0 | AC41: =+AC31*$C$41 -> 0 | AD41: =SUM(Y41:AC41) -> 0
A42: Undergrad/Grad Students | C42: 0.02 | G42: =ROUND(SUM(G32:G33)*$C$42,0) -> 0 | H42: =ROUND(SUM(H32:H33)*$C$42,0) -> 0 | I42: =ROUND(SUM(I32:I33)*$C$42,0) -> 0 | J42: =ROUND(SUM(J32:J33)*$C$42,0) -> 0 | K42: =ROUND(SUM(K32:K33)*$C$42,0) -> 0 | L42: =SUM(G42:K42) -> 0 | S42: Undergrad/Grad Students | U42: 0.02 | Y42: =SUM(Y32:Y33)*$C$42 -> 0 | Z42: =SUM(Z32:Z33)*$C$42 -> 0 | AA42: =SUM(AA32:AA33)*$C$42 -> 0 | AB42: =SUM(AB32:AB33)*$C$42 -> 0 | AC42: =SUM(AC32:AC33)*$C$42 -> 0 | AD42: =SUM(Y42:AC42) -> 0
A43: Subtotal Fringe Benefits | G43: =SUM(G37:G42) -> 0 | H43: =SUM(H37:H42) -> 0 | I43: =SUM(I37:I42) -> 0 | J43: =SUM(J37:J42) -> 0 | K43: =SUM(K37:K42) -> 0 | L43: =SUM(G43:K43) -> 0 | S43: Subtotal Fringe Benefits | Y43: =SUM(Y37:Y42) -> 0 | Z43: =SUM(Z37:Z42) -> 0 | AA43: =SUM(AA37:AA42) -> 0 | AB43: =SUM(AB37:AB42) -> 0 | AC43: =SUM(AC37:AC42) -> 0 | AD43: =SUM(Y43:AC43) -> 0 | AL43: TRAVEL
A45: Travel | O45: # Travelers | P45: Days | Q45: # Trips | S45: Travel | AF45: # Travelers | AG45: Days | AH45: # Trips | AL45: DESTINATION: Orlando, FL to TBD for Conference 1
A46: =+'PI Budget'!A51 -> Conference Travel | G46: =+AT60+AT78 -> 0 | H46: =+ROUND(G46*1.05,0) -> 0 | I46: =+ROUND(H46*1.05,0) -> 0 | J46: =+ROUND(I46*1.05,0) -> 0 | K46: =+ROUND(J46*1.05,0) -> 0 | L46: =SUM(G46:K46) -> 0 | N46: Conference | S46: Conference Travel | Y46: =+PersonnelTravelTuitionWorksheet!Z73+PersonnelTravelTuitionWorksheet!Z60+PersonnelTravelTuitionWorksheet!Z47 -> 0 | Z46: =+Y46*1.05 -> 0 | AA46: =+Z46*1.05 -> 0 | AB46: =+AA46*1.05 -> 0 | AC46: =+AB46*1.05 -> 0 | AD46: =SUM(Y46:AC46) -> 0 | AL46: TRAVELER:
A47: =+'PI Budget'!A52 -> Project Travel | G47: =+AT96 -> 0 | H47: =+ROUND(G47*1.05,0) -> 0 | I47: =+ROUND(H47*1.05,0) -> 0 | J47: =+ROUND(I47*1.05,0) -> 0 | K47: =+ROUND(J47*1.05,0) -> 0 | L47: =SUM(G47:K47) -> 0 | N47: Conference | S47: Local Travel | Y47: 0 | Z47: =+Y47*1.05 -> 0 | AA47: =+Z47*1.05 -> 0 | AB47: =+AA47*1.05 -> 0 | AC47: =+AB47*1.05 -> 0 | AD47: =SUM(Y47:AC47) -> 0
A48: Subtotal Travel | G48: =SUM(G46:G47) -> 0 | H48: =SUM(H46:H47) -> 0 | I48: =SUM(I46:I47) -> 0 | J48: =SUM(J46:J47) -> 0 | K48: =SUM(K46:K47) -> 0 | L48: =SUM(G48:K48) -> 0 | N48: Project | S48: Subtotal Travel | Y48: =SUM(Y46:Y47) -> 0 | Z48: =SUM(Z46:Z47) -> 0 | AA48: =SUM(AA46:AA47) -> 0 | AB48: =SUM(AB46:AB47) -> 0 | AC48: =SUM(AC46:AC47) -> 0 | AD48: =SUM(Y48:AC48) -> 0 | AL48: =+O46 -> 0 | AM48: Person | AN48: =+P46 -> 0 | AO48: Days | AP48: =+AN48-1 -> -1 | AQ48: Nights | AR48: =+Q46 -> 0 | AS48: Trips
A50: Supplies | S50: Supplies | AL50: =AL48 -> 0 | AM50: Round Trp Airfare | AO50: @ | AR50: 400 | AS50: Each | AT50: =ROUND(AL50*AR50*AR48,0) -> 0
A51: =+'PI Budget'!A56 -> Supplies | G51: 0 | H51: 0 | I51: 0 | J51: 0 | K51: 0 | L51: =SUM(G51:K51) -> 0 | S51: TBD | Y51: 0 | Z51: 0 | AA51: 0 | AB51: 0 | AC51: 0 | AD51: =SUM(Y51:AC51) -> 0 | AL51: =AN48 -> 0 | AM51: Days Subsistence* | AP51: =AL48 -> 0 | AQ51: Traveler | AR51: 36 | AS51: Per Day | AT51: =ROUND(AL51*AP51*AR51*AR48,0) -> 0
A52: =+'PI Budget'!A57 -> TBD | G52: 0 | H52: 0 | I52: 0 | J52: 0 | K52: 0 | L52: =SUM(G52:K52) -> 0 | S52: TBD | Y52: 0 | Z52: 0 | AA52: 0 | AB52: 0 | AC52: 0 | AD52: =SUM(Y52:AC52) -> 0 | AL52: =AP48 -> -1 | AM52: Nights Lodging* | AP52: =AL48 -> 0 | AQ52: Traveler | AR52: 150 | AS52: Per Night | AT52: =ROUND(AL52*AP52*AR52*AR48,0) -> 0
A53: =+'PI Budget'!A58 -> TBD | G53: 0 | H53: 0 | I53: 0 | J53: 0 | K53: 0 | L53: =SUM(G53:K53) -> 0
A54: =+'PI Budget'!#REF! -> #REF! | G54: 0 | H54: 0 | I54: 0 | J54: 0 | K54: 0 | L54: =SUM(G54:K54) -> 0 | S54: TBD | Y54: 0 | Z54: 0 | AA54: 0 | AB54: 0 | AC54: 0 | AD54: =SUM(Y54:AC54) -> 0 | AL54: =+AP48 -> -1 | AM54: Rental Car | AO54: @ | AP54: =+AL48 -> 0 | AQ54: Traveler | AR54: 39 | AS54: Per Day | AT54: =ROUND(AL54*AP54*AR54*AR48,0) -> 0
A55: Subtotal Supplies | G55: =SUM(G51:G54) -> 0 | H55: =SUM(H51:H54) -> 0 | I55: =SUM(I51:I54) -> 0 | J55: =SUM(J51:J54) -> 0 | K55: =SUM(K51:K54) -> 0 | L55: =SUM(G55:K55) -> 0 | S55: Subtotal Supplies | Y55: =SUM(Y51:Y54) -> 0 | Z55: =SUM(Z51:Z54) -> 0 | AA55: =SUM(AA51:AA54) -> 0 | AB55: =SUM(AB51:AB54) -> 0 | AC55: =SUM(AC51:AC54) -> 0 | AD55: =SUM(Y55:AC55) -> 0 | AM55: Other: | AT55: 0
A57: Contractual | S57: Contractual | AM57: Conference Registration | AT57: =+AL48*400 -> 0
A58: =+'PI Budget'!#REF! -> #REF! | G58: 0 | H58: 0 | I58: 0 | J58: 0 | K58: 0 | L58: =SUM(G58:K58) -> 0 | S58: TBD Contract | Y58: 0 | Z58: 0 | AA58: 0 | AB58: 0 | AC58: 0 | AD58: =SUM(Y58:AC58) -> 0 | AL58: =+AL48 -> 0 | AM58: Tolls, gas, parking, misc, etc | AT58: =+AL58*100 -> 0
A59: =+'PI Budget'!#REF! -> #REF! | G59: 0 | H59: 0 | I59: 0 | J59: 0 | K59: 0 | L59: =SUM(G59:K59) -> 0 | S59: TBD Contract | Y59: 0 | Z59: 0 | AA59: 0 | AB59: 0 | AC59: 0 | AD59: =SUM(Y59:AC59) -> 0 | AM59: In-State Travel | AO59: @ | AP59: 0.445 | AQ59: Per mile | AR59: 0 | AS59: Miles | AT59: =ROUND(AP59*AR59*AR48*AL48,0) -> 0
A60: =+'PI Budget'!A62 -> TBD Contract | G60: 0 | H60: 0 | I60: 0 | J60: 0 | K60: 0 | L60: =SUM(G60:K60) -> 0 | S60: TBD Contract | Y60: 0 | Z60: 0 | AA60: 0 | AB60: 0 | AC60: 0 | AD60: =SUM(Y60:AC60) -> 0 | AL60: Sub Total Conference Trip 1 | AT60: =SUM(AT50:AT59) -> 0
A61: =+'PI Budget'!A63 -> TBD Contract | G61: 0 | H61: 0 | I61: 0 | J61: 0 | K61: 0 | L61: =SUM(G61:K61) -> 0 | S61: TBD Contract | Y61: 0 | Z61: 0 | AA61: 0 | AB61: 0 | AC61: 0 | AD61: =SUM(Y61:AC61) -> 0
A62: Subtotal Contractual | G62: =SUM(G58:G61) -> 0 | H62: =SUM(H58:H61) -> 0 | I62: =SUM(I58:I61) -> 0 | J62: =SUM(J58:J61) -> 0 | K62: =SUM(K58:K61) -> 0 | L62: =SUM(G62:K62) -> 0 | S62: Subtotal Contractual | Y62: =SUM(Y58:Y61) -> 0 | Z62: =SUM(Z58:Z61) -> 0 | AA62: =SUM(AA58:AA61) -> 0 | AB62: =SUM(AB58:AB61) -> 0 | AC62: =SUM(AC58:AC61) -> 0 | AD62: =SUM(Y62:AC62) -> 0
A63: Contractual Base for IDC | G63: 0 | H63: 0 | I63: 0 | J63: 0 | K63: 0 | L63: =SUM(G63:K63) -> 0 | S63: Contractual Base for IDC | Y63: 0 | Z63: 0 | AA63: 0 | AB63: 0 | AC63: 0 | AD63: =SUM(Y63:AC63) -> 0 | AL63: DESTINATION: Orlando, FL to TBD for Conference 2
A65: Equipment | S65: Equipment | AL65: TRAVELER:
A66: =+'PI Budget'!A68 -> TBD Equipment | G66: 0 | H66: 0 | I66: 0 | J66: 0 | K66: 0 | L66: =SUM(G66:K66) -> 0 | S66: TDB Equipment | Y66: 0 | Z66: 0 | AA66: 0 | AB66: 0 | AC66: 0 | AD66: =SUM(Y66:AC66) -> 0
A67: =+'PI Budget'!A69 -> TBD Equipment | G67: 0 | H67: 0 | I67: 0 | J67: 0 | K67: 0 | L67: =SUM(G67:K67) -> 0 | S67: TBD Equipment | Y67: 0 | Z67: 0 | AA67: 0 | AB67: 0 | AC67: 0 | AD67: =SUM(Y67:AC67) -> 0 | AL67: =+O47 -> 0 | AM67: Person | AN67: =+P47 -> 0 | AO67: Days | AP67: =+AN67-1 -> -1 | AQ67: Nights | AR67: =+Q47 -> 0 | AS67: Trips
A68: =+'PI Budget'!A70 -> TBD Equipment | G68: 0 | H68: 0 | I68: 0 | J68: 0 | K68: 0 | L68: =SUM(G68:K68) -> 0 | S68: TBD Equipment | Y68: 0 | Z68: 0 | AA68: 0 | AB68: 0 | AC68: 0 | AD68: =SUM(Y68:AC68) -> 0
A69: Subtotal Equipment | G69: =SUM(G66:G68) -> 0 | H69: =SUM(H66:H68) -> 0 | I69: =SUM(I66:I68) -> 0 | J69: =SUM(J66:J68) -> 0 | K69: =SUM(K66:K68) -> 0 | L69: =SUM(G69:K69) -> 0 | S69: Subtotal Equipment | Y69: =SUM(Y66:Y68) -> 0 | Z69: =SUM(Z66:Z68) -> 0 | AA69: =SUM(AA66:AA68) -> 0 | AB69: =SUM(AB66:AB68) -> 0 | AC69: =SUM(AC66:AC68) -> 0 | AD69: =SUM(Y69:AC69) -> 0 | AL69: =AL67 -> 0 | AM69: Round Trp Airfare | AO69: @ | AR69: 400 | AS69: Each | AT69: =ROUND(AL69*AR69*AR67,0) -> 0
A71: Other | S71: Other | AL71: =AN67 -> 0 | AM71: Days Subsistence* | AP71: =AL67 -> 0 | AQ71: Traveler | AR71: 36 | AS71: Per Day | AT71: =ROUND(AL71*AP71*AR71*AR67,0) -> 0
A72: =+'PI Budget'!A74 -> TBD | G72: 0 | H72: 0 | I72: 0 | J72: 0 | K72: 0 | L72: =SUM(G72:K72) -> 0 | S72: TBD | Y72: 0 | Z72: 0 | AA72: 0 | AB72: 0 | AC72: 0 | AD72: =SUM(Y72:AC72) -> 0 | AL72: =AP67 -> -1 | AM72: Nights Lodging* | AP72: =AL67 -> 0 | AQ72: Traveler | AR72: 150 | AS72: Per Night | AT72: =ROUND(AL72*AP72*AR72*AR67,0) -> 0
A73: =+'PI Budget'!A75 -> TBD | G73: 0 | H73: 0 | I73: 0 | J73: 0 | K73: 0 | L73: =SUM(G73:K73) -> 0 | S73: TBD | Y73: 0 | Z73: 0 | AA73: 0 | AB73: 0 | AC73: 0 | AD73: =SUM(Y73:AC73) -> 0 | AL73: =+AP67 -> -1 | AM73: Rental Car | AO73: @ | AP73: =+AL67 -> 0 | AQ73: Traveler | AR73: 39 | AS73: Per Day | AT73: =ROUND(AL73*AP73*AR73*AR67,0) -> 0
A74: =+'PI Budget'!A76 -> TBD | G74: 0 | H74: 0 | I74: 0 | J74: 0 | K74: 0 | L74: =SUM(G74:K74) -> 0 | S74: TBD | Y74: 0 | Z74: 0 | AA74: 0 | AB74: 0 | AC74: 0 | AD74: =SUM(Y74:AC74) -> 0 | AM74: Other: | AT74: 0
A75: =+'PI Budget'!A77 -> TBD | G75: 0 | H75: 0 | I75: 0 | J75: 0 | K75: 0 | L75: =SUM(G75:K75) -> 0 | S75: TBD | Y75: 0 | Z75: 0 | AA75: 0 | AB75: 0 | AC75: 0 | AD75: =SUM(Y75:AC75) -> 0 | AM75: Conference Registration | AT75: =+AL67*400 -> 0
A76: =+'PI Budget'!A78 -> TBD | G76: 0 | H76: 0 | I76: 0 | J76: 0 | K76: 0 | L76: =SUM(G76:K76) -> 0 | S76: TBD | Y76: 0 | Z76: 0 | AA76: 0 | AB76: 0 | AC76: 0 | AD76: =SUM(Y76:AC76) -> 0 | AL76: =+AL67 -> 0 | AM76: Tolls, gas, parking, misc, etc | AT76: =+AL76*100 -> 0
A77: =+'PI Budget'!A80 -> TBD IDC Excluded | G77: 0 | H77: 0 | I77: 0 | J77: 0 | K77: 0 | L77: =SUM(G77:K77) -> 0 | S77: TBD | Y77: 0 | AD77: =SUM(Y77:AC77) -> 0 | AM77: In-State Travel | AO77: @ | AP77: 0.445 | AQ77: Per mile | AR77: 0 | AS77: Miles | AT77: =ROUND(AP77*AR77*AR67*AL67,0) -> 0
A78: Tuition grad student(s) (5% Escalation) | D78: Enter # >>>>>> | F78: 0 | G78: =+F78*PersonnelTravelTuitionWorksheet!D29 -> 0 | H78: =+ROUND(G78*1.05,0) -> 0 | I78: =+ROUND(H78*1.05,0) -> 0 | J78: =+ROUND(I78*1.05,0) -> 0 | K78: =+ROUND(J78*1.05,0) -> 0 | L78: =SUM(G78:K78) -> 0 | S78: Tuition grad student(s) | V78: Enter # >>>>>> | X78: 0 | Y78: =8870*X78 -> 0 | Z78: =+Y78*1.05 -> 0 | AA78: =+Z78*1.05 -> 0 | AB78: =+AA78*1.05 -> 0 | AC78: =+AB78*1.05 -> 0 | AD78: =SUM(Y78:AC78) -> 0 | AL78: Sub Total Conference Trip 2 | AT78: =SUM(AT69:AT77) -> 0
A79: Subtotal Other | G79: =SUM(G72:G78) -> 0 | H79: =SUM(H72:H78) -> 0 | I79: =SUM(I72:I78) -> 0 | J79: =SUM(J72:J78) -> 0 | K79: =SUM(K72:K78) -> 0 | L79: =SUM(G79:K79) -> 0 | S79: Subtotal Other | Y79: =SUM(Y72:Y78) -> 0 | Z79: =SUM(Z72:Z78) -> 0 | AA79: =SUM(AA72:AA78) -> 0 | AB79: =SUM(AB72:AB78) -> 0 | AC79: =SUM(AC72:AC78) -> 0 | AD79: =SUM(Y79:AC79) -> 0
A81: Participant Support Costs | S81: Participant Support Costs | AL81: DESTINATION: Orlando, FL to TBD for Project 1
A82: =+'PI Budget'!A85 -> Stipends | G82: 0 | H82: 0 | I82: 0 | J82: 0 | K82: 0 | L82: =SUM(G82:K82) -> 0 | S82: TBD | Y82: 0 | Z82: 0 | AA82: 0 | AB82: 0 | AC82: 0 | AD82: =SUM(Y82:AC82) -> 0
A83: =+'PI Budget'!A87 -> TBD | G83: 0 | H83: 0 | I83: 0 | J83: 0 | K83: 0 | L83: =SUM(G83:K83) -> 0 | S83: TBD | Y83: 0 | Z83: 0 | AA83: 0 | AB83: 0 | AC83: 0 | AD83: =SUM(Y83:AC83) -> 0 | AL83: TRAVELER:
A84: =+'PI Budget'!A88 -> TBD | G84: 0 | H84: 0 | I84: 0 | J84: 0 | K84: 0 | L84: =SUM(G84:K84) -> 0 | S84: TBD | Y84: 0 | Z84: 0 | AA84: 0 | AB84: 0 | AC84: 0 | AD84: =SUM(Y84:AC84) -> 0
A85: Subtotal Participant Support Costs | G85: =SUM(G82:G84) -> 0 | H85: =SUM(H82:H84) -> 0 | I85: =SUM(I82:I84) -> 0 | J85: =SUM(J82:J84) -> 0 | K85: =SUM(K82:K84) -> 0 | L85: =+K85+J85+I85+H85+G85 -> 0 | S85: Subtotal Participant Support Costs | Y85: =SUM(Y82:Y84) -> 0 | Z85: =SUM(Z82:Z84) -> 0 | AA85: =SUM(AA82:AA84) -> 0 | AB85: =SUM(AB82:AB84) -> 0 | AC85: =SUM(AC82:AC84) -> 0 | AD85: =+AC85+AB85+AA85+Z85+Y85 -> 0 | AL85: =+O48 -> 0 | AM85: Person | AN85: =+P48 -> 0 | AO85: Days | AP85: =+AN85-1 -> -1 | AQ85: Nights | AR85: =+Q48 -> 0 | AS85: Trips
A87: Direct Costs | G87: =+G85+G79+G69+G62+G55+G48+G43+G34 -> 0 | H87: =+H85+H79+H69+H62+H55+H48+H43+H34 -> 0 | I87: =+I85+I79+I69+I62+I55+I48+I43+I34 -> 0 | J87: =+J85+J79+J69+J62+J55+J48+J43+J34 -> 0 | K87: =+K85+K79+K69+K62+K55+K48+K43+K34 -> 0 | L87: =SUM(G87:K87) -> 0 | S87: Direct Costs | Y87: =+Y85+Y79+Y69+Y62+Y55+Y48+Y43+Y34 -> 0 | Z87: =+Z85+Z79+Z69+Z62+Z55+Z48+Z43+Z34 -> 0 | AA87: =+AA85+AA79+AA69+AA62+AA55+AA48+AA43+AA34 -> 0 | AB87: =+AB85+AB79+AB69+AB62+AB55+AB48+AB43+AB34 -> 0 | AC87: =+AC85+AC79+AC69+AC62+AC55+AC48+AC43+AC34 -> 0 | AD87: =SUM(Y87:AC87) -> 0 | AL87: =AL85 -> 0 | AM87: Round Trp Airfare | AO87: @ | AR87: 400 | AS87: Each | AT87: =ROUND(AL87*AR87*AR85,0) -> 0
A88: Modified Total Direct Costs | G88: =+G87-G85-G78-G62-G69+G63-G77 -> 0 | H88: =+H87-H85-H78-H62-H69+H63-H77 -> 0 | I88: =+I87-I85-I78-I62-I69+I63-I77 -> 0 | J88: =+J87-J85-J78-J62-J69+J63-J77 -> 0 | K88: =+K87-K85-K78-K62-K69+K63-K77 -> 0 | L88: =SUM(G88:K88) -> 0 | S88: Modified Total Direct Costs | Y88: =+Y87-Y85-Y78-Y62-Y69+Y63-Y77 -> 0 | Z88: =+Z87-Z85-Z78-Z62-Z69+Z63-Z77 -> 0 | AA88: =+AA87-AA85-AA78-AA62-AA69+AA63-AA77 -> 0 | AB88: =+AB87-AB85-AB78-AB62-AB69+AB63-AB77 -> 0 | AC88: =+AC87-AC85-AC78-AC62-AC69+AC63-AC77 -> 0 | AD88: =SUM(Y88:AC88) -> 0
A89: F & A Costs | C89: =+'PI Budget'!C95 -> 0.535 | G89: =+ROUND(G88*$C$89,0) -> 0 | H89: =+ROUND(H88*$C$89,0) -> 0 | I89: =+ROUND(I88*$C$89,0) -> 0 | J89: =+ROUND(J88*$C$89,0) -> 0 | K89: =+ROUND(K88*$C$89,0) -> 0 | L89: =SUM(G89:K89) -> 0 | S89: F & A Costs | U89: 0.49 | Y89: =+Y88*$C$89 -> 0 | Z89: =+Z88*$C$89 -> 0 | AA89: =+AA88*$C$89 -> 0 | AB89: =+AB88*$C$89 -> 0 | AC89: =+AC88*$C$89 -> 0 | AD89: =SUM(Y89:AC89) -> 0 | AL89: =AN85 -> 0 | AM89: Days Subsistence* | AP89: =AL85 -> 0 | AQ89: Traveler | AR89: 36 | AS89: Per Day | AT89: =ROUND(AL89*AP89*AR89*AR85,0) -> 0
A90: Total PI Project Cost | G90: =+G89+G87 -> 0 | H90: =+H89+H87 -> 0 | I90: =+I89+I87 -> 0 | J90: =+J89+J87 -> 0 | K90: =+K89+K87 -> 0 | L90: =SUM(G90:K90) -> 0 | S90: Total PI Project Cost | Y90: =+Y89+Y87 -> 0 | Z90: =+Z89+Z87 -> 0 | AA90: =+AA89+AA87 -> 0 | AB90: =+AB89+AB87 -> 0 | AC90: =+AC89+AC87 -> 0 | AD90: =SUM(Y90:AC90) -> 0 | AL90: =AP85 -> -1 | AM90: Nights Lodging* | AP90: =AL85 -> 0 | AQ90: Traveler | AR90: 150 | AS90: Per Night | AT90: =ROUND(AL90*AP90*AR90*AR85,0) -> 0
AL91: =+AP85 -> -1 | AM91: Rental Car | AO91: @ | AP91: =+AL85 -> 0 | AQ91: Traveler | AR91: 39 | AS91: Per Day | AT91: =ROUND(AL91*AP91*AR91*AR85,0) -> 0
AM92: Other: | AT92: 0
AM93: Conference Registration | AT93: =+AL85*400 -> 0
AL94: =+AL85 -> 0 | AM94: Tolls, gas, parking, misc, etc | AT94: =+AL94*100 -> 0
AM95: In-State Travel | AO95: @ | AP95: 0.445 | AQ95: Per mile | AR95: 0 | AS95: Miles | AT95: =ROUND(AP95*AR95*AR85*AL85,0) -> 0
